Workbook
Name area: #REF!
Name area: #REF!
Name Área_JA1: #REF!
Name Área_JA1: #REF!
Name Área_JP1: #REF!
Name Área_JP1: #REF!
Name Área_JP2: #REF!
Name Área_JP2: #REF!
Name Área_JP3: #REF!
Name Área_JP3: #REF!
Name Área_JP4: #REF!
Name Área_JP4: #REF!
Name Área_JP5: #REF!
Name Área_JP5: #REF!
Name Área_PA1: #REF!
Name Área_PA1: #REF!
Name Área_PA2: #REF!
Name Área_PA2: #REF!
Name Área_PA3: #REF!
Name Área_PA3: #REF!
Name Área_PA4: #REF!
Name Área_PA4: #REF!
Name Área_PA5: #REF!
Name Área_PA5: #REF!
Name Área_PA6: #REF!
Name Área_PA6: #REF!
Name Área_PA7: #REF!
Name Área_PA7: #REF!
Name Área_PA8: #REF!
Name Área_PA8: #REF!
Name Área_PA9: #REF!
Name Área_PA9: #REF!
Name Área_PP1: #REF!
Name Área_PP1: #REF!
Name Área_PR1: #REF!
Name Área_PR1: #REF!
Name Área_PR2: #REF!
Name Área_PR2: #REF!
Name Aumento: #REF!
Name Aumento: #REF!
Name d: #REF!
Name d: #REF!
Name deck: #REF!
Name deck: #REF!
Name Espessura_Base: #REF!
Name Espessura_SubBase: #REF!
Name Fonte: #REF!
Name Import.CR: #REF!
Name Import.Localidade: #REF!
Name Import.Município: #REF!
Name Import.ObjetoCR: #REF!
Name Import.Proponente: #REF!
Name itensdeinvestimento: OFFSET(#REF!,1,0,COUNTA(#REF!)-1)
Name Largura_Meio_Fio: #REF!
Name listaCTEF: #REF!
Name listalotes: #REF!
Name NCOMPOSICOES: 68
Name Orçamento: #REF!
Name Orçamento: #REF!
Name Peso_Específico_CBUQ: #REF!

Sheet Orçamento
A4: PREFEITURA MUNICIPAL DE SANTARÉM
A5: SECRETARIA MUNICIPAL DE INFRAESTRUTURA-SEMINFRA
A6: C.N.P.J. (MF) N º 05.182.233/0007-61
A7: Av. Barão do Rio Branco, s/n – Aeroporto Velho CEP: 68.005-310
A8: SANTARÉM-PARÁ
A10: P L A N I L H A ORÇAMENTO
A11: OBJETO: | C11: Construção da Praça de Eventos 2º Etapa
A12: LOCAL: | C12: Av. Anísio Chaves
A13: Município: | C13: Santarém | D13: Área; | E13: =E33 -> 5458 | G13: Referência SINAPI: | H13: Maio/2013
D14: Valor: | E14: =H50 -> 732238.05 | G14: BDI: | H14: 0.3
A15: Sinap | B15: ITEM | C15: DESCRIÇÃO | D15: UNID. | E15: QUANT. | F15: PREÇO SINAPI | G15: PREÇO R($)
A16: 41395 | F16: UNIT. | G16: UNIT. | H16: TOTAL
A17: códigos | B17: 1.0 | C17: SERVIÇOS PRELIMINARES | H17: =SUM(H18:H21) -> 43992.54
A18: 74209/001 | B18: 1.1 | C18: Placa de obra em chapa de aço galvanizado | D18: m² | E18: ='Memoria de calculo'!I16 -> 6 | F18: 296.64 | G18: =F18*(1+$H$14) -> 385.63 | H18: =G18*E18 -> 2313.78
A19: 73822/002 | B19: 1.2 | C19: Limpeza de terreno - raspagem mecanizada (motoniveladora) de camada vegetal | D19: m² | E19: ='Memoria de calculo'!J17 -> 4864 | F19: 0.45 | G19: =F19*(1+$H$14) -> 0.59 | H19: =G19*E19 -> 2869.76
A20: 73992/001 | B20: 1.3 | C20: Locação convencional de obra, através de gabarito de tabuas corridas pontaletadas a cada 1,50m, sem reaproveitamento | D20: m² | E20: ='Memoria de calculo'!J18 -> 4864 | F20: 5.27 | G20: =F20*(1+$H$14) -> 6.85 | H20: =G20*E20 -> 33318.4
A21: 74210/001 | B21: 1.4 | C21: Barracão para deposito em tabuas de madeira, cobertura em fibrocimento 4 mm, incluso piso argamassa traço 1:6 (cimento e areia) | D21: m² | E21: ='Memoria de calculo'!I19 -> 20 | F21: 211.18 | G21: =F21*(1+$H$14) -> 274.53 | H21: =G21*E21 -> 5490.6
B23: 2.0 | C23: MOVIMENTO DE TERRA | H23: =SUM(H24:H26) -> 34430.91
A24: 72209 | B24: 2.1 | C24: Carga manual e remoção e entulho com transporte ate 1km em caminhão basculante 8 m³ | D24: m³ | E24: ='Memoria de calculo'!H22 -> 225.48 | F24: 9.72 | G24: =F24*(1+$H$14) -> 12.64 | H24: =G24*E24 -> 2850.07
A25: 79517/001 | B25: 2.2 | C25: Escavação manual de valas H <= 1,50 M | D25: m³ | E25: ='Memoria de calculo'!H23 -> 169.11 | F25: 14.19 | G25: =F25*(1+$H$14) -> 18.45 | H25: =G25*E25 -> 3120.08
A26: 73904/001 | B26: 2.3 | C26: Aterro compactado c/ apiloamento | D26: m³ | E26: ='Memoria de calculo'!H24 -> 422.58 | F26: 51.81 | G26: =F26*(1+$H$14) -> 67.35 | H26: =G26*E26 -> 28460.76
B28: 3.0 | C28: ARBORIZAÇÃO (PLANTIO) | H28: =SUM(H29:H30) -> 9203.5
A29: 74236/001 | B29: 3.1 | C29: Grama batatais em placas | D29: m² | E29: ='Memoria de calculo'!J27 -> 585 | F29: 11.63 | G29: =F29*(1+$H$14) -> 15.12 | H29: =E29*G29 -> 8845.2
A30: 73967/001 | B30: 3.2 | C30: Arbusto co altura maior do que 1,00 metro | D30: unid | E30: ='Memoria de calculo'!D28 -> 5 | F30: 55.12 | G30: =F30*(1+$H$14) -> 71.66 | H30: =E30*G30 -> 358.3
B32: 4.0 | C32: PAVIMENTAÇÃO ( PISO ) | H32: =SUM(H33:H35) -> 424464.36
A33: 6130 | B33: 4.1 | C33: Impermeabilização de superfície com argamassa de cimento e areia (grossa), traco 1:4, com aditivo impermeabilizante, e=2,5cm | D33: m² | E33: ='Memoria de calculo'!J31 -> 5458 | F33: 15 | G33: =F33*(1+$H$14) -> 19.5 | H33: =E33*G33 -> 106431
A34: 73675 | B34: 4.2 | C34: Piso de concreto acabamento rústico espessura 7cm com juntas em madeira | D34: m² | E34: ='Memoria de calculo'!J32 -> 4864 | F34: 46.82 | G34: =F34*(1+$H$14) -> 60.87 | H34: =E34*G34 -> 296071.68
A35: 73629 | B35: 4.3 | C35: Piso em ladrilho hidráulico 20x20cm assentado sobre argamassa de cimento colante rejuntado com cimento comum | D35: m² | E35: ='Memoria de calculo'!J33 -> 545.09 | F35: 30.99 | G35: =F35*(1+$H$14) -> 40.29 | H35: =E35*G35 -> 21961.68
B37: 5.0 | C37: EQUIPAMENTOS | H37: =SUM(H38:H40) -> 67536.62
A38: 74228/001 | B38: 5.1 | C38: Banco de concreto c/ assento cimentado liso med: 2,90 x 0,50 x h=0,45 | D38: m | E38: ='Memoria de calculo'!F36 -> 150.8 | F38: 128.71 | G38: =F38*(1+$H$14) -> 167.32 | H38: =E38*G38 -> 25231.86
A39: seop abril 2013 251510 | B39: 5.2 | C39: Lixeira em tela moeda | D39: unid. | E39: 16 | F39: 318.5 | G39: 318.5 | H39: =G39*E39 -> 5096
A40: COMPOSIÇÃO | B40: 5.3 | C40: Caramanchão de madeira de lei, med. 8,00 x 1,60 m x h=2,85 m | D40: unid. | E40: ='Memoria de calculo'!D37 -> 12 | F40: =Caramanchão!G14 -> 2385.18 | G40: =F40*1.3 -> 3100.73 | H40: =E40*G40 -> 37208.76
B42: 6.0 | C42: OUTROS | H42: =SUM(H43:H45) -> 144849.83
A43: COMPOSIÇÃO | B43: 6.1 | C43: Quiosques (Lanchonete/bar) 03 | D43: unid | E43: 2 | G43: ='Quiosq 003'!G75 -> 19833.93 | H43: =G43*E43 -> 39667.86
A44: COMPOSIÇÃO | B44: 6.2 | C44: Quiosques 02 | D44: unid | E44: 1 | G44: ='Quiosq 002'!G83 -> 44059.13 | H44: =G44*E44 -> 44059.13
A45: COMPOSIÇÃO | B45: 6.3 | C45: Sanitários | D45: unid | E45: 1 | G45: =Banheiro!G82 -> 61122.84 | H45: =G45*E45 -> 61122.84
B47: 7.0 | C47: SERVIÇOS COMPLEMENTARES | H47: =SUM(H48:H49) -> 7760.29
A48: 9537 | B48: 7.1 | C48: Limpeza final de entrega da obra | D48: unid | E48: ='Memoria de calculo'!I45 -> 4864 | F48: 1.13 | G48: =F48*(1+$H$14) -> 1.47 | H48: =E48*G48 -> 7150.08
A49: 84122 | B49: 7.2 | C49: Placa inauguração em alumínio 0,40x0,60m fornecimento e colocação | D49: unid | E49: ='Memoria de calculo'!D46 -> 1 | F49: 469.39 | G49: =F49*(1+$H$14) -> 610.21 | H49: =E49*G49 -> 610.21
C50: TOTAL | H50: =SUM(H47,H42,H37,H32,H28,H23,H17) -> 732238.05 | J50: =H50-#REF! -> #REF! | K50: 305376.83
K54: =H50+K50 -> 1037614.9
E56: 1059783 | H56: =E50-H50 -> -732238.05
E59: =E56-H50 -> 327544.95
H61: =H50 -> 732238.05 | J61: =H50-#REF! -> #REF!
H62: 321985.98
H63: =SUM(H61:H62) -> 1054224
H65: 1589674
H67: =H65-H63 -> 535449.97
H68: =H67/G34 -> 8796.62
G74: =0.1*0.2 -> 0.02
G75: =1/G74 -> 50

Sheet PLANILHA ORÇAMENTARIA
A5: PREFEITURA MUNICIPAL DE SANTARÉM
A6: SECRETARIA MUNICIPAL DE INFRAESTRUTURA – SEMINFRA
A7: C.N.P.J. (MF) N º 05.182.233/0007-61
A8: PLANILHA ORÇAMENTARIA
H9: BDI PADRÃO: | I9: 0.2977
H10: BDI DIFERENCIADO 1: | I10: 0.0471
C11: DATA BASE SINAPI: | D11: 01/2019 (DESONERADO) | H11: BDI DIFERENCIADO 2:
C12: LOCALIDADE SINAPI: | D12: BELEM | H12: BDI ZERO: | I12: 0
A13: ITEM | B13: FONTE | C13: CÓDIGO | D13: DESCRIÇÃO | E13: UNID | F13: QUANT | G13: CUSTO UNITÁRIO (R$) | H13: UNITÁRIO COM BDI (R$) | I13: VALOR TOTAL COM BDI (R$)
D14: TOTAL | I14: 1025913.1
A15: 1 | D15: AMPLIAÇÃO DO MERCADO MUNICIPAL DE SANTARÉM | F15: 0 | H15: 0 | I15: 1025913.1
A16: 1.1 | D16: SERVIÇOS PRELIMINARES | F16: 0 | H16: 0 | I16: 61752.14
A17: 1.1.1 | B17: SINAPI | C17: 74209/001 | D17: PLACA DE OBRA EM CHAPA DE ACO GALVANIZADO | E17: M2 | F17: 6 | G17: 472.44 | H17: 613.09 | I17: 3678.54
A18: 1.1.2 | B18: SINAPI | C18: 93584 | D18: EXECUÇÃO DE DEPÓSITO EM CANTEIRO DE OBRA EM CHAPA DE MADEIRA COMPENSADA, NÃO INCLUSO MOBILIÁRIO. AF_04/2016 | E18: M2 | F18: 80 | G18: 559.39 | H18: 725.92 | I18: 58073.6
A19: 1.2 | D19: BOX | F19: 0 | H19: 0 | I19: 0
A20: 1.3 | D20: MOVIMENTAÇÃO DE TERRA | F20: 0 | H20: 0 | I20: 671.88
A21: 1.3.1 | B21: SINAPI | C21: 93358 | D21: ESCAVAÇÃO MANUAL DE VALA COM PROFUNDIDADE MENOR OU IGUAL A 1,30 M. AF_03/2016 | E21: M3 | F21: 5.13 | G21: 54.51 | H21: 70.74 | I21: 362.9
A22: 1.3.2 | B22: Composição | C22: 006 | D22: BOTA FORA MANUAL COM DMT=200M | E22: M3 | F22: 5.13 | G22: 46.41 | H22: 60.23 | I22: 308.98
A23: 1.4 | D23: FUNDAÇÃO | F23: 0 | H23: 0 | I23: 3412.14
A24: 1.4.1 | B24: SINAPI | C24: 94965 | D24: CONCRETO FCK = 25MPA, TRAÇO 1:2,3:2,7 (CIMENTO/ AREIA MÉDIA/ BRITA 1) - PREPARO MECÂNICO COM BETONEIRA 400 L. AF_07/2016 | E24: M3 | F24: 5.76 | G24: 375.32 | H24: 487.05 | I24: 2805.41
A25: 1.4.2 | B25: SINAPI | C25: 74157/004 | D25: LANCAMENTO/APLICACAO MANUAL DE CONCRETO EM FUNDACOES | E25: M3 | F25: 5.13 | G25: 91.14 | H25: 118.27 | I25: 606.73
A26: 1.5 | D26: ESTRUTURA | F26: 0 | H26: 0 | I26: 230350.08
A27: 1.5.1 | B27: SINAPI | C27: 92408 | D27: MONTAGEM E DESMONTAGEM DE FÔRMA DE PILARES RETANGULARES E ESTRUTURAS SIMILARES COM ÁREA MÉDIA DAS SEÇÕES MENOR OU IGUAL A 0,25 M², PÉ-DIREITO SIMPLES, EM MADEIRA SERRADA, 1 UTILIZAÇÃO. AF_12/2015 | E27: M2 | F27: 456 | G27: 149.83 | H27: 194.43 | I27: 88660.08
A28: 1.5.2 | B28: SINAPI | C28: 92446 | D28: MONTAGEM E DESMONTAGEM DE FÔRMA DE VIGA, ESCORAMENTO COM PONTALETE DE MADEIRA, PÉ-DIREITO SIMPLES, EM MADEIRA SERRADA, 1 UTILIZAÇÃO. AF_12/2015 | E28: M2 | F28: 393.56 | G28: 138.9 | H28: 180.25 | I28: 70939.19
A29: 1.5.3 | B29: SINAPI | C29: 95952 | D29: (COMPOSIÇÃO REPRESENTATIVA) EXECUÇÃO DE ESTRUTURAS DE CONCRETO ARMADO CONVENCIONAL, PARA EDIFICAÇÃO HABITACIONAL MULTIFAMILIAR (PRÉDIO), FCK = 25 MPA. AF_01/2017 | E29: M3 | F29: 38.42 | G29: 1419.06 | H29: 1841.51 | I29: 70750.81
A30: 1.6 | D30: ALVENARIA | F30: 0 | H30: 0 | I30: 120858.04
A31: 1.6.1 | B31: SINAPI | C31: 87503 | D31: ALVENARIA DE VEDAÇÃO DE BLOCOS CERÂMICOS FURADOS NA HORIZONTAL DE 9X19X19CM (ESPESSURA 9CM) DE PAREDES COM ÁREA LÍQUIDA MAIOR OU IGUAL A 6M² SEM VÃOS E ARGAMASSA DE ASSENTAMENTO COM PREPARO EM BETONEIRA. AF_06/2014 | E31: M2 | F31: 1811.15 | G31: 51.42 | H31: 66.73 | I31: 120858.04
A32: 1.7 | D32: REVESTIMENTO | F32: 0 | H32: 0 | I32: 132902.19
A33: 1.7.1 | B33: SINAPI | C33: 87879 | D33: CHAPISCO APLICADO EM ALVENARIAS E ESTRUTURAS DE CONCRETO INTERNAS, COM COLHER DE PEDREIRO. ARGAMASSA TRAÇO 1:3 COM PREPARO EM BETONEIRA 400L. AF_06/2014 | E33: M2 | F33: 3622.3 | G33: 2.65 | H33: 3.44 | I33: 12460.71
A34: 1.7.2 | B34: Composição | C34: 007 | D34: REBOCO LISO TRAÇO ARG. 1:4, COM CIMENTO AREIA E ÁGUA, ESP 1.5 CM | E34: M2 | F34: 3622.3 | G34: 25.62 | H34: 33.25 | I34: 120441.48
A35: 1.8 | D35: PISO | F35: 0 | H35: 0 | I35: 52066.46
A36: 1.8.3 | B36: SINAPI | C36: 94439 | D36: (COMPOSIÇÃO REPRESENTATIVA) DO SERVIÇO DE CONTRAPISO EM ARGAMASSA TRAÇO 1:4 (CIM E AREIA), EM BETONEIRA 400 L, ESPESSURA 4 CM ÁREAS SECAS E AREAS MOLHADAS SOBRE LAJE E 3 CM ÁREAS MOLHADAS SOBRE IMPERMEABILIZAÇÃO, PARA EDIFICAÇÃO HABITACIONAL UNIFAMILIAR(CASA) E EDIFICAÇÃO PÚBLICA PADRÃO. AF_11/2014 | E36: M2 | F36: 456 | G36: 35.24 | H36: 45.73 | I36: 20852.88
A37: 1.8.4 | B37: SINAPI | C37: 87249 | D37: REVESTIMENTO CERÂMICO PARA PISO COM PLACAS TIPO ESMALTADA EXTRA DE DIMENSÕES 45X45 CM APLICADA EM AMBIENTES DE ÁREA MENOR QUE 5 M2. AF_06/2014 | E37: M2 | F37: 456 | G37: 44.7 | H37: 58.01 | I37: 26452.56
A38: 1.8.5 | B38: SINAPI | C38: 88649 | D38: RODAPÉ CERÂMICO DE 7CM DE ALTURA COM PLACAS TIPO ESMALTADA EXTRA DE DIMENSÕES 45X45CM. AF_06/2014 | E38: M | F38: 646 | G38: 5.68 | H38: 7.37 | I38: 4761.02
A39: 1.9 | D39: INSTALAÇÕES ELÉTRICAS | F39: 0 | H39: 0 | I39: 96456.35
A40: 1.9.1 | B40: SINAPI | C40: 74131/001 | D40: QUADRO DE DISTRIBUICAO DE ENERGIA DE EMBUTIR, EM CHAPA METALICA, PARA 3 DISJUNTORES TERMOMAGNETICOS MONOPOLARES SEM BARRAMENTO FORNECIMENTO E INSTALACAO | E40: UN | F40: 95 | G40: 57.94 | H40: 75.19 | I40: 7143.05
A41: 1.9.2 | B41: SINAPI | C41: 93655 | D41: DISJUNTOR MONOPOLAR TIPO DIN, CORRENTE NOMINAL DE 20A - FORNECIMENTO E INSTALAÇÃO. AF_04/2016 | E41: UN | F41: 95 | G41: 8.44 | H41: 10.95 | I41: 1040.25
A42: 1.9.3 | B42: SINAPI | C42: 93658 | D42: DISJUNTOR MONOPOLAR TIPO DIN, CORRENTE NOMINAL DE 40A - FORNECIMENTO E INSTALAÇÃO. AF_04/2016 | E42: UN | F42: 95 | G42: 13.61 | H42: 17.66 | I42: 1677.7
A43: 1.9.4 | B43: SINAPI | C43: 93128 | D43: PONTO DE ILUMINAÇÃO RESIDENCIAL INCLUINDO INTERRUPTOR SIMPLES, CAIXA ELÉTRICA, ELETRODUTO, CABO, RASGO, QUEBRA E CHUMBAMENTO (EXCLUINDO LUMINÁRIA E LÂMPADA). AF_01/2016 | E43: UN | F43: 95 | G43: 90.47 | H43: 117.4 | I43: 11153
A44: 1.9.5 | B44: Composição | C44: 016 | D44: PONTO DE ILUMINAÇÃO RESIDENCIAL INCLUINDO INTERRUPTOR SIMPLES (3 MÓDULOS), CAIXA ELÉTRICA, ELETRODUTO, CABO, RASGO, QUEBRA E CHUMBAMENTO (EXCLUINDO LUMINÁRIA E LÂMPADA). AF_01/2016 | E44: UN | F44: 95 | G44: 109.82 | H44: 142.51 | I44: 13538.45
A45: 1.9.6 | B45: SINAPI | C45: 93044 | D45: LÂMPADA FLUORESCENTE COMPACTA 3U BRANCA 20 W, BASE E27 - FORNECIMENTO E INSTALAÇÃO | E45: UN | F45: 95 | G45: 12.44 | H45: 16.14 | I45: 1533.3
A46: 1.9.7 | B46: SINAPI | C46: 93045 | D46: LÂMPADA FLUORESCENTE ESPIRAL BRANCA 45 W, BASE E27 - FORNECIMENTO E INSTALAÇÃO | E46: UN | F46: 95 | G46: 38.77 | H46: 50.31 | I46: 4779.45
A47: 1.9.8 | B47: Composição | C47: 017 | D47: LUMINARIA ARANDELA TIPO MEIA-LUA COM VIDRO FOSCO *30 X 15* CM, PARA 1 LAMPADA,BASE E27, POTENCIA MAXIMA 40/60 W INCLUINDO LAMPADA | E47: UN | F47: 95 | G47: 125.45 | H47: 162.8 | I47: 15466
A48: 1.9.9 | B48: SINAPI | C48: 93141 | D48: PONTO DE TOMADA RESIDENCIAL INCLUINDO TOMADA 10A/250V, CAIXA ELÉTRICA, ELETRODUTO, CABO, RASGO, QUEBRA E CHUMBAMENTO. AF_01/2016 | E48: UN | F48: 285 | G48: 108.49 | H48: 140.79 | I48: 40125.15
A49: 1.10 | D49: ESQUADRIAS E DIVERSOS | F49: 0 | H49: 0 | I49: 137460.25
A50: 1.10.3 | B50: SINAPI | C50: 74136/003 | D50: PORTA DE ACO CHAPA 24, DE ENROLAR, RAIADA, LARGA COM ACABAMENTO GALVANIZADO NATURAL | E50: M2 | F50: 475 | G50: 223 | H50: 289.39 | I50: 137460.25
A51: 1.11 | D51: COBERTURA | F51: 0 | H51: 0 | I51: 74585.63
A52: 1.11.1 | B52: SINAPI | C52: 55960 | D52: IMUNIZACAO DE MADEIRAMENTO PARA COBERTURA UTILIZANDO CUPINICIDA INCOLOR | E52: M2 | F52: 884.4 | G52: 4.31 | H52: 5.59 | I52: 4943.8
A53: 1.11.2 | B53: SINAPI | C53: 94446 | D53: TELHAMENTO COM TELHA CERÂMICA CAPA-CANAL, TIPO PLAN, COM MAIS DE 2 ÁGUAS, INCLUSO TRANSPORTE VERTICAL. AF_06/2016 | E53: M2 | F53: 884.4 | G53: 29.44 | H53: 38.2 | I53: 33784.08
A54: 1.11.3 | B54: SINAPI | C54: 92567 | D54: FABRICAÇÃO E INSTALAÇÃO DE ESTRUTURA PONTALETADA DE MADEIRA NÃO APARELHADA PARA TELHADOS COM MAIS QUE 2 ÁGUAS E PARA TELHA CERÂMICA OU DE CONCRETO, INCLUSO TRANSPORTE VERTICAL. AF_12/2015 | E54: M2 | F54: 884.4 | G54: 20.42 | H54: 26.5 | I54: 23436.6
A55: 1.11.4 | B55: SINAPI | C55: 94231 | D55: RUFO EM CHAPA DE AÇO GALVANIZADO NÚMERO 24, CORTE DE 25 CM, INCLUSO TRANSPORTE VERTICAL. AF_06/2016 | E55: M | F55: 424.8 | G55: 22.53 | H55: 29.24 | I55: 12421.15
A56: 1.12 | D56: FORRO | F56: 0 | H56: 0 | I56: 23151.12
A57: 1.12.1 | B57: SINAPI | C57: 96116 | D57: FORRO EM RÉGUAS DE PVC, FRISADO, PARA AMBIENTES COMERCIAIS, INCLUSIVE ESTRUTURA DE FIXAÇÃO. AF_05/2017_P | E57: M2 | F57: 456 | G57: 39.12 | H57: 50.77 | I57: 23151.12
A58: 1.13 | D58: PINTURA | F58: 0 | H58: 0 | I58: 90774.84
A59: 1.13.2 | B59: SINAPI | C59: 88485 | D59: APLICAÇÃO DE FUNDO SELADOR ACRÍLICO EM PAREDES, UMA DEMÃO. AF_06/2014 | E59: M2 | F59: 3622.3 | G59: 1.69 | H59: 2.19 | I59: 7932.84
A60: 1.13.4 | B60: SINAPI | C60: 88489 | D60: APLICAÇÃO MANUAL DE PINTURA COM TINTA LÁTEX ACRÍLICA EM PAREDES, DUAS DEMÃOS. AF_06/2014 | E60: M2 | F60: 3622.3 | G60: 9.83 | H60: 12.76 | I60: 46220.55
A61: 1.13.5 | B61: SINAPI | C61: 88487 | D61: APLICAÇÃO MANUAL DE PINTURA COM TINTA LÁTEX PVA EM PAREDES, DUAS DEMÃOS. AF_06/2014 | E61: M2 | F61: 3622.3 | G61: 7.79 | H61: 10.11 | I61: 36621.45
A62: 1.14 | D62: LIMPEZA FINAL DE OBRA | F62: 0 | H62: 0 | I62: 1472
A63: 1.14.1 | B63: SINAPI | C63: 73806/1 | D63: LIMPEZA DE SUPERFICIES COM JATO DE ALTA PRESSAO DE AR E AGUA | E63: M2 | F63: 800 | G63: 1.42 | H63: 1.84 | I63: 1472

Sheet CRONOGRAMA OBRA 
A4: PREFEITURA MUNICIPAL DE SANTARÉM
A5: SECRETARIA MUNICIPAL DE INFRAESTRUTURA – SEMINFRA
A6: C.N.P.J. (MF) N º 05.182.233/0007-61
A7: CRONOGRAMA
A8: META/ | D8: VALOR | E8: PESO | F8: MÊS | G8: 1 | H8: MÊS | I8: 2 | J8: MÊS | K8: 3 | L8: MÊS | M8: 4 | N8: MÊS | O8: 5
A9: AGRUPADOR | B9: DESCRIÇÃO | D9: R$ | E9: % | F9: PARCELA (%) | G9: ACUM (%) | H9: PARCELA (%) | I9: ACUM (%) | J9: PARCELA (%) | K9: ACUM (%) | L9: PARCELA (%) | M9: ACUM (%) | N9: PARCELA (%) | O9: ACUM (%)
A10: 1 | B10: AMPLIAÇÃO DO MERCADO MUNICIPAL DE SANTARÉM | D10: 1025913.1 | E10: 1 | G10: 0 | I10: 0 | K10: 0 | M10: 0 | O10: 0
A11: 1.1 | B11: SERVIÇOS PRELIMINARES | D11: 61752.14 | E11: 0.0602 | F11: 50 | G11: 50 | H11: 50 | I11: 100 | K11: 100 | M11: 100 | O11: 100
A12: 1.2 | B12: BOX | D12: 0 | E12: 0 | G12: 0 | I12: 0 | K12: 0 | M12: 0 | O12: 0
A13: 1.3 | B13: MOVIMENTAÇÃO DE TERRA | D13: 671.88 | E13: 0.0007 | G13: 0 | H13: 75 | I13: 75 | J13: 25 | K13: 100 | M13: 100 | O13: 100
A14: 1.4 | B14: FUNDAÇÃO | D14: 3412.14 | E14: 0.0033 | G14: 0 | H14: 50 | I14: 50 | J14: 50 | K14: 100 | M14: 100 | O14: 100
A15: 1.5 | B15: ESTRUTURA | D15: 230350.08 | E15: 0.2245 | G15: 0 | I15: 0 | J15: 100 | K15: 100 | L15: 0 | M15: 100 | O15: 100
A16: 1.6 | B16: ALVENARIA | D16: 120858.04 | E16: 0.1178 | G16: 0 | I16: 0 | J16: 50 | K16: 50 | L16: 50 | M16: 100 | O16: 100
A17: 1.7 | B17: REVESTIMENTO | D17: 132902.19 | E17: 0.1295 | G17: 0 | I17: 0 | K17: 0 | L17: 100 | M17: 100 | O17: 100
A18: 1.8 | B18: PISO | D18: 52066.46 | E18: 0.0508 | G18: 0 | I18: 0 | J18: 50 | K18: 50 | L18: 50 | M18: 100 | O18: 100
A19: 1.9 | B19: INSTALAÇÕES ELÉTRICAS | D19: 96456.35 | E19: 0.094 | G19: 0 | I19: 0 | J19: 25 | K19: 25 | L19: 25 | M19: 50 | N19: 50 | O19: 100
A20: 1.10 | B20: ESQUADRIAS E DIVERSOS | D20: 137460.25 | E20: 0.134 | G20: 0 | I20: 0 | K20: 0 | L20: 50 | M20: 50 | N20: 50 | O20: 100
A21: 1.11 | B21: COBERTURA | D21: 74585.63 | E21: 0.0727 | G21: 0 | I21: 0 | K21: 0 | L21: 100 | M21: 100 | O21: 100
A22: 1.12 | B22: FORRO | D22: 23151.12 | E22: 0.0226 | G22: 0 | I22: 0 | K22: 0 | L22: 100 | M22: 100 | O22: 100
A23: 1.13 | B23: PINTURA | D23: 90774.84 | E23: 0.0885 | G23: 0 | I23: 0 | K23: 0 | M23: 0 | N23: 100 | O23: 100
A24: 1.14 | B24: LIMPEZA FINAL DE OBRA | D24: 1472 | E24: 0.0014 | G24: 0 | I24: 0 | K24: 0 | M24: 0 | N24: 100 | O24: 100
B25: Total (%): | F25: 3.01 | G25: 3.01 | H25: 3.23 | I25: 6.23 | J25: 33.41 | K25: 39.65 | L25: 39.96 | M25: 79.61 | N25: 20.39 | O25: 100
B26: Total (R$): | D26: 1025913.1 | E26: 1 | F26: 30876.07 | G26: 30876.07 | H26: 33086.05 | I26: 63962.12 | J26: 342800.46 | K26: 406762.58 | L26: 409945.4 | M26: 816707.98 | N26: 209205.14 | O26: 1025913.1

Sheet QCI_GERAL
A4: PREFEITURA MUNICIPAL DE SANTARÉM
A5: SECRETARIA MUNICIPAL DE INFRAESTRUTURA – SEMINFRA
A6: C.N.P.J. (MF) N º 05.182.233/0007-61
A7: QCI
A8: Meta / Submeta | B8: Item de Investimento | C8: Sub-Item de Investimento | D8: Descrição | E8: Situação | F8: Quantidade | G8: Unidade | H8: Lote de Licitação / nº do CTEF | I8: REPASSE (R$) | J8: CONTRAPARTIDA (R$) | K8: OUTROS (R$) | L8: INVESTIMENTO (R$) | M8: PESO DA META (%)
I9: 0.926 | J9: 0.074 | K9: 0 | L9: 1
H10: TOTAL | I10: 950000 | J10: 75913.12 | K10: 0 | L10: 1025913.1
A11: 1 | B11: Unidades habitacionais | C11: Obras de artes especiais | D11: AMPLIAÇÃO DO MERCADO MUNICIPAL DE SANTARÉM | E11: Em Análise | F11: 1 | G11: #N/A | H11: Lote 1 | I11: 950000 | J11: 75913.12 | K11: 0 | L11: 1025913.1 | M11: 1
A15: Meta / Submeta | B15: Item de Investimento | C15: Sub-Item de Investimento | D15: Descrição | E15: Situação | F15: Quantidade | G15: Unidade | H15: Lote de Licitação / nº do CTEF | I15: REPASSE (R$) | J15: CONTRAPARTIDA (R$) | K15: OUTROS (R$) | L15: INVESTIMENTO (R$) | M15: PESO DA META (%) | N15: =#REF! -> #REF! | O15: =N15-I18 -> #REF!
I16: =I17/L18 -> 0.6275 | J16: =J17/L18 -> 0.3725 | K16: =IF(ISERROR($Q$24/$R$24),0,ROUND($Q$24/$R$24,4)) -> 0 | L16: =J16+I16 -> 1
H17: TOTAL | I17: 684800 | J17: =J18 -> 406579.36 | K17: =SUM(K18:K42) -> 0 | L17: =L18 -> 1091379.4
A18: 1 | B18: Unidades habitacionais | C18: Obras de artes especiais | D18: AMPLIAÇÃO DO MERCADO MUNICIPAL DE SANTARÉM | E18: Em Análise | F18: 1 | G18: =VLOOKUP($I18,OFFSET($AS$24,1,MATCH($H18,$AS$24:$CC$24,0)-1,100,100),2,FALSE) -> #N/A | H18: Lote 1 | I18: =I17 -> 684800 | J18: 406579.36 | K18: =ROUND(Z18,2) -> 0 | L18: =SUM(I18:J18) -> 1091379.4 | M18: 1

Sheet 18-11-2021 BDI
A3: Quadro de composição do BDI
A5: Itens | D5: Siglas | E5: % Adotado
A6: Administração Central | D6: AC | E6: 0.03
A7: Seguro e Garantia | D7: SG | E7: 0.008
A8: Risco | D8: R | E8: 0.0097
A9: Despesas Financeiras | D9: DF | E9: 0.0059
A10: Lucro | D10: L | E10: 0.0616
A11: Tributos (impostos COFINS 3% e PIS 0,65%) | D11: CP | E11: 0.0365
A12: Tributos (ISS 5% de 50% da NF) | D12: ISS | E12: 0.05
A13: Tributos (Contribuição Previdenciária sobre Receita Bruta - 0% ou 4,5% - DESONERAÇÃO) | D13: CPRB | E13: 0.045
A14: BDI COM DESONERAÇÃO | D14: BDI DES | E14: =(((1+E6+E7+E8)*(1+E9)*(1+E10))/(1-E11-E12-E13))-1 -> 0.2882
C16: Os valores de BDI foram calculados com o emprego da fórmula:
B17: BDI= | C17: (1+AC+SG+R)*(1+DF)*(1+L) | D17: -1
C18: (1-CP-ISS-CRPB)
A22: Declaro para os devidos fins que, conforme legislação tributária municipal, a base de cálculo para esse tipo de obra corresponde à 50%, com a respectiva alícota de 5%
A28: ____________________________________________________
A29: Responsável técnico: Edinelson Magno Vieira CREA/PA: 151822564-0

Sheet CURVA ABC
A5: PREFEITURA MUNICIPAL DE SANTARÉM
A6: SECRETARIA MUNICIPAL DE INFRAESTRUTURA – SEMINFRA
A7: C.N.P.J. (MF) N º 05.182.233/0007-61
A8: PLANILHA ORÇAMENTARIA
H9: BDI PADRÃO: | I9: 0.2977
C10: DATA BASE SINAPI: | D10: 12/2019 (DESONERADO) | H10: BDI DIFERENCIADO 2:
C11: LOCALIDADE SINAPI: | D11: BELEM | H11: BDI ZERO: | I11: 0
A12: Item | B12: Fonte | C12: Código | D12: Descrição | E12: Unidade | F12: Quantidade | G12: Custo Unitário (sem BDI) (R$) | H12: Preço Unitário (com BDI) (R$) | I12: Preço Total (R$) | J12: Porcentagem individual | K12: Porcentagem acumulada | L12: Classificação | O12: CLASSE | P12: CORTE
A13: 1.10.1. | B13: SINAPI-I | C13: 4911 | D13: PORTA DE ENROLAR MANUAL COMPLETA, ARTICULADA RAIADA LARGA, EM ACO GALVANIZADO NATURAL, CHAPA NUMERO 24 (SEM INSTALACAO) | E13: M2 | F13: 415.15 | G13: 191.52 | H13: 248.54 | I13: =F13*H13 -> 103181.38 | J13: =I13/I$67 -> 0.0926 | K13: =J13 -> 0.0926 | L13: =IF(K13<=$P$13,"A",IF(K13<=$P$14,"B","C")) -> A | O13: A | P13: 0.5
A14: 1.6.1. | B14: SINAPI | C14: 87503 | D14: ALVENARIA DE VEDAÇÃO DE BLOCOS CERÂMICOS FURADOS NA HORIZONTAL DE 9X19X19CM (ESPESSURA 9CM) DE PAREDES COM ÁREA LÍQUIDA MAIOR OU IGUAL A 6M² SEM VÃOS E ARGAMASSA DE ASSENTAMENTO COM PREPARO EM BETONEIRA. AF_06/2014 | E14: M2 | F14: 1326.66 | G14: 53.44 | H14: 69.35 | I14: =F14*H14 -> 92003.87 | J14: =I14/I$67 -> 0.0826 | K14: =J14+K13 -> 0.1752 | L14: =IF(K14<=$P$13,"A",IF(K14<=$P$14,"B","C")) -> A | O14: B | P14: 0.8
A15: 1.5.12. | B15: SINAPI | C15: 92270 | D15: FABRICAÇÃO DE FÔRMA PARA VIGAS, COM MADEIRA SERRADA, E = 25 MM. AF_12/2015 | E15: M2 | F15: 901.36 | G15: 68.39 | H15: 88.75 | I15: =F15*H15 -> 79995.7 | J15: =I15/I$67 -> 0.0718 | K15: =J15+K14 -> 0.247 | L15: =IF(K15<=$P$13,"A",IF(K15<=$P$14,"B","C")) -> A | O15: C | P15: 1
A16: 1.8.4. | B16: SINAPI | C16: 94993 | D16: EXECUÇÃO DE PASSEIO (CALÇADA) OU PISO DE CONCRETO COM CONCRETO MOLDADO IN LOCO, USINADO, ACABAMENTO CONVENCIONAL, ESPESSURA 6 CM, ARMADO. AF_07/2016 | E16: M2 | F16: 1075.53 | G16: 52.33 | H16: 67.91 | I16: =F16*H16 -> 73039.24 | J16: =I16/I$67 -> 0.0656 | K16: =J16+K15 -> 0.3126 | L16: =IF(K16<=$P$13,"A",IF(K16<=$P$14,"B","C")) -> A
A17: 1.9.3. | B17: SINAPI | C17: 91931 | D17: CABO DE COBRE FLEXÍVEL ISOLADO, 6 MM², ANTI-CHAMA 0,6/1,0 KV, PARA CIRCUITOS TERMINAIS - FORNECIMENTO E INSTALAÇÃO. AF_12/2015 | E17: M | F17: 8685 | G17: 6.12 | H17: 7.94 | I17: =F17*H17 -> 68958.9 | J17: =I17/I$67 -> 0.0619 | K17: =J17+K16 -> 0.3745 | L17: =IF(K17<=$P$13,"A",IF(K17<=$P$14,"B","C")) -> A
A18: 1.1.2. | B18: SINAPI | C18: 93584 | D18: EXECUÇÃO DE DEPÓSITO EM CANTEIRO DE OBRA EM CHAPA DE MADEIRA COMPENSADA, NÃO INCLUSO MOBILIÁRIO. AF_04/2016 | E18: M2 | F18: 80 | G18: 599.77 | H18: 778.32 | I18: =F18*H18 -> 62265.6 | J18: =I18/I$67 -> 0.0559 | K18: =J18+K17 -> 0.4304 | L18: =IF(K18<=$P$13,"A",IF(K18<=$P$14,"B","C")) -> A
A19: 1.5.5. | B19: SINAPI | C19: 92269 | D19: FABRICAÇÃO DE FÔRMA PARA PILARES E ESTRUTURAS SIMILARES, EM MADEIRA SERRADA, E=25 MM. AF_12/2015 | E19: M2 | F19: 467.53 | G19: 84.1 | H19: 109.14 | I19: =F19*H19 -> 51026.22 | J19: =I19/I$67 -> 0.0458 | K19: =J19+K18 -> 0.4762 | L19: =IF(K19<=$P$13,"A",IF(K19<=$P$14,"B","C")) -> A
A20: 1.7.2. | B20: Composição | C20: 080 | D20: REBOCO | E20: M2 | F20: 948.19 | G20: 39.5 | H20: 51.26 | I20: =F20*H20 -> 48604.22 | J20: =I20/I$67 -> 0.0436 | K20: =J20+K19 -> 0.5198 | L20: =IF(K20<=$P$13,"A",IF(K20<=$P$14,"B","C")) -> B
A21: 1.8.6. | B21: SINAPI-I | C21: 38186 | D21: PISO TATIL DE ALERTA OU DIRECIONAL, DE BORRACHA, COLORIDO, 25 X 25 CM, E = 12 MM, PARA ARGAMASSA | E21: M2 | F21: 64.54 | G21: 450.35 | H21: 584.42 | I21: =F21*H21 -> 37718.47 | J21: =I21/I$67 -> 0.0339 | K21: =J21+K20 -> 0.5537 | L21: =IF(K21<=$P$13,"A",IF(K21<=$P$14,"B","C")) -> B
A22: 1.11.2. | B22: SINAPI | C22: 94446 | D22: TELHAMENTO COM TELHA CERÂMICA CAPA-CANAL, TIPO PLAN, COM MAIS DE 2 ÁGUAS, INCLUSO TRANSPORTE VERTICAL. AF_07/2019 | E22: M2 | F22: 907.44 | G22: 31.3 | H22: 40.62 | I22: =F22*H22 -> 36860.21 | J22: =I22/I$67 -> 0.0331 | K22: =J22+K21 -> 0.5868 | L22: =IF(K22<=$P$13,"A",IF(K22<=$P$14,"B","C")) -> B
A23: 1.8.2. | B23: SINAPI | C23: 87249 | D23: REVESTIMENTO CERÂMICO PARA PISO COM PLACAS TIPO ESMALTADA EXTRA DE DIMENSÕES 45X45 CM APLICADA EM AMBIENTES DE ÁREA MENOR QUE 5 M2. AF_06/2014 | E23: M2 | F23: 480 | G23: 50.51 | H23: 65.55 | I23: =F23*H23 -> 31464 | J23: =I23/I$67 -> 0.0282 | K23: =J23+K22 -> 0.615 | L23: =IF(K23<=$P$13,"A",IF(K23<=$P$14,"B","C")) -> B
A24: 1.15.1. | B24: Composição | C24: 073 | D24: ADMINISTRAÇÃO DO LOCAL DA OBRA | E24: UNID. | F24: 1 | G24: 31035.46 | H24: 31035.46 | I24: =F24*H24 -> 31035.46 | J24: =I24/I$67 -> 0.0279 | K24: =J24+K23 -> 0.6429 | L24: =IF(K24<=$P$13,"A",IF(K24<=$P$14,"B","C")) -> B
A25: 1.9.15. | B25: SINAPI | C25: 91857 | D25: ELETRODUTO FLEXÍVEL CORRUGADO REFORÇADO, PVC, DN 32 MM (1"), PARA CIRCUITOS TERMINAIS, INSTALADO EM PAREDE - FORNECIMENTO E INSTALAÇÃO. AF_12/2015 | E25: M | F25: 2538 | G25: 9.03 | H25: 11.72 | I25: =F25*H25 -> 29745.36 | J25: =I25/I$67 -> 0.0267 | K25: =J25+K24 -> 0.6696 | L25: =IF(K25<=$P$13,"A",IF(K25<=$P$14,"B","C")) -> B
A26: 1.5.10. | B26: SINAPI | C26: 94965 | D26: CONCRETO FCK = 25MPA, TRAÇO 1:2,3:2,7 (CIMENTO/ AREIA MÉDIA/ BRITA 1) - PREPARO MECÂNICO COM BETONEIRA 400 L. AF_07/2016 | E26: M3 | F26: =51.12+20.46 -> 71.58 | G26: 408.46 | H26: 530.06 | I26: =F26*H26 -> 37941.69 | J26: =I26/I$67 -> 0.0341 | K26: =J26+K25 -> 0.7037 | L26: =IF(K26<=$P$13,"A",IF(K26<=$P$14,"B","C")) -> B
A27: 1.8.1. | B27: SINAPI | C27: 94439 | D27: (COMPOSIÇÃO REPRESENTATIVA) DO SERVIÇO DE CONTRAPISO EM ARGAMASSA TRAÇO 1:4 (CIM E AREIA), EM BETONEIRA 400 L, ESPESSURA 4 CM ÁREAS SECAS E AREAS MOLHADAS SOBRE LAJE E 3 CM ÁREAS MOLHADAS SOBRE IMPERMEABILIZAÇÃO, PARA EDIFICAÇÃO HABITACIONAL UNIFAMILIAR(CASA) E EDIFICAÇÃO PÚBLICA PADRÃO. AF_11/2014 | E27: M2 | F27: 480 | G27: 41.49 | H27: 53.84 | I27: =F27*H27 -> 25843.2 | J27: =I27/I$67 -> 0.0232 | K27: =J27+K26 -> 0.7269 | L27: =IF(K27<=$P$13,"A",IF(K27<=$P$14,"B","C")) -> B
A28: 1.11.3. | B28: SINAPI | C28: 92567 | D28: FABRICAÇÃO E INSTALAÇÃO DE ESTRUTURA PONTALETADA DE MADEIRA NÃO APARELHADA PARA TELHADOS COM MAIS QUE 2 ÁGUAS E PARA TELHA CERÂMICA OU DE CONCRETO, INCLUSO TRANSPORTE VERTICAL. AF_12/2015 | E28: M2 | F28: 907.44 | G28: 21.7 | H28: 28.16 | I28: =F28*H28 -> 25553.51 | J28: =I28/I$67 -> 0.0229 | K28: =J28+K27 -> 0.7498 | L28: =IF(K28<=$P$13,"A",IF(K28<=$P$14,"B","C")) -> B
A29: 1.12.1. | B29: SINAPI | C29: 96116 | D29: FORRO EM RÉGUAS DE PVC, FRISADO, PARA AMBIENTES COMERCIAIS, INCLUSIVE ESTRUTURA DE FIXAÇÃO. AF_05/2017_P | E29: M2 | F29: 480 | G29: 39.01 | H29: 50.62 | I29: =F29*H29 -> 24297.6 | J29: =I29/I$67 -> 0.0218 | K29: =J29+K28 -> 0.7716 | L29: =IF(K29<=$P$13,"A",IF(K29<=$P$14,"B","C")) -> B
A30: 1.5.7. | B30: SINAPI | C30: 92917 | D30: ARMAÇÃO DE ESTRUTURAS DE CONCRETO ARMADO, EXCETO VIGAS, PILARES, LAJES E FUNDAÇÕES, UTILIZANDO AÇO CA-50 DE 8,0 MM - MONTAGEM. AF_12/2015 | E30: KG | F30: 2123.6 | G30: 8.22 | H30: 10.67 | I30: =F30*H30 -> 22658.81 | J30: =I30/I$67 -> 0.0203 | K30: =J30+K29 -> 0.7919 | L30: =IF(K30<=$P$13,"A",IF(K30<=$P$14,"B","C")) -> B
A31: 1.5.2. | B31: SINAPI | C31: 92919 | D31: ARMAÇÃO DE ESTRUTURAS DE CONCRETO ARMADO, EXCETO VIGAS, PILARES, LAJES E FUNDAÇÕES, UTILIZANDO AÇO CA-50 DE 10,0 MM - MONTAGEM. AF_12/2015 | E31: KG | F31: =1821.6+273.1 -> 2094.7 | G31: 7.18 | H31: 9.32 | I31: =F31*H31 -> 19522.6 | J31: =I31/I$67 -> 0.0175 | K31: =J31+K30 -> 0.8094 | L31: =IF(K31<=$P$13,"A",IF(K31<=$P$14,"B","C")) -> C
A32: 1.1.3. | B32: SINAPI | C32: 99059 | D32: LOCACAO CONVENCIONAL DE OBRA, UTILIZANDO GABARITO DE TÁBUAS CORRIDAS PONTALETADAS A CADA 2,00M - 2 UTILIZAÇÕES. AF_10/2018 | E32: M | F32: 354 | G32: 35.85 | H32: 46.52 | I32: =F32*H32 -> 16468.08 | J32: =I32/I$67 -> 0.0148 | K32: =J32+K31 -> 0.8242 | L32: =IF(K32<=$P$13,"A",IF(K32<=$P$14,"B","C")) -> C
A33: 1.9.16. | B33: SINAPI-I | C33: 43092 | D33: CENTRO DE MEDICAO AGRUPADA, EM POLICARBONATO / PVC, COM 16 MEDIDORES E PROTECAO GERAL (INCLUI BARRAMENTO, DISJUNTORES E ACESSORIOS DE FIXACAO) (PADRAO CONCESSIONARIA LOCAL) | E33: UN | F33: 2 | G33: 6280.05 | H33: 8149.62 | I33: =F33*H33 -> 16299.24 | J33: =I33/I$67 -> 0.0146 | K33: =J33+K32 -> 0.8388 | L33: =IF(K33<=$P$13,"A",IF(K33<=$P$14,"B","C")) -> C
A34: 1.13.2. | B34: SINAPI | C34: 88489 | D34: APLICAÇÃO MANUAL DE PINTURA COM TINTA LÁTEX ACRÍLICA EM PAREDES, DUAS DEMÃOS. AF_06/2014 | E34: M2 | F34: 949.18 | G34: 12.51 | H34: 16.23 | I34: =F34*H34 -> 15405.19 | J34: =I34/I$67 -> 0.0138 | K34: =J34+K33 -> 0.8526 | L34: =IF(K34<=$P$13,"A",IF(K34<=$P$14,"B","C")) -> C
A35: 1.4.4. | B35: SINAPI | C35: 96541 | D35: FABRICAÇÃO, MONTAGEM E DESMONTAGEM DE FÔRMA PARA SAPATA, EM CHAPA DE MADEIRA COMPENSADA RESINADA, E=17 MM, 4 UTILIZAÇÕES. AF_06/2017 | E35: M2 | F35: 78.67 | G35: 126.4 | H35: 164.03 | I35: =F35*H35 -> 12904.24 | J35: =I35/I$67 -> 0.0116 | K35: =J35+K34 -> 0.8642 | L35: =IF(K35<=$P$13,"A",IF(K35<=$P$14,"B","C")) -> C
A36: 1.9.12. | B36: SINAPI | C36: 97592 | D36: LUMINÁRIA TIPO PLAFON, DE SOBREPOR, COM 1 LÂMPADA LED - FORNECIMENTO E INSTALAÇÃO. AF_11/2017 | E36: UN | F36: 100 | G36: 95.31 | H36: 123.68 | I36: =F36*H36 -> 12368 | J36: =I36/I$67 -> 0.0111 | K36: =J36+K35 -> 0.8753 | L36: =IF(K36<=$P$13,"A",IF(K36<=$P$14,"B","C")) -> C
A37: 1.13.3. | B37: SINAPI | C37: 88487 | D37: APLICAÇÃO MANUAL DE PINTURA COM TINTA LÁTEX PVA EM PAREDES, DUAS DEMÃOS. AF_06/2014 | E37: M2 | F37: 949.18 | G37: 10.04 | H37: 13.03 | I37: =F37*H37 -> 12367.82 | J37: =I37/I$67 -> 0.0111 | K37: =J37+K36 -> 0.8864 | L37: =IF(K37<=$P$13,"A",IF(K37<=$P$14,"B","C")) -> C
A38: 1.5.9. | B38: SINAPI | C38: 92915 | D38: ARMAÇÃO DE ESTRUTURAS DE CONCRETO ARMADO, EXCETO VIGAS, PILARES, LAJES E FUNDAÇÕES, UTILIZANDO AÇO CA-60 DE 5,0 MM - MONTAGEM. AF_12/2015 | E38: KG | F38: =864+558 -> 1422 | G38: 10.13 | H38: 13.15 | I38: =F38*H38 -> 18699.3 | J38: =I38/I$67 -> 0.0168 | K38: =J38+K37 -> 0.9032 | L38: =IF(K38<=$P$13,"A",IF(K38<=$P$14,"B","C")) -> C
A39: 1.9.1. | B39: SINAPI | C39: 91926 | D39: CABO DE COBRE FLEXÍVEL ISOLADO, 2,5 MM², ANTI-CHAMA 450/750 V, PARA CIRCUITOS TERMINAIS - FORNECIMENTO E INSTALAÇÃO. AF_12/2015 | E39: M | F39: 3075 | G39: 2.5 | H39: 3.24 | I39: =F39*H39 -> 9963 | J39: =I39/I$67 -> 0.0089 | K39: =J39+K38 -> 0.9121 | L39: =IF(K39<=$P$13,"A",IF(K39<=$P$14,"B","C")) -> C
A40: 1.4.2. | B40: SINAPI | C40: 94964 | D40: CONCRETO FCK = 20MPA, TRAÇO 1:2,7:3 (CIMENTO/ AREIA MÉDIA/ BRITA 1) - PREPARO MECÂNICO COM BETONEIRA 400 L. AF_07/2016 | E40: M3 | F40: 19.47 | G40: 385.98 | H40: 500.89 | I40: =F40*H40 -> 9752.33 | J40: =I40/I$67 -> 0.0088 | K40: =J40+K39 -> 0.9209 | L40: =IF(K40<=$P$13,"A",IF(K40<=$P$14,"B","C")) -> C
A41: 1.9.13. | B41: SINAPI | C41: 84402 | D41: QUADRO DE DISTRIBUICAO DE ENERGIA P/ 6 DISJUNTORES TERMOMAGNETICOS MONOPOLARES SEM BARRAMENTO, DE EMBUTIR, EM CHAPA METALICA - FORNECIMENTO E INSTALACAO | E41: UN | F41: 100 | G41: 74.9 | H41: 97.2 | I41: =F41*H41 -> 9720 | J41: =I41/I$67 -> 0.0087 | K41: =J41+K40 -> 0.9296 | L41: =IF(K41<=$P$13,"A",IF(K41<=$P$14,"B","C")) -> C
A42: 1.11.4. | B42: SINAPI | C42: 94231 | D42: RUFO EM CHAPA DE AÇO GALVANIZADO NÚMERO 24, CORTE DE 25 CM, INCLUSO TRANSPORTE VERTICAL. AF_07/2019 | E42: M | F42: 217.3 | G42: 32.39 | H42: 42.03 | I42: =F42*H42 -> 9133.12 | J42: =I42/I$67 -> 0.0082 | K42: =J42+K41 -> 0.9378 | L42: =IF(K42<=$P$13,"A",IF(K42<=$P$14,"B","C")) -> C
A43: 1.9.14. | B43: SINAPI | C43: 91855 | D43: ELETRODUTO FLEXÍVEL CORRUGADO REFORÇADO, PVC, DN 25 MM (3/4"), PARA CIRCUITOS TERMINAIS, INSTALADO EM PAREDE - FORNECIMENTO E INSTALAÇÃO. AF_12/2015 | E43: M | F43: 972 | G43: 6.6 | H43: 8.56 | I43: =F43*H43 -> 8320.32 | J43: =I43/I$67 -> 0.0075 | K43: =J43+K42 -> 0.9453 | L43: =IF(K43<=$P$13,"A",IF(K43<=$P$14,"B","C")) -> C
A44: 1.8.3. | B44: SINAPI | C44: 88649 | D44: RODAPÉ CERÂMICO DE 7CM DE ALTURA COM PLACAS TIPO ESMALTADA EXTRA DE DIMENSÕES 45X45CM. AF_06/2014 | E44: M | F44: 880 | G44: 6.06 | H44: 7.86 | I44: =F44*H44 -> 6916.8 | J44: =I44/I$67 -> 0.0062 | K44: =J44+K43 -> 0.9515 | L44: =IF(K44<=$P$13,"A",IF(K44<=$P$14,"B","C")) -> C
A45: 1.4.1. | B45: SINAPI | C45: 96545 | D45: ARMAÇÃO DE BLOCO, VIGA BALDRAME OU SAPATA UTILIZANDO AÇO CA-50 DE 8 MM - MONTAGEM. AF_06/2017 | E45: KG | F45: 589 | G45: 8.82 | H45: 11.45 | I45: =F45*H45 -> 6744.05 | J45: =I45/I$67 -> 0.0061 | K45: =J45+K44 -> 0.9576 | L45: =IF(K45<=$P$13,"A",IF(K45<=$P$14,"B","C")) -> C
A46: 1.11.1. | B46: SINAPI | C46: 55960 | D46: IMUNIZACAO DE MADEIRAMENTO PARA COBERTURA UTILIZANDO CUPINICIDA INCOLOR | E46: M2 | F46: 907.44 | G46: 4.99 | H46: 6.48 | I46: =F46*H46 -> 5880.21 | J46: =I46/I$67 -> 0.0053 | K46: =J46+K45 -> 0.9629 | L46: =IF(K46<=$P$13,"A",IF(K46<=$P$14,"B","C")) -> C
A47: 1.9.2. | B47: SINAPI | C47: 91928 | D47: CABO DE COBRE FLEXÍVEL ISOLADO, 4 MM², ANTI-CHAMA 450/750 V, PARA CIRCUITOS TERMINAIS - FORNECIMENTO E INSTALAÇÃO. AF_12/2015 | E47: M | F47: 900 | G47: 4.03 | H47: 5.23 | I47: =F47*H47 -> 4707 | J47: =I47/I$67 -> 0.0042 | K47: =J47+K46 -> 0.9671 | L47: =IF(K47<=$P$13,"A",IF(K47<=$P$14,"B","C")) -> C
A48: 1.9.11. | B48: SINAPI | C48: 92023 | D48: INTERRUPTOR SIMPLES (1 MÓDULO) COM 1 TOMADA DE EMBUTIR 2P+T 10 A, INCLUINDO SUPORTE E PLACA - FORNECIMENTO E INSTALAÇÃO. AF_12/2015 | E48: UN | F48: 100 | G48: 31.96 | H48: 41.47 | I48: =F48*H48 -> 4147 | J48: =I48/I$67 -> 0.0037 | K48: =J48+K47 -> 0.9708 | L48: =IF(K48<=$P$13,"A",IF(K48<=$P$14,"B","C")) -> C
A49: 1.9.7. | B49: SINAPI-I | C49: 14166 | D49: POSTE CONICO CONTINUO EM ACO GALVANIZADO, RETO, ENGASTADO, H = 7 M, DIAMETRO INFERIOR = *125* MM | E49: UN | F49: 4 | G49: 759.52 | H49: 985.63 | I49: =F49*H49 -> 3942.52 | J49: =I49/I$67 -> 0.0035 | K49: =J49+K48 -> 0.9743 | L49: =IF(K49<=$P$13,"A",IF(K49<=$P$14,"B","C")) -> C
A50: 1.7.1. | B50: SINAPI | C50: 87879 | D50: CHAPISCO APLICADO EM ALVENARIAS E ESTRUTURAS DE CONCRETO INTERNAS, COM COLHER DE PEDREIRO. ARGAMASSA TRAÇO 1:3 COM PREPARO EM BETONEIRA 400L. AF_06/2014 | E50: M2 | F50: 948.19 | G50: 3.11 | H50: 4.04 | I50: =F50*H50 -> 3830.69 | J50: =I50/I$67 -> 0.0034 | K50: =J50+K49 -> 0.9777 | L50: =IF(K50<=$P$13,"A",IF(K50<=$P$14,"B","C")) -> C
... A63: 1.9.8. | B63: SINAPI | C63: 93011 | D63: ELETRODUTO RÍGIDO ROSCÁVEL, PVC, DN 85 MM (3") - FORNECIMENTO E INSTALAÇÃO. AF_12/2015 | E63: M | F63: 24 | G63: 23.34 | H63: 30.29 | I63: =F63*H63 -> 726.96 | J63: =I63/I$67 -> 0.0007 | K63: =J63+K62 -> 0.9993 | L63: =IF(K63<=$P$13,"A",IF(K63<=$P$14,"B","C")) -> C
A64: 1.9.5. | B64: SINAPI-I | C64: 857 | D64: CABO DE COBRE NU 16 MM2 MEIO-DURO | E64: M | F64: 45 | G64: 8.47 | H64: 10.99 | I64: =ROUNDUP(F64*H64,2) -> 494.55 | J64: =I64/I$67 -> 0.0004 | K64: =J64+K63 -> 0.9997 | L64: =IF(K64<=$P$13,"A",IF(K64<=$P$14,"B","C")) -> C
A65: 1.5.6. | B65: SINAPI | C65: 92916 | D65: ARMAÇÃO DE ESTRUTURAS DE CONCRETO ARMADO, EXCETO VIGAS, PILARES, LAJES E FUNDAÇÕES, UTILIZANDO AÇO CA-50 DE 6,3 MM - MONTAGEM. AF_12/2015 | E65: KG | F65: 22.2 | G65: 9.1 | H65: 11.81 | I65: =ROUNDUP(F65*H65,2) -> 262.19 | J65: =I65/I$67 -> 0.0002 | K65: =J65+K64 -> 0.9999 | L65: =IF(K65<=$P$13,"A",IF(K65<=$P$14,"B","C")) -> C
A66: 1.9.9. | B66: SINAPI-I | C66: 34349 | D66: HASTE DE ACO GALVANIZADO PARA FIXACAO DE CONCERTINA 2 "/3 M | E66: UN | F66: 12 | G66: 13.16 | H66: 17.08 | I66: =F66*H66 -> 204.96 | J66: =I66/I$67 -> 0.0002 | K66: =J66+K65 -> 1 | L66: =IF(K66<=$P$13,"A",IF(K66<=$P$14,"B","C")) -> C
A67: TOTAL | I67: =SUM(I13:I66) -> 1114145

Sheet  PLANILHA CONSOLIDADA ATT
B1: PLANILHA CONSOLIDADA - 2ª REPROGRAMAÇÃO DA PRAÇA DE EVENTOS - 2ª ETAPA
B2: OBJETO: Construção da Praça de Eventos Segunda Etapa nesta cidade de Santarém/Pará
B3: MUNICÍPIO/UF: Santarém/PA | E3: CONVÊNIO: 373.259.-91/11
A9: CODIGO | B9: ITEM | C9: DESCRIÇÃO | D9: UNID. | E9: QUANT. | F9: PREÇO UNIT. | G9: PREÇO TOTAL
B10: =#REF! -> #REF! | C10: =#REF! -> #REF! | G10: =#REF! -> #REF!
A11: =#REF! -> #REF! | B11: =#REF! -> #REF! | C11: =#REF! -> #REF! | D11: =#REF! -> #REF! | E11: =#REF! -> #REF! | F11: =#REF! -> #REF! | G11: =#REF! -> #REF!
A12: =#REF! -> #REF! | B12: =#REF! -> #REF! | C12: =#REF! -> #REF! | D12: =#REF! -> #REF! | E12: =#REF! -> #REF! | F12: =#REF! -> #REF! | G12: =#REF! -> #REF!
A13: =#REF! -> #REF! | B13: =#REF! -> #REF! | C13: =#REF! -> #REF! | D13: =#REF! -> #REF! | E13: =#REF! -> #REF! | F13: =#REF! -> #REF! | G13: =#REF! -> #REF!
A14: =#REF! -> #REF! | B14: =#REF! -> #REF! | C14: =#REF! -> #REF! | D14: =#REF! -> #REF! | E14: =#REF! -> #REF! | F14: =#REF! -> #REF! | G14: =#REF! -> #REF!
G15: =#REF! -> #REF!
B16: =#REF! -> #REF! | C16: =#REF! -> #REF! | G16: =#REF! -> #REF!
A17: =#REF! -> #REF! | B17: =#REF! -> #REF! | C17: =#REF! -> #REF! | D17: =#REF! -> #REF! | E17: =#REF! -> #REF! | F17: =#REF! -> #REF! | G17: =#REF! -> #REF!
A18: =#REF! -> #REF! | B18: =#REF! -> #REF! | C18: =#REF! -> #REF! | D18: =#REF! -> #REF! | E18: =#REF! -> #REF! | F18: =#REF! -> #REF! | G18: =#REF! -> #REF!
A19: =#REF! -> #REF! | B19: =#REF! -> #REF! | C19: =#REF! -> #REF! | D19: =#REF! -> #REF! | E19: =#REF! -> #REF! | F19: =#REF! -> #REF! | G19: =#REF! -> #REF!
A20: =#REF! -> #REF! | B20: =#REF! -> #REF! | C20: =#REF! -> #REF! | D20: =#REF! -> #REF! | E20: =#REF! -> #REF! | F20: =#REF! -> #REF! | G20: =#REF! -> #REF!
G21: =#REF! -> #REF!
B22: =#REF! -> #REF! | C22: =#REF! -> #REF! | G22: =#REF! -> #REF!
A23: =#REF! -> #REF! | B23: =#REF! -> #REF! | C23: =#REF! -> #REF! | D23: =#REF! -> #REF! | E23: =#REF! -> #REF! | F23: =#REF! -> #REF! | G23: =#REF! -> #REF!
A24: =#REF! -> #REF! | B24: =#REF! -> #REF! | C24: =#REF! -> #REF! | D24: =#REF! -> #REF! | E24: =#REF! -> #REF! | F24: =#REF! -> #REF! | G24: =#REF! -> #REF!
G25: =#REF! -> #REF!
B26: =#REF! -> #REF! | C26: =#REF! -> #REF! | G26: =#REF! -> #REF!
A27: =#REF! -> #REF! | B27: =#REF! -> #REF! | C27: =#REF! -> #REF! | D27: =#REF! -> #REF! | E27: =#REF! -> #REF! | F27: =#REF! -> #REF! | G27: =#REF! -> #REF!
A28: =#REF! -> #REF! | B28: =#REF! -> #REF! | C28: =#REF! -> #REF! | D28: =#REF! -> #REF! | E28: =#REF! -> #REF! | F28: =#REF! -> #REF! | G28: =#REF! -> #REF!
A29: =#REF! -> #REF! | B29: =#REF! -> #REF! | C29: =#REF! -> #REF! | D29: =#REF! -> #REF! | E29: =#REF! -> #REF! | F29: =#REF! -> #REF! | G29: =#REF! -> #REF!
A30: =#REF! -> #REF! | B30: =#REF! -> #REF! | C30: =#REF! -> #REF! | D30: =#REF! -> #REF! | E30: =#REF! -> #REF! | F30: =#REF! -> #REF! | G30: =#REF! -> #REF!
A31: =#REF! -> #REF! | B31: =#REF! -> #REF! | C31: =#REF! -> #REF! | D31: =#REF! -> #REF! | E31: =#REF! -> #REF! | F31: =#REF! -> #REF! | G31: =#REF! -> #REF!
A32: =#REF! -> #REF! | B32: =#REF! -> #REF! | C32: =#REF! -> #REF! | D32: =#REF! -> #REF! | E32: =#REF! -> #REF! | F32: =#REF! -> #REF! | G32: =#REF! -> #REF!
A33: =#REF! -> #REF! | B33: =#REF! -> #REF! | C33: =#REF! -> #REF! | D33: =#REF! -> #REF! | E33: =#REF! -> #REF! | F33: =#REF! -> #REF! | G33: =#REF! -> #REF!
G34: =#REF! -> #REF!
B35: =#REF! -> #REF! | C35: =#REF! -> #REF! | G35: =#REF! -> #REF!
A36: =#REF! -> #REF! | B36: =#REF! -> #REF! | C36: =#REF! -> #REF! | D36: =#REF! -> #REF! | E36: =#REF! -> #REF! | F36: =#REF! -> #REF! | G36: =#REF! -> #REF!
A37: =#REF! -> #REF! | B37: =#REF! -> #REF! | C37: =#REF! -> #REF! | D37: =#REF! -> #REF! | E37: =#REF! -> #REF! | F37: =#REF! -> #REF! | G37: =#REF! -> #REF!
A38: =#REF! -> #REF! | B38: =#REF! -> #REF! | C38: =#REF! -> #REF! | D38: =#REF! -> #REF! | E38: =#REF! -> #REF! | F38: =#REF! -> #REF! | G38: =#REF! -> #REF!
A39: =#REF! -> #REF! | B39: =#REF! -> #REF! | C39: =#REF! -> #REF! | D39: =#REF! -> #REF! | E39: =#REF! -> #REF! | F39: =#REF! -> #REF! | G39: =#REF! -> #REF!
G40: =#REF! -> #REF!
B41: =#REF! -> #REF! | C41: =#REF! -> #REF! | G41: =#REF! -> #REF!
B42: =#REF! -> #REF! | C42: =#REF! -> #REF! | G42: =#REF! -> #REF!
B43: =#REF! -> #REF! | C43: =#REF! -> #REF!
A44: =#REF! -> #REF! | B44: =#REF! -> #REF! | C44: =#REF! -> #REF! | D44: =#REF! -> #REF! | E44: =#REF! -> #REF! | F44: =#REF! -> #REF! | G44: =#REF! -> #REF!
B45: =#REF! -> #REF! | C45: =#REF! -> #REF!
A46: =#REF! -> #REF! | B46: =#REF! -> #REF! | C46: =#REF! -> #REF! | D46: =#REF! -> #REF! | E46: =#REF! -> #REF! | F46: =#REF! -> #REF! | G46: =#REF! -> #REF!
A47: =#REF! -> #REF! | B47: =#REF! -> #REF! | C47: =#REF! -> #REF! | D47: =#REF! -> #REF! | E47: =#REF! -> #REF! | F47: =#REF! -> #REF! | G47: =#REF! -> #REF!
B48: =#REF! -> #REF! | C48: =#REF! -> #REF!
A49: =#REF! -> #REF! | B49: =#REF! -> #REF! | C49: =#REF! -> #REF! | D49: =#REF! -> #REF! | E49: =#REF! -> #REF! | F49: =#REF! -> #REF! | G49: =#REF! -> #REF!
A50: =#REF! -> #REF! | B50: =#REF! -> #REF! | C50: =#REF! -> #REF! | D50: =#REF! -> #REF! | E50: =#REF! -> #REF! | F50: =#REF! -> #REF! | G50: =#REF! -> #REF!
A51: =#REF! -> #REF! | B51: =#REF! -> #REF! | C51: =#REF! -> #REF! | D51: =#REF! -> #REF! | E51: =#REF! -> #REF! | F51: =#REF! -> #REF! | G51: =#REF! -> #REF!
A52: =#REF! -> #REF! | B52: =#REF! -> #REF! | C52: =#REF! -> #REF! | D52: =#REF! -> #REF! | E52: =#REF! -> #REF! | F52: =#REF! -> #REF! | G52: =#REF! -> #REF!
B53: =#REF! -> #REF! | C53: =#REF! -> #REF!
A54: =#REF! -> #REF! | B54: =#REF! -> #REF! | C54: =#REF! -> #REF! | D54: =#REF! -> #REF! | E54: =#REF! -> #REF! | F54: =#REF! -> #REF! | G54: =#REF! -> #REF!
B55: =#REF! -> #REF! | C55: =#REF! -> #REF!
A56: =#REF! -> #REF! | B56: =#REF! -> #REF! | C56: =#REF! -> #REF! | D56: =#REF! -> #REF! | E56: =#REF! -> #REF! | F56: =#REF! -> #REF! | G56: =#REF! -> #REF!
A57: =#REF! -> #REF! | B57: =#REF! -> #REF! | C57: =#REF! -> #REF! | D57: =#REF! -> #REF! | E57: =#REF! -> #REF! | F57: =#REF! -> #REF! | G57: =#REF! -> #REF!
A58: =#REF! -> #REF! | B58: =#REF! -> #REF! | C58: =#REF! -> #REF! | D58: =#REF! -> #REF! | E58: =#REF! -> #REF! | F58: =#REF! -> #REF! | G58: =#REF! -> #REF!
B59: =#REF! -> #REF! | C59: =#REF! -> #REF!
A60: =#REF! -> #REF! | B60: =#REF! -> #REF! | C60: =#REF! -> #REF! | D60: =#REF! -> #REF! | E60: =#REF! -> #REF! | F60: =#REF! -> #REF! | G60: =#REF! -> #REF!
A61: =#REF! -> #REF! | B61: =#REF! -> #REF! | C61: =#REF! -> #REF! | D61: =#REF! -> #REF! | E61: =#REF! -> #REF! | F61: =#REF! -> #REF! | G61: =#REF! -> #REF!
A62: =#REF! -> #REF! | B62: =#REF! -> #REF! | C62: =#REF! -> #REF! | D62: =#REF! -> #REF! | E62: =#REF! -> #REF! | F62: =#REF! -> #REF! | G62: =#REF! -> #REF!
A63: =#REF! -> #REF! | B63: =#REF! -> #REF! | C63: =#REF! -> #REF! | D63: =#REF! -> #REF! | E63: =#REF! -> #REF! | F63: =#REF! -> #REF! | G63: =#REF! -> #REF!
A64: =#REF! -> #REF! | B64: =#REF! -> #REF! | C64: =#REF! -> #REF! | D64: =#REF! -> #REF! | E64: =#REF! -> #REF! | F64: =#REF! -> #REF! | G64: =#REF! -> #REF!
B65: =#REF! -> #REF! | C65: =#REF! -> #REF!
A66: =#REF! -> #REF! | B66: =#REF! -> #REF! | C66: =#REF! -> #REF! | D66: =#REF! -> #REF! | E66: =#REF! -> #REF! | F66: =#REF! -> #REF! | G66: =#REF! -> #REF!
A67: =#REF! -> #REF! | B67: =#REF! -> #REF! | C67: =#REF! -> #REF! | D67: =#REF! -> #REF! | E67: =#REF! -> #REF! | F67: =#REF! -> #REF! | G67: =#REF! -> #REF!
A68: =#REF! -> #REF! | B68: =#REF! -> #REF! | C68: =#REF! -> #REF! | D68: =#REF! -> #REF! | E68: =#REF! -> #REF! | F68: =#REF! -> #REF! | G68: =#REF! -> #REF!
A69: =#REF! -> #REF! | B69: =#REF! -> #REF! | C69: =#REF! -> #REF! | D69: =#REF! -> #REF! | E69: =#REF! -> #REF! | F69: =#REF! -> #REF! | G69: =#REF! -> #REF!
A70: =#REF! -> #REF! | B70: =#REF! -> #REF! | C70: =#REF! -> #REF! | D70: =#REF! -> #REF! | E70: =#REF! -> #REF! | F70: =#REF! -> #REF! | G70: =#REF! -> #REF!
A71: =#REF! -> #REF! | B71: =#REF! -> #REF! | C71: =#REF! -> #REF! | D71: =#REF! -> #REF! | E71: =#REF! -> #REF! | F71: =#REF! -> #REF! | G71: =#REF! -> #REF!
A72: =#REF! -> #REF! | B72: =#REF! -> #REF! | C72: =#REF! -> #REF! | D72: =#REF! -> #REF! | E72: =#REF! -> #REF! | F72: =#REF! -> #REF! | G72: =#REF! -> #REF!
A73: =#REF! -> #REF! | B73: =#REF! -> #REF! | C73: =#REF! -> #REF! | D73: =#REF! -> #REF! | E73: =#REF! -> #REF! | F73: =#REF! -> #REF! | G73: =#REF! -> #REF!
A74: =#REF! -> #REF! | B74: =#REF! -> #REF! | C74: =#REF! -> #REF! | D74: =#REF! -> #REF! | E74: =#REF! -> #REF! | F74: =#REF! -> #REF! | G74: =#REF! -> #REF!
A75: =#REF! -> #REF! | B75: =#REF! -> #REF! | C75: =#REF! -> #REF! | D75: =#REF! -> #REF! | E75: =#REF! -> #REF! | F75: =#REF! -> #REF! | G75: =#REF! -> #REF!
A76: =#REF! -> #REF! | B76: =#REF! -> #REF! | C76: =#REF! -> #REF! | D76: =#REF! -> #REF! | E76: =#REF! -> #REF! | F76: =#REF! -> #REF! | G76: =#REF! -> #REF!
A77: =#REF! -> #REF! | B77: =#REF! -> #REF! | C77: =#REF! -> #REF! | D77: =#REF! -> #REF! | E77: =#REF! -> #REF! | F77: =#REF! -> #REF! | G77: =#REF! -> #REF!
... A89: =#REF! -> #REF! | B89: =#REF! -> #REF! | C89: =#REF! -> #REF! | D89: =#REF! -> #REF! | E89: =#REF! -> #REF! | F89: =#REF! -> #REF! | G89: =#REF! -> #REF!
B90: =#REF! -> #REF! | C90: =#REF! -> #REF!
A91: =#REF! -> #REF! | B91: =#REF! -> #REF! | C91: =#REF! -> #REF! | D91: =#REF! -> #REF! | E91: =#REF! -> #REF! | F91: =#REF! -> #REF! | G91: =#REF! -> #REF!
A92: =#REF! -> #REF! | B92: =#REF! -> #REF! | C92: =#REF! -> #REF! | D92: =#REF! -> #REF! | E92: =#REF! -> #REF! | F92: =#REF! -> #REF! | G92: =#REF! -> #REF!
A93: =#REF! -> #REF! | B93: =#REF! -> #REF! | C93: =#REF! -> #REF! | D93: =#REF! -> #REF! | E93: =#REF! -> #REF! | F93: =#REF! -> #REF! | G93: =#REF! -> #REF!
A94: =#REF! -> #REF! | B94: =#REF! -> #REF! | C94: =#REF! -> #REF! | D94: =#REF! -> #REF! | E94: =#REF! -> #REF! | F94: =#REF! -> #REF! | G94: =#REF! -> #REF!
A95: =#REF! -> #REF! | B95: =#REF! -> #REF! | C95: =#REF! -> #REF! | D95: =#REF! -> #REF! | E95: =#REF! -> #REF! | F95: =#REF! -> #REF! | G95: =#REF! -> #REF!
A96: =#REF! -> #REF! | B96: =#REF! -> #REF! | C96: =#REF! -> #REF! | D96: =#REF! -> #REF! | E96: =#REF! -> #REF! | F96: =#REF! -> #REF! | G96: =#REF! -> #REF!
A97: =#REF! -> #REF! | B97: =#REF! -> #REF! | C97: =#REF! -> #REF! | D97: =#REF! -> #REF! | E97: =#REF! -> #REF! | F97: =#REF! -> #REF! | G97: =#REF! -> #REF!
A98: =#REF! -> #REF! | B98: =#REF! -> #REF! | C98: =#REF! -> #REF! | D98: =#REF! -> #REF! | E98: =#REF! -> #REF! | F98: =#REF! -> #REF! | G98: =#REF! -> #REF!
B99: =#REF! -> #REF! | C99: =#REF! -> #REF!
A100: =#REF! -> #REF! | B100: =#REF! -> #REF! | C100: =#REF! -> #REF! | D100: =#REF! -> #REF! | E100: =#REF! -> #REF! | F100: =#REF! -> #REF! | G100: =#REF! -> #REF!
A101: =#REF! -> #REF! | B101: =#REF! -> #REF! | C101: =#REF! -> #REF! | D101: =#REF! -> #REF! | E101: =#REF! -> #REF! | F101: =#REF! -> #REF! | G101: =#REF! -> #REF!
A102: =#REF! -> #REF! | B102: =#REF! -> #REF! | C102: =#REF! -> #REF! | D102: =#REF! -> #REF! | E102: =#REF! -> #REF! | F102: =#REF! -> #REF! | G102: =#REF! -> #REF!
A103: =#REF! -> #REF! | B103: =#REF! -> #REF! | C103: =#REF! -> #REF! | D103: =#REF! -> #REF! | E103: =#REF! -> #REF! | F103: =#REF! -> #REF! | G103: =#REF! -> #REF!
B104: =#REF! -> #REF! | C104: =#REF! -> #REF!
A105: =#REF! -> #REF! | B105: =#REF! -> #REF! | C105: =#REF! -> #REF! | D105: =#REF! -> #REF! | E105: =#REF! -> #REF! | F105: =#REF! -> #REF! | G105: =#REF! -> #REF!
A106: =#REF! -> #REF! | B106: =#REF! -> #REF! | C106: =#REF! -> #REF! | D106: =#REF! -> #REF! | E106: =#REF! -> #REF! | F106: =#REF! -> #REF! | G106: =#REF! -> #REF!
A107: =#REF! -> #REF! | B107: =#REF! -> #REF! | C107: =#REF! -> #REF! | D107: =#REF! -> #REF! | E107: =#REF! -> #REF! | F107: =#REF! -> #REF! | G107: =#REF! -> #REF!
A108: =#REF! -> #REF! | B108: =#REF! -> #REF! | C108: =#REF! -> #REF! | D108: =#REF! -> #REF! | E108: =#REF! -> #REF! | F108: =#REF! -> #REF! | G108: =#REF! -> #REF!
A109: =#REF! -> #REF! | B109: =#REF! -> #REF! | C109: =#REF! -> #REF! | D109: =#REF! -> #REF! | E109: =#REF! -> #REF! | F109: =#REF! -> #REF! | G109: =#REF! -> #REF!
A110: =#REF! -> #REF! | B110: =#REF! -> #REF! | C110: =#REF! -> #REF! | D110: =#REF! -> #REF! | E110: =#REF! -> #REF! | F110: =#REF! -> #REF! | G110: =#REF! -> #REF!
A111: =#REF! -> #REF! | B111: =#REF! -> #REF! | C111: =#REF! -> #REF! | D111: =#REF! -> #REF! | E111: =#REF! -> #REF! | F111: =#REF! -> #REF! | G111: =#REF! -> #REF!
B112: =#REF! -> #REF! | C112: =#REF! -> #REF! | D112: =#REF! -> #REF! | F112: =#REF! -> #REF! | G112: =#REF! -> #REF!
B113: =#REF! -> #REF! | C113: =#REF! -> #REF!
A114: =#REF! -> #REF! | B114: =#REF! -> #REF! | C114: =#REF! -> #REF! | D114: =#REF! -> #REF! | E114: =#REF! -> #REF! | F114: =#REF! -> #REF! | G114: =#REF! -> #REF!
B115: =#REF! -> #REF! | C115: =#REF! -> #REF!
A116: =#REF! -> #REF! | B116: =#REF! -> #REF! | C116: =#REF! -> #REF! | D116: =#REF! -> #REF! | E116: =#REF! -> #REF! | F116: =#REF! -> #REF! | G116: =#REF! -> #REF!
...

Sheet MEMORIA QUADRA VOLEIBOL
A1: '
A3: PREFEITURA MUNICIPAL DE SANTARÉM
A4: SECRETARIA MUNICIPAL DE INFRA-ESTRUTURA - SEMINFRA
A5: Av. Barão do Rio Branco, s/n - Aeroporto Velho - CEP 68.005-310 - CNPJ (MF) 05.182.233/0007-61
A6: SANTARÉM-PARÁ
A7: MEMÓRIA DE CÁLCULO
A8: Objeto: | B8: QUADRA DE VOLEIBOL | G8: BDI: 30%
A9: Local: | B9: SANTARÉM
A10: Bairro: | B10: ZONA URBANA
A12: 6.5.1 | B12: SERVIÇOS PRELIMINARES
A14: ITEM | B14: SERVIÇO | C14: UNI | D14: QUANT. | E14: Espessura (M) | F14: Comprimento (M) | G14: Largura (M) | H14: Area (M²)
A15: 6.5.1.1 | B15: Limpeza manual do terreno (c/ raspagem superficial) | C15: m²
F16: 45 | G16: 12 | H16: =G16*F16 -> 540
C17: m² | E17: TOTAL | H17: =H16 -> 540
A19: ITEM | B19: SERVIÇO | C19: UNI | D19: QUANT. | E19: Espessura (M) | F19: Comprimento (M) | G19: Largura (M) | H19: Area (M²)
A20: 6.5.1.2 | B20: Locação convencional de obra, através de gabarito de tabuas corridas pontaletadas a cada 1,50m, sem reaproveitamento | C20: m² | F20: =F16 -> 45 | G20: =G16 -> 12 | H20: =G20*F20 -> 540
C22: m² | E22: TOTAL | H22: =SUM(H20:H21) -> 540
A24: ITEM | B24: SERVIÇO | C24: UNI | D24: QUANT. | E24: Espessura (M) | F24: Comprimento (M) | G24: Largura (M) | H24: Area (M²)
A25: 6.5.1.3 | B25: Barracão de obra para alojamento/escritório, piso em pinho 3a, paredes em compensado 10mm, cobertura em telha amianto 6mm, incluso instalação es elétricas e esquadrias | C25: m² | F25: 4 | G25: 4 | H25: =G25*F25 -> 16
C27: m² | E27: TOTAL | H27: =SUM(H25:H26) -> 16
A29: ITEM | B29: SERVIÇO | C29: UNI | D29: QUANT. | E29: Espessura (M) | F29: Comprimento (M) | G29: Largura (M) | H29: Area (M²)
A30: 6.5.1.4 | B30: Placa de obra em chapa de aço galvanizado | C30: m² | F30: 3 | G30: 2 | H30: =G30*F30 -> 6
C32: m² | E32: TOTAL | H32: =SUM(H30:H31) -> 6
A34: 6.5.1 | B34: MOVIMENTO DE TERRA
A36: ITEM | B36: SERVIÇO | C36: UNI | D36: QUANT. | E36: Espessura (M) | F36: Comprimento (M) | G36: Profundidade (M) | H36: Volume (M³)
A37: 6.5.1.1 | B37: Escavação manual de vala em material de 1a categoria ate 1,5m excluindo esgotamento / escoramento | C37: m³
D38: 2 | E38: 0.2 | F38: =F16 -> 45 | G38: 0.4 | H38: =G38*F38*E38*D38 -> 7.2
D39: 2 | E39: 0.2 | F39: =G20 -> 12 | G39: 0.4 | H39: =G39*F39*E39*D39 -> 1.92
C40: m³ | E40: TOTAL | H40: =SUM(H38:H39) -> 9.12
A43: ITEM | B43: SERVIÇO | C43: UNI | D43: QUANT. | E43: Espessura (M) | F43: Comprimento (M) | G43: Largura (M) | H43: Volume (M³)
A44: 6.5.1.2 | B44: Aterro apiloado(manual) em camadas de 20 cm com material de empréstimo | C44: m³
E45: 0.4 | F45: =F16 -> 45 | G45: =G16 -> 12 | H45: =G45*F45*E45 -> 216
C46: m³ | E46: TOTAL | H46: =H45 -> 216
A48: 6.5.2 | B48: FUNDAÇÕES
A50: ITEM | B50: SERVIÇO | C50: UNI | D50: QUANT. | E50: Espessura (M) | F50: Comprimento (M) | G50: Largura (M) | H50: Volume (M³)
A51: 6.5.3.1 | B51: Concreto ciclópico fck=10mpa 30% pedra de mão inclusive lançamento | C51: m³
D52: 2 | E52: 0.2 | F52: =F16 -> 45 | G52: 0.3 | H52: =G52*F52*E52*D52 -> 5.4
D53: 2 | E53: 0.2 | F53: =G16 -> 12 | G53: 0.3 | H53: =G53*F53*E53*D53 -> 1.44
C54: m³ | E54: TOTAL | H54: =SUM(H52:H53) -> 6.84
A57: ITEM | B57: SERVIÇO | C57: UNI | D57: QUANT. | E57: Espessura (M) | F57: Comprimento (M) | G57: Largura (M) | H57: Volume (M³)
A58: 6.5.2.1 | B58: =B51 -> Concreto ciclópico fck=10mpa 30% pedra de mão inclusive lançamento | C58: m³
D59: 2 | E59: 0.08 | F59: =F20 -> 45 | G59: 0.4 | H59: =G59*F59*E59*D59 -> 2.88
D60: 2 | E60: 0.08 | F60: =G16 -> 12 | G60: 0.4 | H60: =G60*F60*E60*D60 -> 0.77
C61: m³ | E61: TOTAL | H61: =SUM(H59:H60) -> 3.65
G62: TOTAL GERAL | H62: =SUM(H54+H61) -> 10.49
A64: 6.5.3 | B64: MURETA
A66: ITEM | B66: SERVIÇO | C66: UNI | D66: QUANT. | E66: Altura (M) | F66: Comprimento (M) | G66: Largura (M) | H66: Area (M²)
A67: 6.5.3.1 | B67: Alvenaria em tijolo cerâmico furado 9x19x19cm, 1 vez (espessura 19 cm), assentado em argamassa traço 1:4 (cimento e areia media não peneirada), preparo manual, junta1 cm | C67: m²
D68: 2 | E68: 1 | F68: =F16 -> 45 | H68: =F68*E68*D68 -> 90
D69: 2 | E69: 1 | F69: =G16 -> 12 | H69: =F69*E69*D69 -> 24
C70: m² | E70: TOTAL | H70: =SUM(H68:H69) -> 114
A73: ITEM | B73: SERVIÇO | C73: UNI | D73: QUANT. | E73: Altura (M) | F73: Comprimento (M) | G73: Area (M²) | H73: Area (M²)
A74: 6.5.3.2 | B74: Chapisco:de cimento e areia no traço 1:3 | C74: m²
D75: 2 | G75: =H70 -> 114 | H75: =G75*D75 -> 228
C76: m² | E76: TOTAL | H76: =SUM(H75:H75) -> 228
A78: ITEM | B78: SERVIÇO | C78: UNI | D78: QUANT. | E78: Altura (M) | F78: Comprimento (M) | G78: Area (M²) | H78: Area (M²)
A79: 6.5.3.3 | B79: Reboco argamassa traço 1:2 (cal e areia fina peneirada), espessura 0,5cm, preparo manual da argamassa | C79: m²
D80: 2 | G80: =G75 -> 114 | H80: =G80*D80 -> 228
C81: m² | E81: TOTAL | H81: =SUM(H80:H80) -> 228
A83: ITEM | B83: SERVIÇO | C83: UNI | D83: QUANT. | E83: Altura (M) | F83: Comprimento (M) | G83: Area (M²) | H83: Area (M²)
A84: 6.5.3.4 | B84: Fundo selador PVA, uma demão | C84: m²
D85: 2 | G85: =G80 -> 114 | H85: =G85*D85 -> 228
C86: m² | E86: TOTAL | H86: =SUM(H85:H85) -> 228
A89: 6.5.4 | B89: ESTRUTURA DE PILAR DE CONCRETO
A91: ITEM | B91: SERVIÇO | C91: UNI | D91: QUANT. | E91: Altura (M) | F91: Comprimento (M) | G91: Largura (M) | H91: Volume (M³)
A92: 5.1 | B92: Concreto armado Fck=18 MPA c/ forma mad. Branca | C92: m³
D93: 36 | E93: 1 | F93: 0.2 | G93: 0.2 | H93: =G93*F93*E93*D93 -> 1.44
C94: m³ | E94: TOTAL | H94: =H93 -> 1.44
A96: ITEM | B96: SERVIÇO | C96: UNI | D96: QUANT. | E96: Altura (M) | F96: Comprimento (M) | G96: Largura (M) | H96: Volume (M³)
A97: 6.5.4.1 | B97: =B92 -> Concreto armado Fck=18 MPA c/ forma mad. Branca | C97: m³
D98: 36 | E98: 0.3 | F98: 0.3 | G98: 0.3 | H98: =G98*F98*E98*D98 -> 0.97
C99: m³ | E99: TOTAL | H99: =H98 -> 0.97
G100: TOTAL GERAL | H100: =H94+H99 -> 2.41
A102: 6.5.5 | B102: PAVIMENTAÇÃO ( Piso )
A104: ITEM | B104: SERVIÇO | C104: UNI | D104: QUANT. | E104: Altura (M) | F104: Comprimento (M) | G104: Largura (M) | H104: Area (M²)
A105: 6.5.5.1 | B105: Impermeabilização de superfície com argamassa de cimento e areia, traço 1:3, com aditivo impermeabilizante, e=3 cm | C105: m²
F106: =F68 -> 45 | G106: =F53 -> 12 | H106: =G106*F106 -> 540
C107: m² | E107: TOTAL | H107: =H106 -> 540
A109: ITEM | B109: SERVIÇO | C109: UNI | D109: QUANT. | E109: Altura (M) | F109: Comprimento (M) | G109: Largura (M) | H109: Area (M²)
A110: 6.5.5.2 | B110: Piso em concreto 20 mpa preparo mecânico, espessura 7cm, incluso juntas de dilatação em poliuretano 2x2m | C110: m²
F111: =F106 -> 45 | G111: =G106 -> 12 | H111: =G111*F111 -> 540
C112: m² | E112: TOTAL | H112: =H111 -> 540
A114: ITEM | B114: SERVIÇO | C114: UNI | D114: QUANT. | E114: Altura (M) | F114: Comprimento (M) | G114: Largura (M) | H114: Area (M²)
A115: 6.3 | B115: Execução de passeio (calçada) em concreto (cimento/areia/seixo rolado), preparo mecânico, espessura 7cm, com junta de dilatação em madeira, incluso lançamento e adensamento | C115: m²
D116: 2 | G116: 1 | H116: =G116*F116*D116 -> 0
D117: 2 | G117: 1 | H117: =G117*F117*D117 -> 0
C118: m² | E118: TOTAL | H118: =SUM(H116:H117) -> 0
A120: 6.5.6 | B120: EQUIPAMENTOS / ALAMBRADO / ELETRICO
A122: ITEM | B122: SERVIÇO | C122: UNI | D122: QUANT. | E122: Altura (M) | F122: Comprimento (M) | G122: Altura (M) | H122: Area (M²)
A123: 6.5.6.1 | B123: Portão de ferro com vara 1/2", com requadro | C123: m²
D124: 1 | F124: 1 | G124: 2 | H124: =G124*F124*D124 -> 2
C125: m² | E125: TOTAL | H125: =SUM(H124:H124) -> 2
A127: ITEM | B127: SERVIÇO | C127: UNI | D127: QUANT. | E127: Altura (M) | F127: Comprimento (M) | G127: Altura (M) | H127: QUANT.
A128: 6.5.6.2 | B128: Instalações Eletricas de Iluminação da quadra | C128: m²
D129: 1 | H129: 1
C130: m² | E130: TOTAL | H130: =SUM(H129:H129) -> 1
A132: ITEM | B132: SERVIÇO | C132: UNI | D132: QUANT. | E132: Altura (M) | F132: Comprimento (M) | G132: Altura (M) | H132: QUANT.
A133: 6.5.6.3 | B133: Equipamento completo p/ quadra de esportes | C133: m²
D134: 1 | H134: 1
C135: m² | E135: TOTAL | H135: =SUM(H134:H134) -> 1
...

Sheet PLANILHA CONSOLIDADA
B1: PLANILHA CONSOLIDADA - 1ª REPROGRAMAÇÃO DA PRAÇA DE EVENTOS - 2ª ETAPA
B2: OBJETO: Construção da Praça de Eventos Segunda Etapa nesta cidade de Santarém/Pará
B3: CONTRATANTE: Núcleo de Gerenciamento de Obras Especiais - NGO | E3: CONVÊNIO: 373.259.-91/11
B4: MUNICÍPIO/UF: Santarém/PA | E4: CONTRATO: 002/2015 - NGO
A6: CONTRATUAL
A8: ITEM | B8: DESCRIÇÃO | C8: UNID. | D8: QUNT. | E8: QUANT. | F8: P. UNIT. (R$) | G8: P. TOT. (R$) | O8: SALDO A REPROG. (R$)
A9: 1.0 | B9: SERVIÇOS PRELIMINARES | G9: =SUM(G10:G13) -> 34254.5 | L9: =SUM(L10:L13) -> 15430.77 | M9: =SUM(M10:M13) -> 21388.66 | N9: =SUM(N10:N13) -> 0 | O9: =SUM(O10:O13) -> 40212.39
A10: 1.1 | B10: Placa de obra em chapa de aço galvanizado | C10: m² | D10: 0 | E10: 6 | F10: 312.72 | G10: =F10*E10 -> 1876.32 | H10: 6 | I10: 0 | J10: 0 | K10: =(E10+I10-J10)-H10 -> 0 | L10: 1876.32 | M10: =I10*F10 -> 0 | N10: =J10*F10 -> 0 | O10: =(G10+M10-N10)-L10 -> 0
A11: 1.2 | B11: Limpeza de terreno - raspagem mecanizada (motoniveladora) de camada vegetal | C11: m² | D11: 0 | E11: 4864.01 | F11: 0.52 | G11: =F11*E11 -> 2529.29 | H11: 4864.01 | I11: 0 | J11: 0 | K11: =(E11+I11-J11)-H11 -> 0 | L11: 2529.29 | M11: =I11*F11 -> 0 | N11: =J11*F11 -> 0 | O11: =(G11+M11-N11)-L11 -> 0
A12: 1.3 | B12: Locação convencional de obra, através de gabarito de tabuas corridas pontaletadas a cada 1,50m, sem reaproveitamento | C12: m² | D12: 7793.1 | E12: 4864.01 | F12: 5.16 | G12: =F12*E12 -> 25098.29 | H12: 1216 | I12: 4145.09 | J12: 0 | K12: =(E12+I12-J12)-H12 -> 7793.1 | L12: 6274.56 | M12: =I12*F12 -> 21388.66 | N12: =J12*F12 -> 0 | O12: =(G12+M12-N12)-L12 -> 40212.39 | AA12: =I12+E12 -> 9009.1
A13: 1.4 | B13: Barracão para deposito em tabuas de madeira, cobertura em fibrocimento 4 mm, incluso piso argamassa traço 1:6 (cimento e areia) | C13: m² | D13: 0 | E13: 20 | F13: 237.53 | G13: =F13*E13 -> 4750.6 | H13: 20 | I13: 0 | J13: 0 | K13: =(E13+I13-J13)-H13 -> 0 | L13: 4750.6 | M13: =I13*F13 -> 0 | N13: =J13*F13 -> 0 | O13: =(G13+M13-N13)-L13 -> 0
A15: 2.0 | B15: MOVIMENTO DE TERRA | G15: =SUM(G16:G18) -> 37940.69 | L15: =SUM(L16:L18) -> 4496.07 | M15: =SUM(M16:M18) -> 72065.04 | N15: =SUM(N16:N18) -> 4210.22 | O15: =SUM(O16:O18) -> 101299.44
A16: 2.1 | B16: Carga manual e remoção e entulho com transporte ate 1km em caminhão basculante 8 m³ | C16: m³ | D16: 0 | E16: 450.96 | F16: 9.97 | G16: =F16*E16 -> 4496.07 | H16: 450.96 | K16: =(E16+I16-J16)-H16 -> 0 | L16: 4496.07 | M16: =I16*F16 -> 0 | N16: =J16*F16 -> 0 | O16: =(G16+M16-N16)-L16 -> 0
A17: 2.2 | B17: Escavação manual de valas H <= 1,50 M | C17: m³ | D17: 0 | E17: 270.58 | F17: 15.56 | G17: =F17*E17 -> 4210.22 | J17: 270.58 | K17: =(E17+I17-J17)-H17 -> 0 | M17: =I17*F17 -> 0 | N17: =J17*F17 -> 4210.22 | O17: =(G17+M17-N17)-L17 -> 0
A18: 2.3 | B18: Aterro compactado c/ apiloamento | C18: m³ | D18: 1801.84 | E18: 520 | F18: 56.22 | G18: =F18*E18 -> 29234.4 | I18: 1281.84 | K18: =(E18+I18-J18)-H18 -> 1801.84 | M18: =I18*F18 -> 72065.04 | N18: =J18*F18 -> 0 | O18: =(G18+M18-N18)-L18 -> 101299.44
A20: 3.0 | B20: ARBORIZAÇÃO (PLANTIO) | G20: =SUM(G21:G22) -> 6937.35 | L20: =SUM(L21:L22) -> 0 | M20: =SUM(M21:M22) -> 29896.4 | N20: =SUM(N21:N22) -> 379.5 | O20: =SUM(O21:O22) -> 36454.25
A21: 3.1 | B21: Grama batatais em placas | C21: m² | D21: 3251.94 | E21: 585 | F21: 11.21 | G21: =F21*E21 -> 6557.85 | I21: 2666.94 | K21: =(E21+I21-J21)-H21 -> 3251.94 | M21: =I21*F21 -> 29896.4 | N21: =J21*F21 -> 0 | O21: =(G21+M21-N21)-L21 -> 36454.25
A22: 3.2 | B22: Arbusto co altura maior do que 1,00 metro | C22: unid | D22: 0 | E22: 6 | F22: 63.25 | G22: =F22*E22 -> 379.5 | J22: 6 | K22: =(E22+I22-J22)-H22 -> 0 | M22: =I22*F22 -> 0 | N22: =J22*F22 -> 379.5 | O22: =(G22+M22-N22)-L22 -> 0
A24: 4.0 | B24: PAVIMENTAÇÃO ( PISO ) | G24: =SUM(G25:G28) -> 618843.34 | L24: =SUM(L25:L28) -> 0 | M24: =SUM(M25:M28) -> 82478.21 | N24: =SUM(N25:N28) -> 372389.81 | O24: =SUM(O25:O28) -> 328931.74
A25: 4.1 | B25: Impermeabilização de superfície com argamassa de cimento e areia (grossa), traco 1:4, com aditivo impermeabilizante, e=2,5cm | C25: m² | D25: 0 | E25: 8700 | F25: 15.62 | G25: =F25*E25 -> 135894 | J25: 8700 | K25: =(E25+I25-J25)-H25 -> 0 | M25: =I25*F25 -> 0 | N25: =J25*F25 -> 135894 | O25: =(G25+M25-N25)-L25 -> 0
A26: 4.2 | B26: Piso de concreto acabamento rústico espessura 7cm com juntas em madeira | C26: m² | D26: 4146.75 | E26: 8700 | F26: 51.94 | G26: =F26*E26 -> 451878 | J26: 4553.25 | K26: =(E26+I26-J26)-H26 -> 4146.75 | M26: =I26*F26 -> 0 | N26: =J26*F26 -> 236495.81 | O26: =(G26+M26-N26)-L26 -> 215382.19
A27: 4.3 | B27: Piso em ladrilho hidráulico 20x20cm assentado sobre argamassa de cimento colante rejuntado com cimento comum | C27: m² | D27: 3151.87 | E27: 905.87 | F27: 34.3 | G27: =F27*E27 -> 31071.34 | I27: 2246 | K27: =(E27+I27-J27)-H27 -> 3151.87 | M27: =I27*F27 -> 77037.8 | N27: =J27*F27 -> 0 | O27: =(G27+M27-N27)-L27 -> 108109.14
A28: 4.4 | B28: Pintura acrílica de faixas de demarcação em quadra poliesportiva, 5 cm de largura (PINTURA CICLOFAIXA) | C28: m² | D28: 994.59 | F28: 5.47 | I28: 994.59 | K28: =(E28+I28-J28)-H28 -> 994.59 | M28: =I28*F28 -> 5440.41 | N28: =J28*F28 -> 0 | O28: =(G28+M28-N28)-L28 -> 5440.41 | Q28: =N381 -> 22622.94
A30: 5.0 | B30: EQUIPAMENTOS | G30: =SUM(G31:G34) -> 61928.01 | L30: =SUM(L31:L34) -> 0 | M30: =SUM(M31:M34) -> 29654 | N30: =SUM(N31:N34) -> 32074.01 | O30: =SUM(O31:O34) -> 59508
A31: 5.1 | B31: Banco de concreto c/ assento cimentado liso med: 2,90 x 0,50 x h=0,45 | C31: m | D31: 87.64 | E31: 180.3 | F31: 144.97 | G31: =F31*E31 -> 26138.09 | J31: 92.66 | K31: =(E31+I31-J31)-H31 -> 87.64 | M31: =I31*F31 -> 0 | N31: =J31*F31 -> 13432.92 | O31: =(G31+M31-N31)-L31 -> 12705.17
A32: 5.2 | B32: Lixeira em tela moeda | C32: unid. | D32: 5 | E32: 16 | F32: 248.71 | G32: =F32*E32 -> 3979.36 | J32: 11 | K32: =(E32+I32-J32)-H32 -> 5 | M32: =I32*F32 -> 0 | N32: =J32*F32 -> 2735.81 | O32: =(G32+M32-N32)-L32 -> 1243.55
A33: 5.3 | B33: Caramanchão de madeira de lei, med. 8,00 x 1,60 m x h=2,85 m | C33: unid. | D33: 6 | E33: 12 | F33: 2650.88 | G33: =F33*E33 -> 31810.56 | J33: 6 | K33: =(E33+I33-J33)-H33 -> 6 | M33: =I33*F33 -> 0 | N33: =J33*F33 -> 15905.28 | O33: =(G33+M33-N33)-L33 -> 15905.28
A34: 5.4 | B34: Playground | C34: unid. | D34: 1 | F34: 29654 | I34: 1 | K34: =(E34+I34-J34)-H34 -> 1 | M34: =I34*F34 -> 29654 | N34: =J34*F34 -> 0 | O34: =(G34+M34-N34)-L34 -> 29654
A36: 6.0 | B36: OUTROS | G36: =SUM(G37,G103,G177,G294,G335) -> 133334.82 | L36: =SUM(L37,L103,L177,L251,L294,L335) -> 0 | M36: =SUM(M37,M103,M177,M251,M294,M335) -> 349302.8 | N36: =SUM(N37,N103,N177,N251,N294,N335) -> 18396.32 | O36: =SUM(O37,O103,O177,O251,O294,O335) -> 464241.3
A37: 6.1 | B37: Quiosques 03 | C37: unid | D37: 1 | E37: 2 | F37: 18396.32 | G37: =F37*E37 -> 36792.64 | J37: 1 | K37: =(E37+I37-J37)-H37 -> 1 | L37: =SUM(L39:L101) -> 0 | M37: =SUM(M39:M101) -> 0 | N37: =SUM(N39:N101)-0.06 -> 18396.32 | O37: =SUM(O39:O101)-0.07 -> 18396.32 | Q37: =F37-O37 -> 0 | U37: =SUM(U39:U101) -> 18396.39
A38: 6.1.1 | B38: FUNDAÇÃO E ESCAVAÇÃO | G38: =SUM(G39) -> 2921.5
A39: 6.1.1.1 | B39: Concreto ciclopico fck=10mpa 30% pedra de mão inclusive lançamento | C39: m³ | D39: 3.86 | E39: 7.72 | F39: 378.43 | G39: =F39*E39+0.02 -> 2921.5 | J39: 3.86 | K39: =(E39+I39-J39)-H39 -> 3.86 | M39: =I39*F39 -> 0 | N39: =J39*F39+0.01 -> 1460.75 | O39: =(G39+M39-N39)-L39 -> 1460.75 | P39: 7.72 | Q39: =E39*R$39 -> 15.44 | R39: 2 | S39: 3.86 | U39: =G39/R$39 -> 1460.75 | V39: =U39*R39 -> 2921.5
A41: 6.1.2 | B41: ESTRUTURA | G41: =SUM(G42:G43) -> 5428.43
A42: 6.1.2.1 | B42: Forma tabuas madeira 3a p/ pecas concreto arm, reapr 2x, incl montagem e desmontagem. Pilares e vigas | C42: m² | D42: 40.1 | E42: 80.2 | F42: 41.18 | G42: =F42*E42+0.03 -> 3302.67 | J42: 40.1 | K42: =(E42+I42-J42)-H42 -> 40.1 | M42: =I42*F42 -> 0 | N42: =J42*F42+0.02 -> 1651.34 | O42: =(G42+M42-N42)-L42+0.01 -> 1651.34 | P42: 80.2 | Q42: =E42*R$39 -> 160.4 | S42: 40.1 | U42: =G42/R$39 -> 1651.34
A43: 6.1.2.2 | B43: Concreto c/ seixo Fck= 18.0 MPA (incl. preparo e lançamento) | C43: m³ | D43: 2.23 | E43: 4.46 | F43: 476.62 | G43: =F43*E43+0.03 -> 2125.76 | J43: 2.23 | K43: =(E43+I43-J43)-H43 -> 2.23 | M43: =I43*F43 -> 0 | N43: =J43*F43+0.02 -> 1062.88 | O43: =(G43+M43-N43)-L43 -> 1062.88 | P43: 4.46 | Q43: =E43*R$39 -> 8.92 | S43: 2.23 | U43: =G43/R$39 -> 1062.88
A45: 6.1.3 | B45: COBERTURA | G45: =SUM(G46:G48) -> 6824.42
A46: 6.1.3.1 | B46: Estrutura de madeira de lei, primeira qualidade, serrada, não aparelhada, para telhas cerâmicas, vãos de ate 7m | C46: m² | D46: 26.28 | E46: 52.56 | F46: 80.12 | G46: =F46*E46+0.03 -> 4211.14 | J46: 26.28 | K46: =(E46+I46-J46)-H46 -> 26.28 | M46: =I46*F46 -> 0 | N46: =J46*F46+0.02 -> 2105.57 | O46: =(G46+M46-N46)-L46 -> 2105.57 | P46: 52.56 | Q46: =E46*R$39 -> 105.12 | S46: 26.28 | U46: =G46/R$39 -> 2105.57
A47: 6.1.3.2 | B47: Cobertura em telha cerâmica tipo plan, excluindo madeiramento | C47: m² | D47: 26.28 | E47: 52.56 | F47: 41.22 | G47: =F47*E47+0.03 -> 2166.55 | J47: 26.28 | K47: =(E47+I47-J47)-H47 -> 26.28 | M47: =I47*F47 -> 0 | N47: =J47*F47+0.02 -> 1083.28 | O47: =(G47+M47-N47)-L47+0.01 -> 1083.28 | P47: 52.56 | Q47: =E47*R$39 -> 105.12 | S47: 26.28 | U47: =G47/R$39 -> 1083.28
A48: 6.1.3.3 | B48: Cumeeira com telha cerâmica embocada com argamassa traço 1:2:8 (cimento, cal e areia) | C48: m | D48: 15 | E48: 30 | F48: 14.89 | G48: =F48*E48+0.03 -> 446.73 | J48: 15 | K48: =(E48+I48-J48)-H48 -> 15 | M48: =I48*F48 -> 0 | N48: =J48*F48+0.02 -> 223.37 | O48: =(G48+M48-N48)-L48+0.01 -> 223.37 | P48: 30 | Q48: =E48*R$39 -> 60 | S48: 15 | U48: =G48/R$39 -> 223.37
A50: 6.1.4 | B50: PAREDES E DIVISÓRIAS | G50: =SUM(G51) -> 1641.36
A51: 6.1.4.1 | B51: Alvenaria em tijolo cerâmico furado 9x19x19cm, 1 vez (espessura 19 cm) , assentado em argamassa traço 1:4 (cimento e areia media não peneirada), preparo manual, junta 1 cm | C51: m² | D51: 14.66 | E51: 29.32 | F51: 55.98 | G51: =F51*E51+0.03 -> 1641.36 | J51: 14.66 | K51: =(E51+I51-J51)-H51 -> 14.66 | M51: =I51*F51 -> 0 | N51: =J51*F51+0.01 -> 820.68 | O51: =(G51+M51-N51)-L51 -> 820.68 | P51: 29.32 | Q51: =E51*R$39 -> 58.64 | S51: 14.66 | U51: =G51/R$39 -> 820.68
A53: 6.1.5 | B53: REVESTIMENTO | G53: =SUM(G54:G56) -> 1348.01
A54: 6.1.5.1 | B54: Chapisco traço 1:3 (cimento e areia media), espessura 0,5cm, preparo manual da argamassa | C54: m² | D54: 29.32 | E54: 58.64 | F54: 2.99 | G54: =F54*E54+0.02 -> 175.35 | J54: 29.32 | K54: =(E54+I54-J54)-H54 -> 29.32 | M54: =I54*F54 -> 0 | N54: =J54*F54 -> 87.67 | O54: =(G54+M54-N54)-L54 -> 87.68 | P54: 58.64 | Q54: =E54*R$39 -> 117.28 | S54: 29.32 | U54: =G54/R$39 -> 87.68
A55: 6.1.5.2 | B55: Reboco argamassa traço 1:4,5 (cal e areia fina), espessura 0,5cm, preparo mecânico da argamassa | C55: m² | D55: 29.32 | E55: 58.64 | F55: 12.48 | G55: =F55*E55+0.03 -> 731.86 | J55: 29.32 | K55: =(E55+I55-J55)-H55 -> 29.32 | M55: =I55*F55 -> 0 | N55: =J55*F55+0.02 -> 365.93 | O55: =(G55+M55-N55)-L55 -> 365.93 | P55: 58.64 | Q55: =E55*R$39 -> 117.28 | S55: 29.32 | U55: =G55/R$39 -> 365.93
A56: 6.1.5.3 | B56: Revestimento com cerâmica esmaltada 20x20cm, 1a linha, padrão alto, assentada com argamassa de cimento colante e rejuntamento com cimento branco | C56: m² | D56: 8 | E56: 16 | F56: 27.55 | G56: =F56*E56 -> 440.8 | J56: 8 | K56: =(E56+I56-J56)-H56 -> 8 | M56: =I56*F56 -> 0 | N56: =J56*F56 -> 220.4 | O56: =(G56+M56-N56)-L56 -> 220.4 | P56: 16 | Q56: =E56*R$39 -> 32 | S56: 8 | U56: =G56/R$39 -> 220.4
A58: 6.1.6 | B58: PAVIMENTAÇÃO | G58: =SUM(G59:G63) -> 2896.02
A59: 6.1.6.1 | B59: Aterro apiloado (manual) em camadas de 20 cm com material de empréstimo | C59: m³ | D59: 3.54 | E59: 7.08 | F59: 57.36 | G59: =F59*E59+0.03 -> 406.14 | J59: 3.54 | K59: =(E59+I59-J59)-H59 -> 3.54 | M59: =I59*F59 -> 0 | N59: =J59*F59+0.02 -> 203.07 | O59: =(G59+M59-N59)-L59 -> 203.07 | P59: 7.08 | Q59: =E59*R$39 -> 14.16 | S59: 3.54 | U59: =G59/R$39 -> 203.07
A60: 6.1.6.2 | B60: Impermeabilização de superfície com argamassa de cimento e areia (media), traço 1:3, com aditivo impermeabilizante, e=2cm. | C60: m² | D60: 17.72 | E60: 35.44 | F60: 30.19 | G60: =F60*E60+0.03 -> 1069.96 | J60: 17.72 | K60: =(E60+I60-J60)-H60 -> 17.72 | M60: =I60*F60 -> 0 | N60: =J60*F60+0.01 -> 534.98 | O60: =(G60+M60-N60)-L60 -> 534.98 | P60: 35.44 | Q60: =E60*R$39 -> 70.88 | S60: 17.72 | U60: =G60/R$39 -> 534.98
A61: 6.1.6.3 | B61: Regularização de piso/base em argamassa traço 1:3 (cimento e areia), espessura 3,0cm, preparo manual | C61: m² | D61: 17.72 | E61: 35.44 | F61: 7.8 | G61: =F61*E61+0.02 -> 276.45 | J61: 17.72 | K61: =(E61+I61-J61)-H61 -> 17.72 | M61: =I61*F61 -> 0 | N61: =J61*F61+0.01 -> 138.23 | O61: =(G61+M61-N61)-L61+0.01 -> 138.23 | P61: 35.44 | Q61: =E61*R$39 -> 70.88 | S61: 17.72 | U61: =G61/R$39 -> 138.23
A62: 6.1.6.4 | B62: Piso cerâmico pei 4 assentado sobre argamassa 1:4 (cimento e areia) rejuntado com cimento comum | C62: m² | D62: 4 | E62: 8 | F62: 41.53 | G62: =F62*E62+0.02 -> 332.26 | J62: 4 | K62: =(E62+I62-J62)-H62 -> 4 | M62: =I62*F62 -> 0 | N62: =J62*F62+0.01 -> 166.13 | O62: =(G62+M62-N62)-L62 -> 166.13 | P62: 8 | Q62: =E62*R$39 -> 16 | S62: 4 | U62: =G62/R$39 -> 166.13
A63: 6.1.6.5 | B63: Piso (calcada) em concreto (cimento/areia/seixo rolado) preparo mecânico, e espessura de 7cm, com junta de dilatação em madeira | C63: m² | D63: 12.88 | E63: 25.76 | F63: 31.49 | G63: =F63*E63+0.03 -> 811.21 | J63: 12.88 | K63: =(E63+I63-J63)-H63 -> 12.88 | M63: =I63*F63 -> 0 | N63: =J63*F63+0.02 -> 405.61 | O63: =(G63+M63-N63)-L63+0.01 -> 405.61 | P63: 25.76 | Q63: =E63*R$39 -> 51.52 | S63: 12.88 | U63: =G63/R$39 -> 405.61
A65: 6.1.7 | B65: INSTALAÇÕES ELÉTRICAS | G65: =SUM(G66:G77) -> 3156.07
A66: 6.1.7.1 | B66: Cabo de cobre isolado PVC 450/750v 2,5mm2 resistente a chama - fornecimento e instalação | C66: m | D66: 65.08 | E66: 130.16 | F66: 2.63 | G66: =F66*E66+0.03 -> 342.35 | J66: 65.08 | K66: =(E66+I66-J66)-H66 -> 65.08 | M66: =I66*F66 -> 0 | N66: =J66*F66+0.02 -> 171.18 | O66: =(G66+M66-N66)-L66+0.01 -> 171.18 | P66: 130.16 | Q66: =E66*R$39 -> 260.32 | S66: 65.08 | U66: =G66/R$39 -> 171.18
A67: 6.1.7.2 | B67: Cabo de cobre isolado PVC 450/750v 10mm2 resistente a chama - fornecimento e instalação | C67: m | D67: 14 | E67: 28 | F67: 9.2 | G67: =F67*E67 -> 257.6 | J67: 14 | K67: =(E67+I67-J67)-H67 -> 14 | M67: =I67*F67 -> 0 | N67: =J67*F67 -> 128.8 | O67: =(G67+M67-N67)-L67 -> 128.8 | P67: 28 | Q67: =E67*R$39 -> 56 | S67: 14 | U67: =G67/R$39 -> 128.8
A68: 6.1.7.3 | B68: Disjuntor termomagnético bipolar padrão nema (americano) 10 a 50a 240v, fornecimento e instalação | C68: unid. | D68: 2 | E68: 4 | F68: 47.95 | G68: =F68*E68+0.03 -> 191.83 | J68: 2 | K68: =(E68+I68-J68)-H68 -> 2 | M68: =I68*F68 -> 0 | N68: =J68*F68+0.02 -> 95.92 | O68: =(G68+M68-N68)-L68+0.01 -> 95.92 | P68: 4 | Q68: =E68*R$39 -> 8 | S68: 2 | U68: =G68/R$39 -> 95.92
A69: 6.1.7.4 | B69: Disjuntor termomagnético monopolar padrão nema (americano) 10 a 30a 240v, fornecimento e instalação | C69: unid. | D69: 3 | E69: 6 | F69: 10.49 | G69: =F69*E69+0.03 -> 62.97 | J69: 3 | K69: =(E69+I69-J69)-H69 -> 3 | M69: =I69*F69 -> 0 | N69: =J69*F69+0.02 -> 31.49 | O69: =(G69+M69-N69)-L69+0.01 -> 31.49 | P69: 6 | Q69: =E69*R$39 -> 12 | S69: 3 | U69: =G69/R$39 -> 31.49
A70: 6.1.7.5 | B70: Curva 90° p/ elet. F°G° 1/2" (IE) | C70: unid. | D70: 4 | E70: 8 | F70: 8.64 | G70: =F70*E70+0.03 -> 69.15 | J70: 4 | K70: =(E70+I70-J70)-H70 -> 4 | N70: =J70*F70+0.02 -> 34.58 | O70: =(G70+M70-N70)-L70+0.01 -> 34.58 | P70: 8 | Q70: =E70*R$39 -> 16 | S70: 4 | U70: =G70/R$39 -> 34.58
A71: 6.1.7.6 | B71: Eletroduto de PVC rígido rosável dn 40mm (1 1/2") incl conexões, fornecimento e instalação | C71: m | D71: 18 | E71: 36 | F71: 18.08 | G71: =F71*E71+0.03 -> 650.91 | J71: 18 | K71: =(E71+I71-J71)-H71 -> 18 | M71: =I71*F71 -> 0 | N71: =J71*F71+0.02 -> 325.46 | O71: =(G71+M71-N71)-L71+0.01 -> 325.46 | P71: 36 | Q71: =E71*R$39 -> 72 | S71: 18 | U71: =G71/R$39 -> 325.46
A72: 6.1.7.7 | B72: Quadro de distribuição de energia p/ 6 disjuntores termomagnéticos monopolares sem barramento, de embutir, em chapa metálica - fornecimento | C72: unid. | D72: 1 | E72: 2 | F72: 48 | G72: =F72*E72 -> 96 | J72: 1 | K72: =(E72+I72-J72)-H72 -> 1 | M72: =I72*F72 -> 0 | N72: =J72*F72 -> 48 | O72: =(G72+M72-N72)-L72 -> 48 | P72: 2 | Q72: =E72*R$39 -> 4 | S72: 1 | U72: =G72/R$39 -> 48
A73: 6.1.7.8 | B73: Interruptor simples com 1 tomada universal conjugados | C73: unid. | D73: 1 | E73: 2 | F73: 17.53 | G73: =F73*E73 -> 35.06 | J73: 1 | K73: =(E73+I73-J73)-H73 -> 1 | M73: =I73*F73 -> 0 | N73: =J73*F73 -> 17.53 | O73: =(G73+M73-N73)-L73 -> 17.53 | P73: 2 | Q73: =E73*R$39 -> 4 | S73: 1 | U73: =G73/R$39 -> 17.53
A74: 6.1.7.9 | B74: Caixa de passagem 60x60x70 fundo brita com tampa | C74: unid. | D74: 2 | E74: 4 | F74: 325.18 | G74: =F74*E74+0.03 -> 1300.75 | J74: 2 | K74: =(E74+I74-J74)-H74 -> 2 | M74: =I74*F74 -> 0 | N74: =J74*F74+0.02 -> 650.38 | O74: =(G74+M74-N74)-L74+0.01 -> 650.38 | P74: 4 | Q74: =E74*R$39 -> 8 | S74: 2 | U74: =G74/R$39 -> 650.38
A75: 6.1.7.10 | B75: Caixa de passagem PVC 4x2" - fornecimento e instalação | C75: unid. | D75: 4 | E75: 8 | F75: 5.47 | G75: =F75*E75+0.03 -> 43.79 | J75: 4 | K75: =(E75+I75-J75)-H75 -> 4 | M75: =I75*F75 -> 0 | N75: =J75*F75+0.02 -> 21.9 | O75: =(G75+M75-N75)-L75+0.01 -> 21.9 | P75: 8 | Q75: =E75*R$39 -> 16 | S75: 4 | U75: =G75/R$39 -> 21.9
A76: 6.1.7.11 | B76: Tomada de embutir 2p+t 10a/250v c/ placa - fornecimento e instalação | C76: unid. | D76: 3 | E76: 6 | F76: 9.53 | G76: =F76*E76 -> 57.18 | J76: 3 | K76: =(E76+I76-J76)-H76 -> 3 | M76: =I76*F76 -> 0 | N76: =J76*F76 -> 28.59 | O76: =(G76+M76-N76)-L76 -> 28.59 | P76: 6 | Q76: =E76*R$39 -> 12 | S76: 3 | U76: =G76/R$39 -> 28.59
A77: 6.1.7.12 | B77: Luminária tipo spot para 1 lâmpada incandescente/fluorescente compacta | C77: unid. | D77: 1 | E77: 2 | F77: 24.24 | G77: =F77*E77 -> 48.48 | J77: 1 | K77: =(E77+I77-J77)-H77 -> 1 | M77: =I77*F77 -> 0 | N77: =J77*F77 -> 24.24 | O77: =(G77+M77-N77)-L77 -> 24.24 | P77: 2 | Q77: =E77*R$39 -> 4 | S77: 1 | U77: =G77/R$39 -> 24.24
P78: 0 | Q78: =E78*R$39 -> 0
A79: 6.1.8 | B79: INSTALAÇÃO HIDRÁULICA | G79: =SUM(G80:G85) -> 1333.4 | P79: 0 | Q79: =E79*R$39 -> 0
A80: 6.1.8.1 | B80: Ponto de água (incl. tubos e conexões) | C80: pt | D80: 1 | E80: 2 | F80: 211.98 | G80: =F80*E80 -> 423.96 | J80: 1 | K80: =(E80+I80-J80)-H80 -> 1 | M80: =I80*F80 -> 0 | N80: =J80*F80 -> 211.98 | O80: =(G80+M80-N80)-L80 -> 211.98 | P80: 2 | Q80: =E80*R$39 -> 4 | S80: 1 | U80: =G80/R$39 -> 211.98
A81: 6.1.8.2 | B81: Registro gaveta 1/2" bruto latão - fornecimento e instalação | C81: pç | D81: 4 | E81: 8 | F81: 31.73 | G81: =F81*E81 -> 253.84 | J81: 4 | K81: =(E81+I81-J81)-H81 -> 4 | M81: =I81*F81 -> 0 | N81: =J81*F81 -> 126.92 | O81: =(G81+M81-N81)-L81 -> 126.92 | P81: 8 | Q81: =E81*R$39 -> 16 | S81: 4 | U81: =G81/R$39 -> 126.92
A82: 6.1.8.3 | B82: Tubo PVC para esgoto predial dn 100mm - fornecimento e instalação | C82: m | D82: 6 | E82: 12 | F82: 20.87 | G82: =F82*E82 -> 250.44 | J82: 6 | K82: =(E82+I82-J82)-H82 -> 6 | M82: =I82*F82 -> 0 | N82: =J82*F82 -> 125.22 | O82: =(G82+M82-N82)-L82 -> 125.22 | P82: 12 | Q82: =E82*R$39 -> 24 | S82: 6 | U82: =G82/R$39 -> 125.22
A83: 6.1.8.4 | B83: Caixa de gordura simples em concreto pré-moldado dn 40mm com tampa - fornecimento e instalação | C83: unid | D83: 2 | E83: 4 | F83: 72.38 | G83: =F83*E83 -> 289.52 | J83: 2 | K83: =(E83+I83-J83)-H83 -> 2 | M83: =I83*F83 -> 0 | N83: =J83*F83 -> 144.76 | O83: =(G83+M83-N83)-L83 -> 144.76 | P83: 4 | Q83: =E83*R$39 -> 8 | S83: 2 | U83: =G83/R$39 -> 144.76
A84: 6.1.8.5 | B84: Torneira cromada longa 1/2" ou 3/4" de parede para pia, padrão popular - fornecimento e instalação | C84: unid | D84: 1 | E84: 2 | F84: 37.79 | G84: =F84*E84 -> 75.58 | J84: 1 | K84: =(E84+I84-J84)-H84 -> 1 | M84: =I84*F84 -> 0 | N84: =J84*F84 -> 37.79 | O84: =(G84+M84-N84)-L84 -> 37.79 | P84: 2 | Q84: =E84*R$39 -> 4 | S84: 1 | U84: =G84/R$39 -> 37.79
A85: 6.1.8.6 | B85: Sifão plástico para lavatório ou pia tipo copo 1.1/4" - fornecimento e instalação | C85: pç | D85: 1 | E85: 2 | F85: 20.03 | G85: =F85*E85 -> 40.06 | J85: 1 | K85: =(E85+I85-J85)-H85 -> 1 | M85: =I85*F85 -> 0 | N85: =J85*F85 -> 20.03 | O85: =(G85+M85-N85)-L85 -> 20.03 | P85: 2 | Q85: =E85*R$39 -> 4 | S85: 1 | U85: =G85/R$39 -> 20.03
U86: =G86/R$39 -> 0
A87: 6.1.9 | B87: ESQUADRIA E DIVERSOS | G87: =SUM(G88:G91) -> 9600.25
A88: 6.1.9.1 | B88: Bancada (tampo) mármore branco nacional e = 3cm, largura 50cm, polido com furo para cuba - fornecimento e instalação | C88: m | D88: 7.5 | E88: 15 | F88: 299.58 | G88: =F88*E88 -> 4493.7 | J88: 7.5 | K88: =(E88+I88-J88)-H88 -> 7.5 | M88: =I88*F88 -> 0 | N88: =J88*F88 -> 2246.85 | O88: =(G88+M88-N88)-L88 -> 2246.85 | P88: 15 | Q88: =E88*R$39 -> 30 | S88: 7.5 | U88: =G88/R$39 -> 2246.85
A89: 6.1.9.2 | B89: Porta de aço de enrolar ondulada chapa 24 raiada larga | C89: m² | D89: 7.2 | E89: 14.4 | F89: 230.83 | G89: =F89*E89+0.03 -> 3323.98 | J89: 7.2 | K89: =(E89+I89-J89)-H89 -> 7.2 | M89: =I89*F89 -> 0 | N89: =J89*F89+0.01 -> 1661.99 | O89: =(G89+M89-N89)-L89 -> 1661.99 | P89: 14.4 | Q89: =E89*R$39 -> 28.8 | S89: 7.2 | U89: =G89/R$39 -> 1661.99
A90: 6.1.9.3 | B90: Porta de madeira almofadada semi-oca 1a, 80x210x3cm, incluso aduela 2a , alizar 2a e dobradiças | C90: unid. | D90: 1 | E90: 2 | F90: 513.91 | G90: =F90*E90 -> 1027.82 | J90: 1 | K90: =(E90+I90-J90)-H90 -> 1 | M90: =I90*F90 -> 0 | N90: =J90*F90 -> 513.91 | O90: =(G90+M90-N90)-L90 -> 513.91 | P90: 2 | Q90: =E90*R$39 -> 4 | S90: 1 | U90: =G90/R$39 -> 513.91
A91: 6.1.9.4 | B91: Esquadria mad. e=3cm c/ caixilho | C91: m² | D91: 1.08 | E91: 2.16 | F91: 349.42 | G91: =F91*E91 -> 754.75 | J91: 1.08 | K91: =(E91+I91-J91)-H91 -> 1.08 | M91: =I91*F91 -> 0 | N91: =J91*F91+0.01 -> 377.38 | O91: =(G91+M91-N91)-L91+0.01 -> 377.38 | P91: 2.16 | Q91: =E91*R$39 -> 4.32 | S91: 1.08 | U91: =G91/R$39 -> 377.38
U92: =G92/R$39 -> 0
A93: 6.1.10 | B93: FORRO PVC | G93: =SUM(G94:G95) -> 406.64
A94: 6.1.10.1 | B94: Barroteamento em madeira de lei p/ forro PVC | C94: m² | D94: 4 | E94: 8 | F94: 29.23 | G94: =F94*E94 -> 233.84 | J94: 4 | K94: =(E94+I94-J94)-H94 -> 4 | M94: =I94*F94 -> 0 | N94: =J94*F94 -> 116.92 | O94: =(G94+M94-N94)-L94 -> 116.92 | P94: 8 | Q94: =E94*R$39 -> 16 | S94: 4 | U94: =G94/R$39 -> 116.92
A95: 6.1.10.2 | B95: Forro em lambri de PVC | C95: m² | D95: 4 | E95: 8 | F95: 21.6 | G95: =F95*E95 -> 172.8 | J95: 4 | K95: =(E95+I95-J95)-H95 -> 4 | M95: =I95*F95 -> 0 | N95: =J95*F95 -> 86.4 | O95: =(G95+M95-N95)-L95 -> 86.4 | P95: 8 | Q95: =E95*R$39 -> 16 | S95: 4 | U95: =G95/R$39 -> 86.4
A97: 6.1.11 | B97: PINTURA | G97: =SUM(G98:G101) -> 1236.54
A98: 6.1.11.1 | B98: Emassamento com massa acrílica, uma demão | C98: m² | D98: 29.32 | E98: 58.64 | F98: 5.6 | G98: =F98*E98 -> 328.38 | J98: 29.32 | K98: =(E98+I98-J98)-H98 -> 29.32 | M98: =I98*F98 -> 0 | N98: =J98*F98 -> 164.19 | O98: =(G98+M98-N98)-L98 -> 164.19 | P98: 58.64 | Q98: =E98*R$39 -> 117.28 | S98: 29.32 | U98: =G98/R$39 -> 164.19
A99: 6.1.11.2 | B99: Fundo selador acrílico, uma demão | C99: m² | D99: 29.32 | E99: 58.64 | F99: 2.82 | G99: =F99*E99 -> 165.36 | J99: 29.32 | K99: =(E99+I99-J99)-H99 -> 29.32 | M99: =I99*F99 -> 0 | N99: =J99*F99 -> 82.68 | O99: =(G99+M99-N99)-L99 -> 82.68 | P99: 58.64 | Q99: =E99*R$39 -> 117.28 | S99: 29.32 | U99: =G99/R$39 -> 82.68
A100: 6.1.11.3 | B100: Pintura esmalte acetinado, duas demãos, sobre superfície metálica | C100: m² | D100: 14.4 | E100: 28.8 | F100: 11.03 | G100: =F100*E100 -> 317.66 | J100: 14.4 | K100: =(E100+I100-J100)-H100 -> 14.4 | M100: =I100*F100 -> 0 | N100: =J100*F100 -> 158.83 | O100: =(G100+M100-N100)-L100 -> 158.83 | P100: 28.8 | Q100: =E100*R$39 -> 57.6 | S100: 14.4 | U100: =G100/R$39 -> 158.83
A101: 6.1.11.4 | B101: Pintura pva, duas demãos | C101: m² | D101: 29.32 | E101: 58.64 | F101: 7.25 | G101: =F101*E101 -> 425.14 | J101: 29.32 | K101: =(E101+I101-J101)-H101 -> 29.32 | M101: =I101*F101 -> 0 | N101: =J101*F101 -> 212.57 | O101: =(G101+M101-N101)-L101 -> 212.57 | P101: 58.64 | Q101: =E101*R$39 -> 117.28 | S101: 29.32 | U101: =G101/R$39 -> 212.57
A103: 6.2 | B103: Quiosques 02 | C103: unid | E103: 1 | F103: 39996.38 | G103: =F103*E103 -> 39996.38 | L103: =SUM(L105:L175) -> 0 | M103: =SUM(M105:M175) -> 0 | N103: =SUM(N105:N175) -> 0 | O103: =SUM(O105:O175) -> 39996.38
A104: 6.2.1 | B104: FUNDAÇÃO E ESCAVAÇÃO | D104: 0 | G104: 2989.6 | K104: =(E104+I104-J104)-H104 -> 0 | M104: =I104*F104 -> 0 | N104: =J104*F104 -> 0 | Q104: 2
A105: 6.2.1.1 | B105: Concreto ciclopico fck=10mpa 30% pedra de mão inclusive lançamento | C105: m³ | D105: 7.9 | E105: 7.9 | F105: 378.43 | G105: 2989.6 | K105: =(E105+I105-J105)-H105 -> 7.9 | M105: =I105*F105 -> 0 | N105: =J105*F105 -> 0 | O105: =(G105+M105-N105)-L105 -> 2989.6 | P105: =E105*Q$104 -> 15.8 | Q105: 2
A107: 6.2.2 | B107: ESTRUTURA | G107: 3483.08
A108: 6.2.2.1 | B108: Forma tabuas madeira 3a p/ pecas concreto arm, reapr 2x, incl montagem e desmontagem. Pilares e vigas | C108: m² | D108: 50.9 | E108: 50.9 | F108: 41.18 | G108: 2096.09 | K108: =(E108+I108-J108)-H108 -> 50.9 | M108: =I108*F108 -> 0 | N108: =J108*F108 -> 0 | O108: =(G108+M108-N108)-L108 -> 2096.09 | P108: =E108*Q$104 -> 101.8
A109: 6.2.2.2 | B109: Concreto c/ seixo Fck= 18.0 MPA (incl. preparo e lançamento) | C109: m³ | D109: 2.91 | E109: 2.91 | F109: 476.62 | G109: 1386.99 | K109: =(E109+I109-J109)-H109 -> 2.91 | M109: =I109*F109 -> 0 | N109: =J109*F109 -> 0 | O109: =(G109+M109-N109)-L109 -> 1386.99 | P109: =E109*Q$104 -> 5.82
P110: =E110*Q$104 -> 0
A111: 6.2.3 | B111: COBERTURA | G111: 5903.59 | P111: =E111*Q$104 -> 0
A112: 6.2.3.1 | B112: Estrutura de madeira de lei, primeira qualidade, serrada, não aparelhada, para telhas cerâmicas, vãos de ate 7m | C112: m² | D112: 47.18 | E112: 47.18 | F112: 80.12 | G112: 3780.09 | K112: =(E112+I112-J112)-H112 -> 47.18 | M112: =I112*F112 -> 0 | N112: =J112*F112 -> 0 | O112: =(G112+M112-N112)-L112 -> 3780.09 | P112: =E112*Q$104 -> 94.36
A113: 6.2.3.2 | B113: Cobertura em telha cerâmica tipo plan, excluindo madeiramento | C113: m² | D113: 47.18 | E113: 47.18 | F113: 41.22 | G113: 1944.79 | K113: =(E113+I113-J113)-H113 -> 47.18 | M113: =I113*F113 -> 0 | N113: =J113*F113 -> 0 | O113: =(G113+M113-N113)-L113 -> 1944.79 | P113: =E113*Q$104 -> 94.36
A114: 6.2.3.3 | B114: Cumeeira com telha cerâmica embocada com argamassa traço 1:2:8 (cimento, cal e areia) | C114: m | D114: 12 | E114: 12 | F114: 14.89 | G114: 178.71 | K114: =(E114+I114-J114)-H114 -> 12 | M114: =I114*F114 -> 0 | N114: =J114*F114 -> 0 | O114: =(G114+M114-N114)-L114 -> 178.71 | P114: =E114*Q$104 -> 24
P115: =E115*Q$104 -> 0
A116: 6.2.4 | B116: PAREDES E DIVISÓRIAS | G116: 3516.13 | P116: =E116*Q$104 -> 0
...

Sheet PLANILHA CURVA ABC ATT
B1: CURVA ABC
B2: OBJETO: Construção da Praça de Eventos Segunda Etapa nesta cidade de Santarém/Pará
B3: CONTRATANTE: Secretaria de Infraestrutura - SEMINFRA | E3: CONVÊNIO: 373.259.-91/11
B6: MUNICÍPIO/UF: Santarém/PA | E6: CONTRATO: 002/2015 - NGO
A9: CODIGO | B9: ITEM | C9: DESCRIÇÃO | D9: UNID. | E9: QUANT. | F9: VALOR UNIT. | G9: VALOR TOTAL | H9: % | I9: ACUMUL. %
A10: 73675 | B10: 4.2 | C10: Piso de concreto acabamento rústico espessura 7cm com juntas em madeira | D10: m² | E10: 4146.75 | F10: 51.94 | G10: 215382.19 | H10: =G10/G$266 -> 0.2067 | I10: =H10 -> 0.2067
A11: 73629 | B11: 4.3 | C11: Piso em ladrilho hidráulico 20x20cm assentado sobre argamassa de cimento colante rejuntado com cimento comum | D11: m² | E11: 3098.09 | F11: 34.3 | G11: 106264.49 | H11: =G11/G$266 -> 0.102 | I11: =I10+H11 -> 0.3087
A12: 73904/001 | B12: 2.3 | C12: Aterro compactado c/ apiloamento | D12: m³ | E12: 1801.84 | F12: 56.22 | G12: 101299.44 | H12: =G12/G$266 -> 0.0972 | I12: =I11+H12 -> 0.4059
A13: 73992/001 | B13: 1.3 | C13: Locação convencional de obra, através de gabarito de tabuas corridas pontaletadas a cada 1,50m, sem reaproveitamento | D13: m² | E13: 7992.07 | F13: 5.16 | G13: 41239.08 | H13: =G13/G$266 -> 0.0396 | I13: =I12+H13 -> 0.4455
A14: 72182 | B14: 6.4.5.2 | C14: Piso em concreto 20 mpa preparo mecânico, espessura 7cm, incluso juntas de dilatação em poliuretano 2x2m | D14: m² | E14: 703 | F14: 54.56 | G14: 38355.68 | H14: =G14/G$266 -> 0.0368 | I14: =I13+H14 -> 0.4823
A15: 171282 | B15: 6.4.6.2.2.5 | C15: Projetor c/ lâmpada vapor met. 1000W completo | D15: unid | E15: 24 | F15: 1502.23 | G15: 36053.52 | H15: =G15/G$266 -> 0.0346 | I15: =I14+H15 -> 0.5169
A16: 74236/001 | B16: 3.1 | C16: Grama batatais em placas | D16: m² | E16: 3168.58 | F16: 11.21 | G16: 35519.78 | H16: =G16/G$266 -> 0.0341 | I16: =I15+H16 -> 0.551
A17: FORNECEDOR 01 | B17: 5.4 | C17: Playground (macaco, balanço em madeira, barras paralelas para escalagem, balanço em pneus, escorregador e gangorra) | D17: unid. | E17: 1 | F17: 29654 | G17: 29654 | H17: =G17/G$266 -> 0.0285 | I17: =I16+H17 -> 0.5795
A18: 72182 | B18: 6.5.5.2 | C18: Piso em concreto 20 mpa preparo mecânico, espessura 7cm, incluso juntas de dilatação em poliuretano 2x2m | D18: m² | E18: 540 | F18: 54.56 | G18: 29462.4 | H18: =G18/G$266 -> 0.0283 | I18: =I17+H18 -> 0.6078
A19: 83731 | B19: 6.4.5.1 | C19: Impermeabilização de superfície com argamassa de cimento e areia, traço 1:3, com aditivo impermeabilizante, e=3 cm | D19: m² | E19: 703 | F19: 34.88 | G19: 24520.64 | H19: =G19/G$266 -> 0.0235 | I19: =I18+H19 -> 0.6313
A20: 73904/001 | B20: 6.4.1.2 | C20: Aterro apiloado(manual) em camadas de 20 cm com material de empréstimo | D20: m³ | E20: 281.2 | F20: 67.35 | G20: 18938.82 | H20: =G20/G$266 -> 0.0182 | I20: =I19+H20 -> 0.6495
A21: 83731 | B21: 6.5.5.1 | C21: Impermeabilização de superfície com argamassa de cimento e areia, traço 1:3, com aditivo impermeabilizante, e=3 cm | D21: m² | E21: 540 | F21: 34.88 | G21: 18835.2 | H21: =G21/G$266 -> 0.0181 | I21: =I20+H21 -> 0.6676
A22: 171282 | B22: 6.4.6.2.2.5 | C22: Projetor c/ lâmpada vapor met. 1000W completo | D22: unid | E22: 12 | F22: 1502.23 | G22: 18026.76 | H22: =G22/G$266 -> 0.0173 | I22: =I21+H22 -> 0.6849
A23: ANEXO | B23: 5.3 | C23: Caramanchão de madeira de lei, med. 8,00 x 1,60 m x h=2,85 m | D23: unid. | E23: 6 | F23: 2650.88 | G23: 15905.28 | H23: =G23/G$266 -> 0.0153 | I23: =I22+H23 -> 0.7002
A24: 74228/001 | B24: 5.1 | C24: Banco de concreto c/ assento cimentado liso med: 2,90 x 0,50 x h=0,45 | D24: m | E24: 100.8 | F24: 144.97 | G24: 14612.97 | H24: =G24/G$266 -> 0.014 | I24: =I23+H24 -> 0.7142
A25: 73904/001 | B25: 6.5.1.2 | C25: Aterro apiloado(manual) em camadas de 20 cm com material de empréstimo | D25: m³ | E25: 216 | F25: 67.35 | G25: 14547.6 | H25: =G25/G$266 -> 0.014 | I25: =I24+H25 -> 0.7282
A26: 73804/001 | B26: 6.5.7.4 | C26: Proteção de fachada com tela de nylon 3mm fixada em estrutura de madeira com arame galvanizado | D26: m² | E26: 570 | F26: 18.02 | G26: 10271.4 | H26: =G26/G$266 -> 0.0099 | I26: =I25+H26 -> 0.7381
A27: 73804/001 | B27: 6.4.6.4 | C27: Proteção de fachada com tela de nylon 3mm fixada em estrutura de madeira com arame galvanizado | D27: m² | E27: 560 | F27: 18.02 | G27: 10091.2 | H27: =G27/G$266 -> 0.0097 | I27: =I26+H27 -> 0.7478
A28: 250610 | B28: 6.4.6.3 | C28: Equipamento completo p/ quadra de esportes (TRAVES DE METAL, REDES PARA TRAVE, TABELAS DE BASQUETE COM SUPORTE METALICO) | D28: cj | E28: 1 | F28: 10082.42 | G28: 10082.42 | H28: =G28/G$266 -> 0.0097 | I28: =I27+H28 -> 0.7575
A29: 250610 | B29: 6.5.7.3 | C29: Equipamento completo p/ quadra de esportes (SUPORTE PADRAO PARA REDE DE VOLEI/ REDE DE VOLEI CONJUNTO PARA DUAS QUADRAS) | D29: cj | E29: 1 | F29: 10082.42 | G29: 10082.42 | H29: =G29/G$266 -> 0.0097 | I29: =I28+H29 -> 0.7672
A30: 73976/007 | B30: 6.4.6.5 | C30: Tubo de aço galvanizado com costura 2" (50mm), inclusive conexões - fornecimento e instalação | D30: m | E30: 90 | F30: 103.19 | G30: 9287.1 | H30: =G30/G$266 -> 0.0089 | I30: =I29+H30 -> 0.7761
A31: 73976/007 | B31: 6.5.7.5 | C31: Tubo de aço galvanizado com costura 2" (50mm), inclusive conexões - fornecimento e instalação | D31: m | E31: 90 | F31: 103.19 | G31: 9287.1 | H31: =G31/G$266 -> 0.0089 | I31: =I30+H31 -> 0.785
A32: 73783/008 | B32: 6.4.6.2.2.4 | C32: Poste concreto seção circular comprimento=11m e carga nominal 200kg inclusive escavação exclusive transporte - fornecimento e colocação | D32: unid | E32: 8 | F32: 987.97 | G32: 7903.76 | H32: =G32/G$266 -> 0.0076 | I32: =I31+H32 -> 0.7926
A33: 73935/002 | B33: 6.3.4.1 | C33: Alvenaria em tijolo cerâmico furado 9x19x19cm, 1 vez (espessura 19 cm) , assentado em argamassa traço 1:4 (cimento e areia media não peneirada), preparo manual, junta 1 cm | D33: m² | E33: 135.91 | F33: 55.98 | G33: 7608.27 | H33: =G33/G$266 -> 0.0073 | I33: =I32+H33 -> 0.7999
A34: 73935/002 | B34: 6.4.3.1 | C34: Alvenaria em tijolo cerâmico furado 9x19x19cm, 1 vez (espessura 19 cm), assentado em argamassa traço 1:4 (cimento e areia media não peneirada), preparo manual, junta1 cm | D34: m² | E34: 112 | F34: 59.7 | G34: 6686.4 | H34: =G34/G$266 -> 0.0064 | I34: =I33+H34 -> 0.8063
A35: 9537 | B35: 7.1 | C35: Limpeza final de entrega da obra | D35: unid | E35: 4865.16 | F35: 1.24 | G35: 6032.8
A36: 050267 | B36: 6.4.4.1 | C36: Concreto armado Fck=18 MPA c/ forma mad. Branca | D36: m³ | E36: 2.41 | F36: 2425.38 | G36: 5845.17
A37: 050267 | B37: 6.5.4.1 | C37: Concreto armado Fck=18 MPA c/ forma mad. Branca | D37: m³ | E37: 2.41 | F37: 2425.38 | G37: 5845.17
A38: 74245/001 | B38: 6.4.7.1 | C38: Pintura acrílica em piso cimentado duas demãos | D38: m2 | E38: 703 | F38: 8.11 | G38: 5701.33
A39: 72077 | B39: 6.3.3.1 | C39: Estrutura de madeira de lei, primeira qualidade, serrada, não aparelhada, para telhas cerâmicas, vãos de ate 7m | D39: m² | E39: 67.87 | F39: 80.12 | G39: 5437.78
A40: 41595 | B40: 4.4 | C40: Pintura acrílica de faixas de demarcação em quadra poliesportiva, 5 cm de largura (PINTURA CICLOFAIXA) | D40: m² | E40: 893.11 | F40: 5.47 | G40: 4885.31
A41: 5974 | B41: 6.5.3.2 | C41: Chapisco traço 1:4 (cimento e areia grossa), espessura 0,5cm, preparo mecânico da argamassa | D41: m² | E41: 228 | F41: 19.67 | G41: 4484.76
A42: 74245/001 | B42: 6.5.8.1 | C42: Pintura acrílica em piso cimentado duas demãos | D42: m2 | E42: 540 | F42: 8.11 | G42: 4379.4
A43: 73361 | B43: 6.5.2.1 | C43: Concreto ciclópico fck=10mpa 30% pedra de mão inclusive lançamento | D43: m³ | E43: 10.49 | F43: 396.94 | G43: 4163.9
A44: 73361 | B44: 6.4.2.1 | C44: Concreto ciclópico fck=10mpa 30% pedra de mão inclusive lançamento | D44: m³ | E44: 10.31 | F44: 396.94 | G44: 4092.45
A45: 73361 | B45: 6.3.1.1 | C45: Concreto ciclopico fck=10mpa 30% pedra de mão inclusive lançamento | D45: m³ | E45: 10.76 | F45: 378.43 | G45: 4071.91
A46: 73783/008 | B46: 6.4.6.2.2.4 | C46: Poste concreto seção circular comprimento=11m e carga nominal 200kg inclusive escavação exclusive transporte - fornecimento e colocação | D46: unid | E46: 4 | F46: 987.58 | G46: 3950.32
A47: 72077 | B47: 6.2.3.1 | C47: Estrutura de madeira de lei, primeira qualidade, serrada, não aparelhada, para telhas cerâmicas, vãos de ate 7m | D47: m² | E47: 46.39 | F47: 80.12 | G47: 3716.8
A48: 00000406 | B48: 6.4.6.2.2.15 | C48: Fita aço inox p/ cintar poste fusimec/ericsson/eriband ou sim 0,8 x 19 mm (rolo de 30 m) | D48: m | E48: 104 | F48: 33.93 | G48: 3528.72
A49: 73935/002 | B49: 6.2.4.1 | C49: Alvenaria em tijolo cerâmico furado 9x19x19cm, 1 vez (espessura 19 cm) , assentado em argamassa traço 1:4 (cimento e areia media não peneirada), preparo manual, junta 1 cm | D49: m² | E49: 61.14 | F49: 55.98 | G49: 3422.64
A50: 41595 | B50: 6.4.7.2 | C50: Pintura acrílica de faixas de demarcação em quadra poliesportiva, 5 cm de largura | D50: m2 | E50: 512 | F50: 6.27 | G50: 3210.24
A51: 73361 | B51: 6.2.1.1 | C51: Concreto ciclopico fck=10mpa 30% pedra de mão inclusive lançamento | D51: m³ | E51: 7.84 | F51: 378.43 | G51: 2966.89
A52: 5995 | B52: 6.3.5.2 | C52: Reboco argamassa traço 1:4,5 (cal e areia fina), espessura 0,5cm, preparo mecânico da argamassa | D52: m² | E52: 234.86 | F52: 12.48 | G52: 2931.08
A53: 75481 | B53: 6.4.3.3 | C53: Reboco argamassa traço 1:2 (cal e areia fina peneirada), espessura 0,5cm, preparo manual da argamassa | D53: m² | E53: 224 | F53: 12.74 | G53: 2853.76
A54: 73938/002 | B54: 6.3.3.2 | C54: Cobertura em telha cerâmica tipo plan, excluindo madeiramento | D54: m² | E54: 67.87 | F54: 41.22 | G54: 2797.63
A55: 72077 | B55: 6.1.3.1 | C55: Estrutura de madeira de lei, primeira qualidade, serrada, não aparelhada, para telhas cerâmicas, vãos de ate 7m | D55: m² | E55: 31.28 | F55: 80.12 | G55: 2506.17
A56: 73947/001 | B56: 6.3.8.6 | C56: Lavatório louca br médio luxo c/ladrão med. 55x45 rabicho cromado de 1/2", c/coluna incl acessórios de fixação.ferragens em metal cromadosifao 1680 de 1"x1.1/4" aparelho misturador 1875/c45 c/arejador válvula de escoamento 1603 rabicho em PVC. Forn | D56: unid. | E56: 6 | F56: 413.94 | G56: 2483.64
A57: 83446 | B57: 6.4.6.2.2.2 | C57: Caixa de passagem 30x30x40 com tampa e dreno brita | D57: unid | E57: 16 | F57: 146.78 | G57: 2348.48
A58: 73892/001 | B58: 6.3.6.5 | C58: Piso (calcada) em concreto (cimento/areia/seixo rolado) preparo mecânico, e espessura de 7cm, com junta de dilatação em madeira | D58: m² | E58: 73.16 | F58: 31.49 | G58: 2303.84
A59: 171017 | B59: 6.4.6.2.2.14 | C59: Eletroduto de F°G° de 1" | D59: m | E59: 104 | F59: 21.97 | G59: 2284.88
A60: 5968 | B60: 6.3.6.2 | C60: Impermeabilização de superfície com argamassa de cimento e areia (media), traço 1:3, com aditivo impermeabilizante, e=2cm. | D60: m² | E60: 73.16 | F60: 30.19 | G60: 2208.73
A61: 180214 | B61: 6.3.8.2 | C61: Ponto de esgoto (incl. tubos, conexões,cx. e ralos) | D61: pt | E61: 10 | F61: 212.82 | G61: 2128.2
A62: 180299 | B62: 6.3.8.1 | C62: Ponto de água (incl. tubos e conexões) | D62: pt | E62: 10 | F62: 211.98 | G62: 2119.8
A63: 170362 | B63: 6.4.6.2.2.9 | C63: Disjuntor 2P - 15 a 50A - PADRÃO DIN | D63: unid | E63: 8 | F63: 258 | G63: 2064
A64: 73912/002 | B64: 6.3.5.3 | C64: Revestimento com cerâmica esmaltada 20x20cm, 1a linha, padrão alto, assentada com argamassa de cimento colante e rejuntamento com cimento branco | D64: m² | E64: 74 | F64: 27.55 | G64: 2038.73
A65: 41595 | B65: 6.5.8.2 | C65: Pintura acrílica de faixas de demarcação em quadra poliesportiva, 5 cm de largura | D65: m2 | E65: 324 | F65: 6.27 | G65: 2031.48
A66: 73938/002 | B66: 6.2.3.2 | C66: Cobertura em telha cerâmica tipo plan, excluindo madeiramento | D66: m² | E66: 46.39 | F66: 41.22 | G66: 1912.23
A67: 73910/007 | B67: 6.3.9.1 | C67: Porta de madeira compensada lisa para cera/verniz, 0,90x2,10m, incluso aduela 1a, alizar 1a e dobradiça com anel | D67: unid. | E67: 4 | F67: 454.31 | G67: 1817.24
A68: 00000406 | B68: 6.4.6.2.2.15 | C68: Fita aço inox p/ cintar poste fusimec/ericsson/eriband ou sim 0,8 x 19 mm (rolo de 30 m) | D68: m | E68: 52 | F68: 33.93 | G68: 1764.36
A69: 73910/001 | B69: 6.3.9.3 | C69: Porta de madeira compensada lisa para pintura, 60 x 210 x 3,5cm, incluso aduela 2a, alizar 2a e dobradiça | D69: unid. | E69: 6 | F69: 292.15 | G69: 1752.9
A70: 83418 | B70: 6.4.6.2.2.18 | C70: Cabo de cobre isolamento termoplástico 0,6/1kv 4mm2 anti-chama - fornecimento e instalação | D70: m | E70: 360 | F70: 4.75 | G70: 1710
A71: 74136/003 | B71: 6.1.9.2 | C71: Porta de aço de enrolar ondulada chapa 24 raiada larga | D71: m² | E71: 7.2 | F71: 230.83 | G71: 1661.99
A72: 74136/003 | B72: 6.2.9.2 | C72: Porta de aço de enrolar ondulada chapa 24 raiada larga | D72: m² | E72: 7.2 | F72: 230.83 | G72: 1661.98
A73: 83449 | B73: 6.2.7.9 | C73: Caixa de passagem 60x60x70 fundo brita com tampa | D73: unid. | E73: 5 | F73: 325.18 | G73: 1625.9
A74: 74082/001 | B74: 6.4.6.2.2.16 | C74: Refletor redondo em alumínio com suporte e alça regulável para fixação, com lâmpada vapor de mercúrio 250w | D74: unid | E74: 8 | F74: 195.39 | G74: 1563.12
A75: 73361 | B75: 6.1.1.1 | C75: Concreto ciclopico fck=10mpa 30% pedra de mão inclusive lançamento | D75: m³ | E75: 3.86 | F75: 378.43 | G75: 1460.75
A76: 74197/001 | B76: 6.2.8.10 | C76: Fossa séptica em alvenaria de tijolo cerâmico maciço dimensões externas 1,90x1,10x1,40m, 1.500 litros, revestida internamente com barra lisa, com tampa em concreto armado com espessura 8cm | D76: unid | E76: 1 | F76: 1448.03 | G76: 1448.03
A77: 73751/001 | B77: 6.5.3.4 | C77: Fundo selador PVA, uma demão | D77: m² | E77: 228 | F77: 6.08 | G77: 1386.24
A78: 74101/001 | B78: 6.3.8.5 | C78: Vaso sanitário, assento plástico, caixa de descarga PVC de sobrepor, engate plástico, tubo de descida e bolsa de borracha | D78: unid. | E78: 6 | F78: 229.49 | G78: 1376.94
A79: 73935/002 | B79: 6.1.4.1 | C79: Alvenaria em tijolo cerâmico furado 9x19x19cm, 1 vez (espessura 19 cm) , assentado em argamassa traço 1:4 (cimento e areia media não peneirada), preparo manual, junta 1 cm | D79: m² | E79: 24 | F79: 55.98 | G79: 1343.54
A80: 74108/001 | B80: 6.3.6.4 | C80: Piso cerâmico pei 4 assentado sobre argamassa 1:4 (cimento e areia) rejuntado com cimento comum | D80: m² | E80: 32 | F80: 41.53 | G80: 1328.99
A81: 73892/001 | B81: 6.2.6.5 | C81: Piso (calcada) em concreto (cimento/areia/seixo rolado) preparo mecânico, e espessura de 7cm, com junta de dilatação em madeira | D81: m² | E81: 42 | F81: 31.49 | G81: 1322.61
A82: 73938/002 | B82: 6.1.3.2 | C82: Cobertura em telha cerâmica tipo plan, excluindo madeiramento | D82: m² | E82: 31.28 | F82: 41.22 | G82: 1289.38
A83: 68052 | B83: 6.3.9.4 | C83: Janela alumínio, basculante, serie 25 | D83: m² | E83: 3.36 | F83: 377.76 | G83: 1269.27
A84: 5968 | B84: 6.2.6.2 | C84: Impermeabilização de superfície com argamassa de cimento e areia (media), traço 1:3, com aditivo impermeabilizante, e=2cm. | D84: m² | E84: 42 | F84: 30.19 | G84: 1267.98
A85: 72254 | B85: 6.4.6.2.2.24 | C85: Cabo de cobre nú fornecimento e instalação | D85: m | E85: 30 | F85: 41.68 | G85: 1250.4
A86: 251510 | B86: 5.2 | C86: Lixeira em tela moeda | D86: unid. | E86: 5 | F86: 248.71 | G86: 1243.55
A87: 74198/001 | B87: 6.2.8.9 | C87: Sumidouro em alvenaria de tijolo cerâmico maciço diâmetro 1,20m e altura 5,00m, com tampa em concreto armado diâmetro 1,40m e espessura 10cm | D87: unid | E87: 1 | F87: 1199.92 | G87: 1199.92
A88: 5995 | B88: 6.2.5.2 | C88: Reboco argamassa traço 1:4,5 (cal e areia fina), espessura 0,5cm, preparo mecânico da argamassa | D88: m² | E88: 94.84 | F88: 12.48 | G88: 1183.64
A89: 83446 | B89: 6.4.6.2.2.2 | C89: Caixa de passagem 30x30x40 com tampa e dreno brita | D89: unid | E89: 8 | F89: 146.78 | G89: 1174.24
A90: 171017 | B90: 6.4.6.2.2.14 | C90: Eletroduto de F°G° de 1" | D90: m | E90: 52 | F90: 21.97 | G90: 1142.44
A91: 74135/001 | B91: 6.2.9.1 | C91: Bancada (tampo) mármore branco nacional e = 3cm, largura 50cm, polido com furo para cuba - fornecimento e instalação | D91: m | E91: 3.58 | F91: 299.58 | G91: 1072.5
A92: 74007/002 | B92: 6.2.2.1 | C92: Forma tabuas madeira 3a p/ pecas concreto arm, reapr 2x, incl montagem e desmontagem. Pilares e vigas | D92: m² | E92: 25.87 | F92: 41.18 | G92: 1065.35
A93: 050270 | B93: 6.2.2.2 | C93: Concreto c/ seixo Fck= 18.0 MPA (incl. preparo e lançamento) | D93: m³ | E93: 2.23 | F93: 476.62 | G93: 1062.89
A94: 74135/001 | B94: 6.1.9.1 | C94: Bancada (tampo) mármore branco nacional e = 3cm, largura 50cm, polido com furo para cuba - fornecimento e instalação | D94: m | E94: 3.5 | F94: 299.58 | G94: 1048.53
A95: 50260 | B95: 6.3.2.2 | C95: Concreto c/ seixo Fck= 18.0 MPA (incl. preparo e lançamento) pilar e viga | D95: m³ | E95: 2.19 | F95: 476.62 | G95: 1043.82
A96: 170362 | B96: 6.4.6.2.2.9 | C96: Disjuntor 2P - 15 a 50A - PADRÃO DIN | D96: unid | E96: 4 | F96: 258 | G96: 1032
A97: 73912/002 | B97: 6.2.5.3 | C97: Revestimento com cerâmica esmaltada 20x20cm, 1a linha, padrão alto, assentada com argamassa de cimento colante e rejuntamento com cimento branco | D97: m² | E97: 37.29 | F97: 27.55 | G97: 1027.37
A98: 74007/002 | B98: 6.3.2.1 | C98: Forma tabuas madeira 3a p/ pecas concreto arm, reapr 2x, incl montagem e desmontagem. | D98: m² | E98: 24.04 | F98: 41.18 | G98: 990
A99: 75481 | B99: 6.5.3.3 | C99: Reboco argamassa traço 1:2 (cal e areia fina peneirada), espessura 0,5cm, preparo manual da argamassa | D99: m² | E99: 228 | F99: 4.15 | G99: 946.2
A100: 140348 | B100: 6.3.10.1 | C100: Barroteamento em madeira de lei p/ forro PVC | D100: m² | E100: 32 | F100: 29.23 | G100: 935.36
A101: 5974 | B101: 6.4.3.2 | C101: Chapisco traço 1:4 (cimento e areia grossa), espessura 0,5cm, preparo mecânico da argamassa | D101: m² | E101: 224 | F101: 4.15 | G101: 929.6
A102: 83418 | B102: 6.4.6.2.2.18 | C102: Cabo de cobre isolamento termoplástico 0,6/1kv 4mm2 anti-chama - fornecimento e instalação | D102: m | E102: 180 | F102: 4.75 | G102: 855
A103: 180300 | B103: 6.2.8.2 | C103: Ponto de esgoto (incl. tubos, conexões,cx. e ralos) | D103: pt | E103: 4 | F103: 212.82 | G103: 851.28
A104: 180299 | B104: 6.2.8.1 | C104: Ponto de água (incl. tubos e conexões) | D104: pt | E104: 4 | F104: 211.98 | G104: 847.92
...

Sheet QCI
A4: PREFEITURA MUNICIPAL DE SANTARÉM
A5: SECRETARIA MUNICIPAL DE INFRA-ESTRUTURA - SEMINFRA
A6: Av. Barão do Rio Branco, s/n - Aeroporto Velho - CEP 68.005-310 - CNPJ (MF) 05.182.233/0007-61
A7: SANTARÉM - PARÁ
A8: QCI - Praça de Eventos 2º Etapa
A10: Item | B10: Descrição | C10: VALORES
C12: REPASSE | D12: % | E12: CONTRAPARTIDA | F12: % | G12: TOTAL | J12: =100%-F14 -> 0.9199997
A14: 1.0 | B14: SERVIÇOS PRELIMINARES | C14: =D14*G14 -> 40473.12 | D14: 0.91999966 | E14: =G14*F14 -> 3519.42 | F14: 0.08000034 | G14: =Orçamento!H17 -> 43992.54
A15: 1.1 | B15: Placa de obra em chapa de aço galvanizado | C15: =G15-E15 -> 2128.68 | D15: 0.92 | E15: =G15*F15 -> 185.1 | F15: 0.08 | G15: =Orçamento!H18 -> 2313.78
A16: 1.2 | B16: Limpeza de terreno - raspagem mecanizada (motoniveladora) de camada vegetal | C16: =G16-E16 -> 2640.18 | D16: 0.92 | E16: =G16*F16 -> 229.58 | F16: 0.08 | G16: =Orçamento!H19 -> 2869.76 | J16: =100%-D14 -> 0.08000034
A17: 1.3 | B17: Locação convencional de obra, através de gabarito de tabuas corridas pontaletadas a cada 1,50m, sem reaproveitamento | C17: =G17-E17 -> 30652.93 | D17: 0.92 | E17: =G17*F17 -> 2665.47 | F17: 0.08 | G17: =Orçamento!H20 -> 33318.4
A18: 1.4 | B18: Barracão para deposito em tabuas de madeira, cobertura em fibrocimento 4 mm, incluso piso argamassa traço 1:6 (cimento e areia) | C18: =G18-E18 -> 5051.35 | D18: 0.92 | E18: =G18*F18 -> 439.25 | F18: 0.08 | G18: =Orçamento!H21 -> 5490.6
A20: 2.0 | B20: MOVIMENTO DE TERRA | C20: =D20*G20 -> 31676.43 | D20: 0.91999966 | E20: =G20*F20 -> 2754.48 | F20: 0.08000034 | G20: =Orçamento!H23 -> 34430.91
A21: 2.1 | B21: Carga manual e remoção e entulho com transporte ate 1km em caminhão basculante 8 m³ | C21: =G21-E21 -> 2622.06 | D21: 0.92 | E21: =G21*F21 -> 228.01 | F21: 0.08 | G21: =Orçamento!H24 -> 2850.07
A22: 2.2 | B22: Escavação manual de valas H <= 1,50 M | C22: =G22-E22 -> 2870.47 | D22: 0.92 | E22: =G22*F22 -> 249.61 | F22: 0.08 | G22: =Orçamento!H25 -> 3120.08
A23: 2.3 | B23: Aterro compactado c/ apiloamento | C23: =G23-E23 -> 26183.9 | D23: 0.92 | E23: =G23*F23 -> 2276.86 | F23: 0.08 | G23: =Orçamento!H26 -> 28460.76
F24: 0.08
A25: 3.0 | B25: ARBORIZAÇÃO (PLANTIO) | C25: =G25*D25 -> 8467.22 | D25: 0.92 | E25: =G25*F25 -> 736.28 | F25: 0.08 | G25: =Orçamento!H28 -> 9203.5
A26: 3.1 | B26: Grama batatais em placas | C26: =G26-E26 -> 8137.58 | D26: 0.92 | E26: =G26*F26 -> 707.62 | F26: 0.08 | G26: =Orçamento!H29 -> 8845.2
A27: 3.2 | B27: Arbusto co altura maior do que 1,00 metro | C27: =G27-E27 -> 329.64 | D27: 0.92 | E27: =G27*F27 -> 28.66 | F27: 0.08 | G27: =Orçamento!H30 -> 358.3
A29: 4.0 | B29: PAVIMENTAÇÃO ( PISO ) | C29: =G29*D29 -> 390507.07 | D29: 0.91999966 | E29: =G29*F29 -> 33957.29 | F29: 0.08000034 | G29: =Orçamento!H32 -> 424464.36
A30: 4.1 | B30: Impermeabilização de superfície com argamassa de cimento e areia (grossa), traco 1:4, com aditivo impermeabilizante, e=2,5cm | C30: =G30-E30 -> 97916.52 | D30: 0.92 | E30: =G30*F30 -> 8514.48 | F30: 0.08 | G30: =Orçamento!H33 -> 106431
A31: 4.2 | B31: Piso de concreto acabamento rústico espessura 7cm com juntas em madeira | C31: =G31-E31 -> 272385.95 | D31: 0.92 | E31: =G31*F31 -> 23685.73 | F31: 0.08 | G31: =Orçamento!H34 -> 296071.68
A32: 4.3 | B32: Piso em ladrilho hidráulico 20x20cm assentado sobre argamassa de cimento colante rejuntado com cimento comum | C32: =G32-E32 -> 20204.75 | D32: 0.92 | E32: =G32*F32 -> 1756.93 | F32: 0.08 | G32: =Orçamento!H35 -> 21961.68
A34: 5.0 | B34: EQUIPAMENTOS | C34: =D34*G34 -> 62133.67 | D34: 0.91999966 | E34: =G34*F34 -> 5402.95 | F34: 0.08000034 | G34: =Orçamento!H37 -> 67536.62
A35: 5.1 | B35: Banco de concreto c/ assento cimentado liso med: 2,90 x 0,50 x h=0,45 | C35: =G35-E35 -> 23213.31 | D35: 0.92 | E35: =G35*F35 -> 2018.55 | F35: 0.08 | G35: =Orçamento!H38 -> 25231.86
A36: 5.2 | B36: Caramanchão de madeira de lei, med. 8,00 x 1,60 m x h=2,85 m | C36: =G36-E36 -> 34232.06 | D36: 0.92 | E36: =G36*F36 -> 2976.7 | F36: 0.08 | G36: =Orçamento!H40 -> 37208.76
A38: 6.0 | B38: OUTROS | C38: =D38*G38 -> 133261.79 | D38: 0.91999966 | E38: =G38*F38 -> 11588.04 | F38: 0.08000034 | G38: =Orçamento!H42 -> 144849.83
A39: 6.1 | B39: Quiosques (Lanchonete/bar) 01 | C39: =G39-E39 -> 36494.43 | D39: 0.92 | E39: =G39*F39 -> 3173.43 | F39: 0.08 | G39: =Orçamento!H43 -> 39667.86
A40: 6.2 | B40: Quiosques 02 | C40: =G40-E40 -> 40534.4 | D40: 0.92 | E40: =G40*F40 -> 3524.73 | F40: 0.08 | G40: =Orçamento!H44 -> 44059.13
A41: 6.3 | B41: Sanitários | C41: =G41-E41 -> 56233.01 | D41: 0.92 | E41: =G41*F41 -> 4889.83 | F41: 0.08 | G41: =Orçamento!H45 -> 61122.84
A43: 7.0 | B43: SERVIÇOS COMPLEMENTARES | C43: =D43*G43-0.01 -> 7139.45 | D43: 0.91999966 | E43: =G43*F43+0.01 -> 620.84 | F43: 0.08000034 | G43: =Orçamento!H47 -> 7760.29
A44: 7.1 | B44: Limpeza final de entrega da obra | C44: =G44-E44 -> 6578.07 | D44: 0.92 | E44: =G44*F44 -> 572.01 | F44: 0.08 | G44: =Orçamento!H48 -> 7150.08
A45: 7.2 | B45: Placa inauguração em alumínio 0,40x0,60m fornecimento e colocação | C45: =G45-E45 -> 561.39 | D45: 0.92 | E45: =G45*F45 -> 48.82 | F45: 0.08 | G45: =Orçamento!H49 -> 610.21
A46: TOTAL | C46: =SUM(C43,C38,C34,C29,C25,C20,C14) -> 673658.75 | E46: =SUM(E43,E38,E34,E29,E25,E20,E14) -> 58579.3 | G46: =G43+G38+G34+G29+G20+G14+G25 -> 732238.05

Sheet Cronograma
A5: PREFEITURA MUNICIPAL DE SANTARÉM
A6: SECRETARIA MUNICIPAL DE INFRA-ESTRUTURA-SEMINFRA
A7: Av. Barão do Rio Branco, s/n – Aeroporto Velho CEP: 68.005-310 C.N.P.J. (MF) N º 05.182.233/0007-61
A8: SANTARÉM-PARÁ
A10: CRONOGRAMA FÍSICO - FINANCEIRO
A12: OBJETO: | B12: PRAÇA DE EVENTOS 2º Etapa
A13: LOCAL: | D13: Orç. Nº: | E13: 015-2009 - Engenharia
A14: Município: | D14: Elab. Orçamento
A15: Bairro: | D15: Valor: | G15: =J39 -> 0
A17: CRONOGRAMA FÍSICO: | D17: DIAS
A18: Item | B18: Discriminação | D18: 30 | E18: 60 | F18: 90 | G18: 120 | H18: 150 | I18: 180 | J18: Total
A19: 1 | B19: =Orçamento!C17 -> SERVIÇOS PRELIMINARES | D19: 1 | J19: =SUM(D19:I19) -> 1
A20: 2 | B20: =Orçamento!C23 -> MOVIMENTO DE TERRA | D20: 0.1 | E20: 0.9 | J20: =SUM(D20:I20) -> 1
A21: 3 | B21: =Orçamento!C28 -> ARBORIZAÇÃO (PLANTIO) | F21: 1 | J21: =SUM(D21:I21) -> 1
A22: 4 | B22: =Orçamento!C32 -> PAVIMENTAÇÃO ( PISO ) | F22: 0.7 | G22: 0.3 | J22: =SUM(D22:I22) -> 1
A23: 5 | B23: =Orçamento!C37 -> EQUIPAMENTOS | G23: 0.2 | H23: 0.4 | I23: 0.4 | J23: =SUM(D23:I23) -> 1
A24: 6 | B24: =Orçamento!C42 -> OUTROS | F24: 0.5 | G24: 0.5 | J24: =SUM(D24:I24) -> 1
A25: 7 | B25: =Orçamento!C47 -> SERVIÇOS COMPLEMENTARES | H25: 0.3 | I25: 0.7 | J25: =SUM(D25:I25) -> 1
A28: CRONOGRAMA FINANCEIRO: | D28: DIAS
A29: Item | B29: Discriminação | D29: 30 | E29: 60 | F29: 90 | G29: 120 | H29: 150 | I29: 180 | J29: Total
A30: 1 | B30: =B19 -> SERVIÇOS PRELIMINARES | D30: =ROUND($J30*D19,2) -> 43992.54 | E30: =$J30*E19 -> 0 | F30: =$J30*F19 -> 0 | G30: =ROUND($J30*G19,2) -> 0 | H30: =J30*H19 -> 0 | I30: =J30*I19 -> 0 | J30: =Orçamento!H17 -> 43992.54 | K30: =SUM(D30:I30) -> 43992.54 | L30: =J30-K30 -> 0
A31: 2 | B31: =B20 -> MOVIMENTO DE TERRA | D31: =ROUND($J31*D20,2) -> 3443.09 | E31: =ROUND($J31*E20,2) -> 30987.82 | F31: =$J31*F20 -> 0 | G31: =ROUND($J31*G20,2) -> 0 | H31: =J31*H20 -> 0 | I31: =J31*I20 -> 0 | J31: =Orçamento!H23 -> 34430.91 | K31: =SUM(D31:I31) -> 34430.91 | L31: =J31-K31 -> 0
A32: 3 | B32: =B21 -> ARBORIZAÇÃO (PLANTIO) | D32: =ROUND($J32*D21,2) -> 0 | E32: =$J32*E21 -> 0 | F32: =$J32*F21 -> 9203.5 | G32: =ROUND($J32*G21,2) -> 0 | H32: =J32*H21 -> 0 | I32: =J32*I21 -> 0 | J32: =Orçamento!H28 -> 9203.5 | K32: =SUM(D32:I32) -> 9203.5 | L32: =J32-K32 -> 0
A33: 4 | B33: =B22 -> PAVIMENTAÇÃO ( PISO ) | D33: =ROUND($J33*D22,2) -> 0 | E33: =$J33*E22 -> 0 | F33: =$J33*F22 -> 297125.05 | G33: =ROUND($J33*G22,2) -> 127339.31 | H33: =J33*H22 -> 0 | I33: =J33*I22 -> 0 | J33: =Orçamento!H32 -> 424464.36 | K33: =SUM(D33:I33) -> 424464.36 | L33: =J33-K33 -> 0
A34: 5 | B34: =B23 -> EQUIPAMENTOS | D34: =ROUND($J34*D23,2) -> 0 | E34: =$J34*E23 -> 0 | F34: =$J34*F23 -> 0 | G34: =ROUND(J34*G23,2) -> 13507.32 | H34: =ROUND(J34*H23,2) -> 27014.65 | I34: =J34*I23 -> 27014.65 | J34: =Orçamento!H37 -> 67536.62 | K34: =SUM(D34:I34) -> 67536.62 | L34: =J34-K34 -> 0
A35: 6 | B35: =B24 -> OUTROS | D35: =ROUND($J35*D24,2) -> 0 | E35: =$J35*E24 -> 0 | F35: =$J35*F24 -> 72424.92 | G35: =J35*G24-0.01 -> 72424.91 | H35: =J35*H24 -> 0 | I35: =J35*I24 -> 0 | J35: =Orçamento!H42 -> 144849.83 | K35: =SUM(D35:I35) -> 144849.83 | L35: =J35-K35 -> 0
A36: 7 | B36: =B25 -> SERVIÇOS COMPLEMENTARES | D36: =ROUND($J36*D25,2) -> 0 | E36: =$J36*E25 -> 0 | F36: =$J36*F25 -> 0 | G36: =J36*G25 -> 0 | H36: =J36*H25 -> 2328.09 | I36: =J36*I25 -> 5432.2 | J36: =Orçamento!H47 -> 7760.29 | K36: =SUM(D36:I36) -> 7760.29 | L36: =J36-K36 -> 0
K37: =SUM(K30:K36) -> 732238.05 | L37: =#REF!-#REF! -> #REF!
J38: =SUM(J30:J36) -> 732238.05
A39: CRONOGRAMA DE DESEMBOLSO | J39: =J38-Orçamento!H50 -> 0
A40: Item | B40: Descrição
A41: 1 | B41: =B19 -> SERVIÇOS PRELIMINARES | C41: Concedente | D41: =D30-D42 -> 40473.12 | E41: =E30-E42 -> 0 | F41: =F30-F42 -> 0 | G41: =G30-G42 -> 0 | H41: =H30-H42 -> 0 | I41: =I30-I42 -> 0 | J41: =SUM(D41:I41) -> 40473.12
C42: Proponente | D42: =D30*8.000033969% -> 3519.42 | E42: =E30*8.000033969% -> 0 | F42: =F30*8.000033969% -> 0 | G42: =G30*8.000033969% -> 0 | H42: =H30*8.000033969% -> 0 | I42: =I30*8.000033969% -> 0 | J42: =SUM(D42:I42) -> 3519.42 | K42: =SUM(J41:J42) -> 43992.54
A43: 2 | B43: MOVIMENTO DE TERRA | C43: Concedente | D43: =D31-D44 -> 3167.64 | E43: =E31-E44 -> 28508.78 | F43: =F31-F44 -> 0 | G43: =G31-G44 -> 0 | H43: =H31-H44 -> 0 | I43: =I31-I44 -> 0 | J43: =SUM(D43:I43) -> 31676.42
C44: Proponente | D44: =D31*8.000033969% -> 275.45 | E44: =E31*8.000033969% -> 2479.04 | F44: =F31*8.000033969% -> 0 | G44: =G31*8.000033969% -> 0 | H44: =H31*8.000033969% -> 0 | I44: =I31*8.000033969% -> 0 | J44: =SUM(D44:I44) -> 2754.49 | K44: =SUM(J43:J44) -> 34430.91
A45: 3 | B45: =B32 -> ARBORIZAÇÃO (PLANTIO) | C45: Concedente | D45: =D32-D46 -> 0 | E45: =E32-E46 -> 0 | F45: =F32-F46 -> 8467.22 | G45: =G32-G46 -> 0 | H45: =H32-H46 -> 0 | I45: =I32-I46 -> 0 | J45: =SUM(D45:I45) -> 8467.22
C46: Proponente | D46: =D32*8.000033969% -> 0 | E46: =E32*8.000033969% -> 0 | F46: =F32*8.000033969% -> 736.28 | G46: =G32*8.000033969% -> 0 | H46: =H32*8.000033969% -> 0 | I46: =I32*8.000033969% -> 0 | J46: =SUM(D46:I46) -> 736.28 | K46: =SUM(J45:J46) -> 9203.5
A47: 4 | B47: =B33 -> PAVIMENTAÇÃO ( PISO ) | C47: Concedente | D47: =D33-D48 -> 0 | E47: =E33-E48 -> 0 | F47: =F33-F48 -> 273354.95 | G47: =G33-G48 -> 117152.12 | H47: =H33-H48 -> 0 | I47: =I33-I48 -> 0 | J47: =SUM(D47:I47) -> 390507.07
C48: Proponente | D48: =D33*8.000033969% -> 0 | E48: =E33*8.000033969% -> 0 | F48: =F33*8.000033969% -> 23770.1 | G48: =G33*8.000033969% -> 10187.19 | H48: =H33*8.000033969% -> 0 | I48: =I33*8.000033969% -> 0 | J48: =SUM(D48:I48) -> 33957.29 | K48: =SUM(J47:J48) -> 424464.36
A49: 5 | B49: =B34 -> EQUIPAMENTOS | C49: Concedente | D49: =D34-D50 -> 0 | E49: =E34-E50 -> 0 | F49: =F34-F50 -> 0 | G49: =G34-G50 -> 12426.73 | H49: =H34-H50 -> 24853.47 | I49: =I34-I50 -> 24853.47 | J49: =SUM(D49:I49) -> 62133.67
C50: Proponente | D50: =D34*8.000033969% -> 0 | E50: =E34*8.000033969% -> 0 | F50: =F34*8.000033969% -> 0 | G50: =G34*8.000033969% -> 1080.59 | H50: =H34*8.000033969% -> 2161.18 | I50: =I34*8.000033969% -> 2161.18 | J50: =SUM(D50:I50) -> 5402.95 | K50: =SUM(J49:J50) -> 67536.62
A51: 6 | B51: =B35 -> OUTROS | C51: Concedente | D51: =D35-D52 -> 0 | E51: =E35-E52 -> 0 | F51: =F35-F52 -> 66630.9 | G51: =G35-G52 -> 66630.89 | H51: =H35-H52 -> 0 | I51: =I35-I52 -> 0 | J51: =SUM(D51:I51) -> 133261.79
C52: Proponente | D52: =D35*8.000033969% -> 0 | E52: =E35*8.000033969% -> 0 | F52: =F35*8.000033969% -> 5794.02 | G52: =G35*8.000033969% -> 5794.02 | H52: =H35*8.000033969% -> 0 | I52: =I35*8.000033969% -> 0 | J52: =SUM(D52:I52) -> 11588.04 | K52: =SUM(J51:J52) -> 144849.83
A53: 7 | B53: =B36 -> SERVIÇOS COMPLEMENTARES | C53: Concedente | D53: =D36-D54 -> 0 | E53: =E36-E54 -> 0 | F53: =F36-F54 -> 0 | G53: =G36-G54 -> 0 | H53: =H36-H54 -> 2141.84 | I53: =I36-I54+0.01 -> 4997.63 | J53: =SUM(D53:I53)+0.01 -> 7139.48
C54: Proponente | D54: =D36*8.000033969% -> 0 | E54: =E36*8.000033969% -> 0 | F54: =F36*8.000033969% -> 0 | G54: =G36*8.000033969% -> 0 | H54: =H36*8.000033969% -> 186.25 | I54: =I36*8.000033969% -> 434.58 | J54: =SUM(D54:I54)-0.01 -> 620.82 | K54: =SUM(J53:J54) -> 7760.3
C55: Concedente | D55: =SUM(D53,D51,D49,D47,D45,D43,D41) -> 43640.76 | E55: =SUM(E53,E51,E49,E47,E45,E43,E41) -> 28508.78 | F55: =SUM(F53,F51,F49,F47,F45,F43,F41) -> 348453.07 | G55: =SUM(G53,G51,G49,G47,G45,G43,G41) -> 196209.74 | H55: =SUM(H53,H51,H49,H47,H45,H43,H41) -> 26995.31 | I55: =SUM(I53,I51,I49,I47,I45,I43,I41) -> 29851.1 | J55: =SUM(J53,J51,J49,J47,J45,J43,J41) -> 673658.77
C56: Proponente | D56: =SUM(D54,D52,D50,D48,D46,D44,D42) -> 3794.87 | E56: =SUM(E54,E52,E50,E48,E46,E44,E42) -> 2479.04 | F56: =SUM(F54,F52,F50,F48,F46,F44,F42) -> 30300.4 | G56: =SUM(G54,G52,G50,G48,G46,G44,G42) -> 17061.8 | H56: =SUM(H54,H52,H50,H48,H46,H44,H42) -> 2347.43 | I56: =SUM(I54,I52,I50,I48,I46,I44,I42) -> 2595.76 | J56: =SUM(J54,J52,J50,J48,J46,J44,J42) -> 58579.29
C57: TOTAL | D57: =SUM(D55:D56) -> 47435.63 | E57: =SUM(E55:E56) -> 30987.82 | F57: =SUM(F55:F56) -> 378753.47 | G57: =SUM(G55:G56) -> 213271.54 | H57: =SUM(H55:H56) -> 29342.74 | I57: =SUM(I55:I56) -> 32446.86 | J57: =SUM(J55:J56) -> 732238.06
L58: =SUM(J55:J56) -> 732238.06
K60: =J57-975000 -> -242761.94
A62: DESPÊNDIOS | L62: 1462500 | N62: =L62/L64 -> 0.92
A63: Mensal | D63: =D57 -> 47435.63 | E63: =E57 -> 30987.82 | F63: =F57 -> 378753.47 | G63: =G57 -> 213271.54 | H63: =H57 -> 29342.74 | I63: =I57 -> 32446.86 | L63: 127174 | N63: =L63/L64 -> 0.08
A64: Percentual | D64: =D63/I65 -> 0.0648 | E64: =E63/I65 -> 0.0423 | F64: =F63/I65 -> 0.5173 | G64: =G63/I65 -> 0.2913 | H64: =H63/I65 -> 0.0401 | I64: =I63/I65 -> 0.0443 | L64: =SUM(L62:L63) -> 1589674
A65: Mensal Acumulado | D65: =D63 -> 47435.63 | E65: =E63+D65 -> 78423.45 | F65: =F63+E65 -> 457176.92 | G65: =G63+F65 -> 670448.46 | H65: =G65+H63 -> 699791.2 | I65: =H65+I63 -> 732238.06
A66: Percentual Mensal Acumulado | D66: =D64 -> 0.0648 | E66: =E64 -> 0.0423 | F66: =F64 -> 0.5173 | G66: =G64 -> 0.2913 | H66: =H64 -> 0.0401 | I66: 1

Sheet Orçamento Resumo
A3: PREFEITURA MUNICIPAL DE SANTARÉM
A4: SECRETARIA MUNICIPAL DE INFRAESTRUTURA-SEMINFRA
A5: C.N.P.J. (MF) N º 05.182.233/0007-61
A6: Av. Barão do Rio Branco, s/n – Aeroporto Velho CEP: 68.005-310
A7: SANTARÉM-PARÁ
A9: P L A N I L H A R E S U M O O R Ç A M E N T O
A10: OBJETO: | C10: Construção da Praça de Eventos e Execução de Pavimentação Asfáltico com C.B.U.Q e= 5 cm.
A11: LOCAL: | C11: Av. Anísio Chaves | F11: Área (m²) | G11: =Orçamento!E13 -> 5458
A12: Município: | C12: Santarém | D12: Valor: | E12: =H20 -> 732238.05 | G12: Referência SINAPI: | H12: maio/2013
G13: BDI: | H13: 0.3
A14: Sinap | B14: ITEM | C14: DESCRIÇÃO | D14: UNID. | E14: QUANT. | F14: PREÇO SINAPI | G14: PREÇO R($)
A15: 41403 | F15: UNIT. | G15: UNIT. | H15: TOTAL
B17: 1 | C17: Construção da Praça de Eventos | H17: =Orçamento!H50 -> 732238.05
C20: TOTAL | H20: =SUM(H17:H19) -> 732238.05
G44: =0.1*0.2 -> 0.02
G45: =1/G44 -> 50

Sheet Memoria de calculo
A6: PREFEITURA MUNICIPAL DE SANTARÉM
A7: SECRETARIA MUNICIPAL DE INFRAESTRUTURA-SEMINFRA
A8: C.N.P.J. (MF) N º 05.182.233/0007-61
A9: Av. Barão do Rio Branco, s/n – Aeroporto Velho CEP: 68.005-310
A10: SANTARÉM-PARÁ
A11: MEMÓRIA DE CALCULO
A13: ITEM | B13: DESCRIÇÃO | C13: UNID. | D13: QUANT. | E13: Altura (M) | F13: Comprimento (M) | G13: Largura (M) | H13: Volume (m³) | I13: Area (m²) | J13: Area (m²) indicada em Projeto
A15: 1.0 | B15: SERVIÇOS PRELIMINARES
A16: 1.1 | B16: Placa de obra em chapa de aço galvanizado | C16: m² | D16: 1 | E16: 2 | F16: 3 | I16: =F16*E16*D16 -> 6
A17: 1.2 | B17: Limpeza do terreno | C17: m² | J17: 4864
A18: 1.3 | B18: Locação da obra a trena, gabarito em madeira | C18: m² | J18: 4864
A19: 1.4 | B19: Barracão de madeira coberto c/ telha de fibrocimento, piso cimentado | C19: m² | D19: 1 | F19: 5 | G19: 4 | I19: =F19*G19 -> 20
A21: 2.0 | B21: MOVIMENTO DE TERRA
A22: 2.1 | B22: Retirada de entulho basculante mecanizado | C22: m³ | E22: 0.1 | F22: 2254.81 | H22: =F22*E22 -> 225.48
A23: 2.2 | B23: Escavação manual de valas H <= 1,50 M | C23: m³ | E23: 0.2 | F23: 2254.81 | G23: 0.37 | H23: 169.11
A24: 2.3 | B24: Aterro compactado c/ apiloamento | C24: m³ | H24: 422.58
A26: 3.0 | B26: ARBORIZAÇÃO (PLANTIO)
A27: 3.1 | B27: Grama batatais em placas | C27: m² | J27: 585
A28: 3.2 | B28: Arbusto co altura maior do que 1,00 metro | C28: unid | D28: 5 | M28: =Orçamento!E59 -> 327544.95
A30: 4.0 | B30: PAVIMENTAÇÃO ( PISO )
A31: 4.1 | B31: Camada de impermeabilizante | C31: m2 | J31: 5458
A32: 4.2 | B32: Piso em concreto e=7cm c/ fita de dilatação | C32: m2 | J32: 4864
A33: 4.3 | B33: Ladrilho hidráulico med; 20 x 20cm, c/ arg. Colante e rejunte. | C33: m2 | J33: 545.09
A35: 5.0 | B35: EQUIPAMENTOS
A36: 5.1 | B36: Banco de concreto aparente larg.=45cm e 10cm espessura sobre dois apoios do mesmo material com seção de 10x30cm. | C36: m | F36: 150.8
A37: 5.2 | B37: Caramanchão de madeira de lei, med. 8,00 x 1,60 m x h=2,85 m | C37: unid. | D37: 12
A39: 6.0 | B39: OUTROS
A40: 6.1 | B40: Quiosques (Lanchonete/bar) 01 | C40: unid
A41: 6.2 | B41: Quiosques 02 | C41: unid
A42: 6.3 | B42: Sanitários | C42: unid
A44: 7.0 | B44: SERVIÇOS COMPLEMENTARES
A45: 7.1 | B45: Limpeza final de entrega da obra | C45: unid | D45: 1 | I45: 4864
A46: 7.2 | B46: Placa de inauguração aço escovado (60 x 80cm) fixado na parede do monumental | C46: unid | D46: 1

Sheet Caramanchão
B3: PREFEITURA MUNICIPAL DE SANTARÉM
B4: SECRETARIA MUNICIPAL DE INFRAESTRUTURA-SEMINFRA
B5: C.N.P.J. (MF) N º 05.182.233/0007-61
B6: Av. Barão do Rio Branco, s/n – Aeroporto Velho CEP: 68.005-310
B7: SANTARÉM-PARÁ
B9: P L A N I L H A D E ORÇAMENTO
B11: OBJETO: | C11: CONSTRUÇÃO DE UM (01) CARAMANCHÃO EM MADEIRA | D11: Area | E11: =G11*G12 -> 12.8 | F11: comprim. (m) | G11: 8
B12: BAIRRO; | C12: Aeroporto-velho | F12: larg. (m) | G12: 1.6
B13: Municip. | C13: SANTARÉM-PÁ
A14: BDI=30% | D14: Valor; | G14: =G35 -> 2385.18
A16: sinap | B16: ITEM | C16: DESCRIÇÃO | D16: UNID. | E16: QUANT. | F16: PREÇO R($)
A17: 41395 | F17: UNIT. | G17: TOTAL
A18: códigos
B20: 1.0 | C20: MOVIMENTO DE TERRA | G20: =G21 -> 11.07
A21: 79517/001 | B21: 1.1 | C21: Escavação manual em solo-prof. Ate 1,50 m | D21: m3 | E21: =0.13*6 -> 0.78 | F21: =14.19 -> 14.19 | G21: =E21*F21 -> 11.07
B23: 2.0 | C23: ESTRUTURA DE MADEIRA IPÊ | G23: =G24 -> 1515.84
A24: seop abril/2013 - 50216 | B24: 2.1 | C24: Pilar em mad. de lei 6"x6"(incl.bl.conc.ciclópico) | D24: unid | E24: 6 | F24: =328.43/1.3 -> 252.64 | G24: =E24*F24 -> 1515.84
B26: 3.0 | C26: COBERTURA | G26: =G27+G28 -> 695.84
A27: MERCADO | B27: 3.1 | C27: Peças de madeira de lei med; 7 x 5 x 2,50m | D27: m | E27: =22*1.6 -> 35.2 | F27: =13.45 -> 13.45 | G27: =E27*F27 -> 473.44
A28: 73460 | B28: 3.2 | C28: Peças de madeira de lei med; 5 x 10cm x 4m | D28: m | E28: 16 | F28: =13.9 -> 13.9 | G28: =E28*F28 -> 222.4
B30: 4.0 | C30: PINTURAS | G30: =G31 -> 147.97
A31: 74065/003 | B31: 4.1 | C31: Pintura esmalte brilhante para madeira, duas demãos, sobre fundo nivelador branco | D31: m² | E31: =E11 -> 12.8 | F31: =11.56 -> 11.56 | G31: =E31*F31 -> 147.97
B33: 5.0 | C33: SERVIÇOS COMPLEMENTARES | G33: =G34 -> 14.46
A34: 9537 | B34: 5.1 | C34: Limpeza final de entrega da obra | D34: unid | E34: =E31 -> 12.8 | F34: =1.13 -> 1.13 | G34: =E34*F34 -> 14.46
C35: TOTAL | G35: =SUM(G33,G30,G26,G23,G20,G18) -> 2385.18

Sheet Memoria quios 003
A4: PREFEITURA MUNICIPAL DE SANTARÉM
A5: SECRETARIA MUNICIPAL DE INFRA-ESTRUTURA - SEMINFRA
A6: Av. Barão do Rio Branco, s/n - Aeroporto Velho - CEP 68.005-310 - CNPJ (MF) 05.182.233/0007-61
A7: SANTARÉM - PARÁ
A8: OBJETO | B8: QUIOSQUE OU LANCHONETE 03
A9: LOCAL | B9: PRAÇA DE EVENTOS
A10: PERIM. | B10: AV; Anísio Chave
A11: MEMÓRIA DE CÁLCULO
A13: ITEM | B13: DESCRIÇÃO DOS SERVIÇOS | C13: LARG | D13: COMP. | E13: ESP. ALT | F13: QUANT | G13: ÁREA | H13: VOLUM | I13: KG - METRO
E14: profund
C15: M | D15: M | E15: M | F15: UNID. | G15: M2 | H15: M3 | I15: M
A16: 1.0 | B16: FUNDAÇÃO E ESCAVAÇÃO
A17: 1.1 | B17: Concreto ciclopico fck=10mpa 30% pedra de mão inclusive lançamento | C17: 0.3 | D17: 8.88 | E17: 0.5 | H17: =E17*D17*C17 -> 1.33
B18: calçamento externo | C18: 0.3 | D18: 16.88 | E18: 0.5 | H18: =E18*D18*C18 -> 2.53
H19: =SUM(H17:H18) -> 3.86
A20: 2.0 | B20: ESTRUTURA
A21: 2.1 | B21: Forma tabuas madeira 3a p/ pecas concreto arm, reapr 2x, incl montagem e desmontagem. Pilares | C21: 0.2 | D21: 3.1 | E21: 4 | F21: 8 | G21: =F21*E21*D21*C21 -> 19.84
B22: Forma tabuas madeira 3a p/ pecas concreto arm, reapr 2x, incl montagem e desmontagem. Vigas | C22: 0.2 | D22: 16.88 | E22: 3 | F22: 2 | G22: =F22*E22*D22*C22 -> 20.26
G23: =SUM(G21:G22) -> 40.1
A24: 2.2 | B24: Concreto fck=20 Mpa, aparente, virado na bitoneira sem lançamento | H24: =SUM(H25:H27) -> 2.23
B25: sapata | C25: 0.4 | D25: 0.4 | E25: 0.5 | F25: 4 | H25: =C25*D25*E25*F25 -> 0.32
B26: vigas | C26: 0.2 | D26: 25.88 | E26: 0.15 | F26: 2 | H26: =C26*E26*D26*F26 -> 1.55
B27: pilares | C27: 0.15 | D27: 3 | E27: 0.2 | F27: 4 | H27: =C27*E27*D27*F27 -> 0.36
A29: 3.0 | B29: COBERTURA | C29: LARG | D29: COMP. | E29: ESP. ALT | F29: QUANT | G29: ÁREA | H29: VOLUM | I29: KG - METRO
A30: 3.1 | B30: Estrutura de madeira de lei, primeira qualidade, serrada, não aparelhada, para telhas cerâmicas, vãos de ate 7m | G30: 26.28
A31: 3.2 | B31: Cobertura em telha cerâmica tipo plan, excluindo madeiramento | G31: 26.28
A32: 3.3 | B32: Cumeeira com telha cerâmica embocada com argamassa traço 1:2:8 (cimento, cal e areia) | I32: 15
A34: 4.0 | B34: PAREDES E DIVISÓRIAS
A35: 4.1 | B35: Alvenaria em tijolo cerâmico furado 9x19x19cm, 1 vez (espessura 19 cm) , assentado em argamassa traço 1:4 (cimento e areia media não peneirada), preparo manual, junta 1 cm | G35: 14.66
A37: 5.0 | B37: REVESTIMENTO | C37: LARG | D37: COMP. | E37: ESP. ALT | F37: QUANT | G37: ÁREA | H37: VOLUM | I37: KG - METRO
A38: 5.1 | B38: Chapisco traço 1:3 (cimento e areia media), espessura 0,5cm, preparo manual da argamassa | F38: 2 | G38: =F38*G35 -> 29.32
A39: 5.2 | B39: Reboco argamassa traço 1:4,5 (cal e areia fina), espessura 0,5cm, preparo mecânico da argamassa | F39: 2 | G39: =F38*G35 -> 29.32
A40: 5.3 | B40: Revestimento com cerâmica esmaltada 20x20cm, 1a linha, padrão alto, assentada com argamassa de cimento colante e rejuntamento com cimento branco | G40: 8
A42: 6.0 | B42: PAVIMENTAÇÃO | C42: LARG | D42: COMP. | E42: ESP. ALT | F42: QUANT | G42: ÁREA | H42: VOLUM | I42: KG - METRO
A43: 6.1 | B43: Aterro apiloado (manual) em camadas de 20 cm com material de empréstimo | E43: 0.2 | G43: 17.72 | H43: =G43*E43 -> 3.54
A44: 6.2 | B44: Impermeabilização de superfície com argamassa de cimento e areia (media), traço 1:3, com aditivo impermeabilizante, e=2cm. | G44: 17.72
A45: 6.3 | B45: Regularização de piso/base em argamassa traço 1:3 (cimento e areia), espessura 3,0cm, preparo manual | G45: 17.72
A46: 6.4 | B46: Piso cerâmico pei 4 assentado sobre argamassa 1:4 (cimento e areia) rejuntado com cimento comum | G46: 4
A47: 6.5 | B47: Piso (calcada) em concreto (cimento/areia/seixo rolado) preparo mecânico, e espessura de 7cm, com junta de dilatação em madeira | G47: 12.88
A49: 7.0 | B49: INSTALAÇÕES ELÉTRICAS | C49: LARG | D49: COMP. | E49: ESP. ALT | F49: QUANT | G49: ÁREA | H49: VOLUM | I49: KG - METRO
A50: 7.1 | B50: Cabo de cobre isolado PVC 450/750v 2,5mm2 resistente a chama - fornecimento e instalação | I50: 65.08
A51: 7.2 | B51: Cabo de cobre isolado PVC 450/750v 10mm2 resistente a chama - fornecimento e instalação | I51: 14
A52: 7.3 | B52: Disjuntor termomagnético bipolar padrão nema (americano) 10 a 50a 240v, fornecimento e instalação | F52: 2
A53: 7.4 | B53: Disjuntor termomagnético monopolar padrão nema (americano) 10 a 30a 240v, fornecimento e instalação | F53: 3
A54: 7.5 | B54: Curva 90° p/ elet. F°G° 1/2" (IE) | F54: 4
A55: 7.6 | B55: Eletroduto PVC de 1/2" | I55: 18
A56: 7.7 | B56: Quadro de distribuição de energia p/ 6 disjuntores termomagnéticos monopolares sem barramento, de embutir, em chapa metálica - fornecimento | F56: 1
A57: 7.8 | B57: Interruptor simples com 1 tomada universal conjugados | F57: 1
A58: 7.9 | B58: Caixa de passagem ch. aço 200x200x100mm | F58: 2
A59: 7.10 | B59: Caixa de passagem PVC 4x2" - fornecimento e instalação | F59: 4
A60: 7.11 | B60: Tomada 2P+T 10A (s/fiaçao) | F60: 3
A61: 7.12 | B61: Luminária c/ 1 lâmpada. fluorescente 16W (sem fiação) | F61: 1
A63: 8.0 | B63: INSTALAÇÃO HIDRÁULICA | C63: LARG | D63: COMP. | E63: esp-alt. Pro | F63: QUANT | G63: ÁREA | H63: VOLUM | I63: KG - METRO
A64: 8.1 | B64: Ponto de água (incl. tubos e conexões) | F64: 1
A65: 8.3 | B65: Registro gaveta 1/2" bruto latão - fornecimento e instalação | F65: 4
A66: 8.4 | B66: Tubo PVC para esgoto predial dn 100mm - fornecimento e instalação | I66: 6
A67: 8.5 | B67: Caixa de gordura simples em concreto pré-moldado dn 40mm com tampa - fornecimento e instalação | F67: 2
A68: 8.6 | B68: Torneira cromada longa 1/2" ou 3/4" de parede para pia, padrão popular - fornecimento e instalação | F68: 1
A69: 8.7 | B69: Sifão plástico para lavatório ou pia tipo copo 1.1/4" - fornecimento e instalação | F69: 1
A71: 9.0 | B71: ESQUADRIA E DIVERSOS | C71: LARG | D71: COMP. | E71: ESP. ALT | F71: QUANT | G71: ÁREA | H71: VOLUM | I71: KG - METRO
A72: 9.1 | B72: Bancada (tampo) mármore branco nacional e = 3cm, largura 50cm, polido com furo para cuba - fornecimento e instalação | C72: 0.3 | D72: 2.5 | F72: 3 | I72: =D72*F72 -> 7.5
A73: 9.2 | B73: Porta de aço de enrolar ondulada chapa 24 raiada larga | C73: 2 | E73: 1.2 | F73: 3 | G73: =C73*E73*F73 -> 7.2
A74: 9.3 | B74: Porta de madeira almofadada semi-oca 1a, 80x210x3cm, incluso aduela 2a , alizar 2a e dobradiças | F74: 1
A75: 9.4 | B75: Esquadria mad. e=3cm c/ caixilho | C75: 1.8 | E75: 0.6 | F75: =C75*E75 -> 1.08 | G75: =F75 -> 1.08
A77: 10.0 | B77: FORRO PVC
A78: 10.1 | B78: Barroteamento em madeira de lei p/ forro PVC | G78: 4
A79: 10.2 | B79: Forro em lambri de PVC | G79: 4
A80: 11.0 | B80: PINTURA | C80: LARG | D80: COMP. | E80: ESP. ALT | F80: QUANT | G80: ÁREA | H80: VOLUM | I80: KG - METRO
A81: 11.1 | B81: Emassamento com massa acrílica, uma demão | G81: =G39+D81 -> 29.32
A82: 11.2 | B82: Fundo selador acrílico, uma demão | G82: =G81 -> 29.32
A83: 11.3 | B83: Pintura esmalte acetinado, duas demãos, sobre superfície metálica | E83: =G73 -> 7.2 | F83: 2 | G83: =F83*E83 -> 14.4
A84: 11.4 | B84: Pintura pva, duas demãos | G84: =G81 -> 29.32

Sheet Quiosq 003
A4: PREFEITURA MUNICIPAL DE SANTARÉM
A5: SECRETARIA MUNICIPAL DE INFRA-ESTRUTURA - SEMINFRA
A6: Av. Barão do Rio Branco, s/n - Aeroporto Velho - CEP 68.005-310 - CNPJ (MF) 05.182.233/0007-61
A7: SANTARÉM - PARÁ
A8: OBJETO | B8: QUIOSQUE OU LANCHONETE 03
A9: LOCAL | B9: PRAÇA DE EVENTOS
A10: PERIM. | B10: AV; Anísio Chave
A11: PLANILHA DE ORÇAMENTO
A13: ITEM | B13: DESCRIÇÃO DOS SERVIÇOS | C13: UN | D13: QUANT | E13: PREÇO. UNIT. | F13: PREÇO | G13: VALOR PARCIAL | H13: CÓDIGO SINAPI
F14: BDI | G14: (R$) | H14: 41395
F15: 0.3
A16: ITEM | B16: ESPECIFICAÇÃO | C16: UND | E16: PREÇO
A17: 1.0 | B17: FUNDAÇÃO E ESCAVAÇÃO | G17: =SUM(G18:G18) -> 1532.19
A18: 1.1 | B18: Concreto ciclopico fck=10mpa 30% pedra de mão inclusive lançamento | C18: m³ | D18: ='Memoria quios 003'!H19 -> 3.86 | E18: 305.34 | F18: 396.94 | G18: =D18*F18 -> 1532.19 | H18: 73361
A19: 2.0 | B19: ESTRUTURA | G19: =SUM(G20:G21) -> 2876.92
A20: 2.1 | B20: Forma tabuas madeira 3a p/ pecas concreto arm, reapr 2x, incl montagem e desmontagem. Pilares e vigas | C20: m² | D20: ='Memoria quios 003'!G23 -> 40.1 | E20: 33.1 | F20: 43.03 | G20: =F20*D20 -> 1725.5 | H20: 74007/002
A21: 2.2 | B21: Concreto c/ seixo Fck= 18.0 MPA (incl. preparo e lançamento) | C21: m³ | D21: ='Memoria quios 003'!H24 -> 2.23 | E21: 516.33 | F21: 516.33 | G21: =F21*D21 -> 1151.42 | H21: seop abril/2013 - 050260
A22: 3.0 | B22: COBERTURA | G22: =SUM(G23:G25) -> 3631.74
A23: 3.1 | B23: Estrutura de madeira de lei, primeira qualidade, serrada, não aparelhada, para telhas cerâmicas, vãos de ate 7m | C23: m² | D23: ='Memoria quios 003'!G30 -> 26.28 | E23: 67.35 | F23: 87.56 | G23: =D23*F23 -> 2301.08 | H23: 72077
A24: 3.2 | B24: Cobertura em telha cerâmica tipo plan, excluindo madeiramento | C24: m² | D24: ='Memoria quios 003'!G31 -> 26.28 | E24: 32.04 | F24: 41.65 | G24: =D24*F24 -> 1094.56 | H24: 73938/002
A25: 3.3 | B25: Cumeeira com telha cerâmica embocada com argamassa traço 1:2:8 (cimento, cal e areia) | C25: m | D25: ='Memoria quios 003'!I32 -> 15 | E25: 12.11 | F25: 15.74 | G25: =D25*F25 -> 236.1 | H25: 6058
A26: 4.0 | B26: PAREDES E DIVISÓRIAS | G26: =SUM(G27:G27) -> 875.2
A27: 4.1 | B27: Alvenaria em tijolo cerâmico furado 9x19x19cm, 1 vez (espessura 19 cm) , assentado em argamassa traço 1:4 (cimento e areia media não peneirada), preparo manual, junta 1 cm | C27: m² | D27: ='Memoria quios 003'!G35 -> 14.66 | E27: 45.92 | F27: 59.7 | G27: =F27*D27 -> 875.2 | H27: 73935/002
A28: 5.0 | B28: REVESTIMENTO | G28: =SUM(G29:G31) -> 762.13
A29: 5.1 | B29: Chapisco traço 1:3 (cimento e areia media), espessura 0,5cm, preparo manual da argamassa | C29: m² | D29: ='Memoria quios 003'!G38 -> 29.32 | E29: 3.78 | F29: 4.91 | G29: =F29*D29 -> 143.96 | H29: 73928/002
A30: 5.2 | B30: Reboco argamassa traço 1:4,5 (cal e areia fina), espessura 0,5cm, preparo mecânico da argamassa | C30: m² | D30: ='Memoria quios 003'!G39 -> 29.32 | E30: 10.08 | F30: 13.1 | G30: =F30*D30 -> 384.09 | H30: 5995
A31: 5.3 | B31: Revestimento com cerâmica esmaltada 20x20cm, 1a linha, padrão alto, assentada com argamassa de cimento colante e rejuntamento com cimento branco | C31: m² | D31: ='Memoria quios 003'!G40 -> 8 | E31: 22.51 | F31: 29.26 | G31: =F31*D31 -> 234.08 | H31: 73912/002
A32: 6.0 | B32: PAVIMENTAÇÃO | G32: =SUM(G33:G37) -> 1838.53
A33: 6.1 | B33: Aterro apiloado (manual) em camadas de 20 cm com material de empréstimo | C33: m³ | D33: ='Memoria quios 003'!H43 -> 3.54 | E33: 51.81 | F33: 67.35 | G33: =D33*F33 -> 238.42 | H33: 73904/001
A34: 6.2 | B34: Impermeabilização de superfície com argamassa de cimento e areia (media), traço 1:3, com aditivo impermeabilizante, e=2cm. | C34: m² | D34: ='Memoria quios 003'!G44 -> 17.72 | E34: 24.16 | F34: 31.41 | G34: =F34*D34 -> 556.59 | H34: 5968
A35: 6.3 | B35: Regularização de piso/base em argamassa traço 1:3 (cimento e areia), espessura 3,0cm, preparo manual | C35: m² | D35: ='Memoria quios 003'!G45 -> 17.72 | E35: 16.78 | F35: 21.81 | G35: =F35*D35 -> 386.47 | H35: 73920/002
A36: 6.4 | B36: Piso cerâmico pei 4 assentado sobre argamassa 1:4 (cimento e areia) rejuntado com cimento comum | C36: m² | D36: ='Memoria quios 003'!G46 -> 4 | E36: 33.77 | F36: 43.9 | G36: =F36*D36 -> 175.6 | H36: 74108/001
A37: 6.5 | B37: Piso (calcada) em concreto (cimento/areia/seixo rolado) preparo mecânico, e espessura de 7cm, com junta de dilatação em madeira | C37: m² | D37: ='Memoria quios 003'!G47 -> 12.88 | E37: 28.75 | F37: 37.38 | G37: =F37*D37 -> 481.45 | H37: 73892/001
A38: 7.0 | B38: INSTALAÇÕES ELÉTRICAS | G38: =SUM(G39:G50) -> 1762.78
A39: 7.1 | B39: Cabo de cobre isolado PVC 450/750v 2,5mm2 resistente a chama - fornecimento e instalação | C39: m | D39: ='Memoria quios 003'!I50 -> 65.08 | E39: 2.12 | F39: 2.76 | G39: =F39*D39 -> 179.62 | H39: 73860/008
A40: 7.2 | B40: Cabo de cobre isolado PVC 450/750v 10mm2 resistente a chama - fornecimento e instalação | C40: m | D40: ='Memoria quios 003'!I51 -> 14 | E40: 7.09 | F40: 9.22 | G40: =F40*D40 -> 129.08 | H40: 73860/011
A41: 7.3 | B41: Disjuntor termomagnético bipolar padrão nema (americano) 10 a 50a 240v, fornecimento e instalação | C41: unid. | D41: ='Memoria quios 003'!F52 -> 2 | E41: 48.8 | F41: 63.44 | G41: =F41*D41 -> 126.88 | H41: 74130/003
A42: 7.4 | B42: Disjuntor termomagnético monopolar padrão nema (americano) 10 a 30a 240v, fornecimento e instalação | C42: unid. | D42: ='Memoria quios 003'!F53 -> 3 | E42: 8.5 | F42: 11.05 | G42: =F42*D42 -> 33.15 | H42: 74130/001
A43: 7.5 | B43: Curva 90° p/ elet. F°G° 1/2" (IE) | C43: unid. | D43: ='Memoria quios 003'!F54 -> 4 | E43: 10.14 | F43: 10.14 | G43: =F43*D43 -> 40.56 | H43: seop abril/2013 - 171261
A44: 7.6 | B44: Eletroduto de PVC rígido rosável dn 40mm (1 1/2") incl conexões, fornecimento e instalação | C44: m | D44: ='Memoria quios 003'!I55 -> 18 | E44: 13.93 | F44: 18.11 | G44: =F44*D44 -> 325.98 | H44: 55865
A45: 7.7 | B45: Quadro de distribuição de energia p/ 6 disjuntores termomagnéticos monopolares sem barramento, de embutir, em chapa metálica - fornecimento | C45: unid. | D45: ='Memoria quios 003'!F56 -> 1 | E45: 37.29 | F45: 48.48 | G45: =F45*D45 -> 48.48 | H45: 84402
A46: 7.8 | B46: Interruptor simples com 1 tomada universal conjugados | C46: unid. | D46: ='Memoria quios 003'!F57 -> 1 | E46: 13.71 | F46: 17.82 | G46: =F46*D46 -> 17.82 | H46: 83466
A47: 7.9 | B47: Caixa de passagem 60x60x70 fundo brita com tampa | C47: unid. | D47: ='Memoria quios 003'!F58 -> 2 | E47: 301.95 | F47: 392.54 | G47: =F47*D47 -> 785.08 | H47: 83449
A48: 7.10 | B48: Caixa de passagem PVC 4x2" - fornecimento e instalação | C48: unid. | D48: ='Memoria quios 003'!F59 -> 4 | E48: 4.26 | F48: 5.54 | G48: =F48*D48 -> 22.16 | H48: 83387
A49: 7.11 | B49: Tomada de embutir 2p+t 10a/250v c/ placa - fornecimento e instalação | C49: unid. | D49: ='Memoria quios 003'!F60 -> 3 | E49: 7.53 | F49: 9.79 | G49: =F49*D49 -> 29.37 | H49: 83540
A50: 7.12 | B50: Luminária tipo spot para 1 lâmpada incandescente/fluorescente compacta | C50: unid. | D50: ='Memoria quios 003'!F61 -> 1 | E50: 18.92 | F50: 24.6 | G50: =F50*D50 -> 24.6 | H50: 74094/001
A52: 8.0 | B52: INSTALAÇÃO HIDRÁULICA | G52: =SUM(G53:G58) -> 695.88
A53: 8.1 | B53: Ponto de água (incl. tubos e conexões) | C53: pt | D53: 1 | E53: 229.65 | F53: 229.65 | G53: =F53*D53 -> 229.65 | H53: seop abril/2013 - 180299
A54: 8.3 | B54: Registro gaveta 1/2" bruto latão - fornecimento e instalação | C54: pç | D54: ='Memoria quios 003'!F65 -> 4 | E54: 24.7 | F54: 32.11 | G54: =F54*D54 -> 128.44 | H54: 72711
A55: 8.4 | B55: Tubo PVC para esgoto predial dn 100mm - fornecimento e instalação | C55: m | D55: ='Memoria quios 003'!I66 -> 6 | E55: 16.08 | F55: 20.9 | G55: =F55*D55 -> 125.4 | H55: 74026/001
A56: 8.5 | B56: Caixa de gordura simples em concreto pré-moldado dn 40mm com tampa - fornecimento e instalação | C56: unid | D56: ='Memoria quios 003'!F67 -> 2 | E56: 58.34 | F56: 75.84 | G56: =F56*D56 -> 151.68 | H56: 74051/002
A57: 8.6 | B57: Torneira cromada longa 1/2" ou 3/4" de parede para pia, padrão popular - fornecimento e instalação | C57: unid | D57: ='Memoria quios 003'!F68 -> 1 | E57: 30.88 | F57: 40.14 | G57: =F57*D57 -> 40.14 | H57: 73949/002
A58: 8.7 | B58: Sifão plástico para lavatório ou pia tipo copo 1.1/4" - fornecimento e instalação | C58: pç | D58: ='Memoria quios 003'!F69 -> 1 | E58: 15.82 | F58: 20.57 | G58: =F58*D58 -> 20.57 | H58: 73951/001
A60: 9.0 | B60: ESQUADRIA E DIVERSOS | G60: =SUM(G61:G64) -> 4920.28
A61: 9.1 | B61: Bancada (tampo) mármore branco nacional e = 3cm, largura 50cm, polido com furo para cuba - fornecimento e instalação | C61: m | D61: ='Memoria quios 003'!I72 -> 7.5 | E61: 234.74 | F61: 305.16 | G61: =F61*D61 -> 2288.7 | H61: 74135/001
A62: 9.2 | B62: Porta de aço de enrolar ondulada chapa 24 raiada larga | C62: m² | D62: ='Memoria quios 003'!G73 -> 7.2 | E62: 178.96 | F62: 232.65 | G62: =F62*D62 -> 1675.08 | H62: 74136/003
A63: 9.3 | B63: Porta de madeira almofadada semi-oca 1a, 80x210x3cm, incluso aduela 2a , alizar 2a e dobradiças | C63: unid. | D63: ='Memoria quios 003'!F74 -> 1 | E63: 408.34 | F63: 530.84 | G63: =F63*D63 -> 530.84 | H63: 73880/002
A64: 9.4 | B64: Esquadria mad. e=3cm c/ caixilho | C64: m² | D64: ='Memoria quios 003'!G75 -> 1.08 | E64: 394.13 | F64: 394.13 | G64: =F64*D64 -> 425.66 | H64: seop abril/2013 - 090064
A66: 10.0 | B66: FORRO PVC | G66: =SUM(G67:G68) -> 226.68
A67: 10.1 | B67: Barroteamento em madeira de lei p/ forro PVC | C67: m² | D67: ='Memoria quios 003'!G78 -> 4 | E67: 31.67 | F67: 31.67 | G67: =F67*D67 -> 126.68 | H67: seop abril/2013 - 140348
A68: 10.2 | B68: Forro em lambri de PVC | C68: m² | D68: ='Memoria quios 003'!G79 -> 4 | E68: 25 | F68: 25 | G68: =F68*D68 -> 100 | H68: seop abril/2013 - 141336
A70: 11.0 | B70: PINTURA | G70: =SUM(G71:G74) -> 711.6
A71: 11.1 | B71: Emassamento com massa acrílica, uma demão | C71: m² | D71: ='Memoria quios 003'!G81 -> 29.32 | E71: 4.48 | F71: 5.82 | G71: =F71*D71 -> 170.64 | H71: 74134/001
A72: 11.2 | B72: Fundo selador acrílico, uma demão | C72: m² | D72: ='Memoria quios 003'!G82 -> 29.32 | E72: 2.19 | F72: 2.85 | G72: =F72*D72 -> 83.56 | H72: 74233/001
A73: 11.3 | B73: Pintura esmalte acetinado, duas demãos, sobre superfície metálica | C73: m² | D73: ='Memoria quios 003'!G83 -> 14.4 | E73: 12.97 | F73: 16.86 | G73: =F73*D73 -> 242.78 | H73: 73924/002
A74: 11.4 | B74: Pintura pva, duas demãos | C74: m² | D74: ='Memoria quios 003'!G84 -> 29.32 | E74: 5.63 | F74: 7.32 | G74: =F74*D74 -> 214.62 | H74: 73750/001
B75: TOTAL PARCIAL | G75: =SUM(G70,G66,G60,G52,G38,G32,G28,G26,G22,G19,G17) -> 19833.93

Sheet Memoria quiosq 002
A4: PREFEITURA MUNICIPAL DE SANTARÉM
A5: SECRETARIA MUNICIPAL DE INFRA-ESTRUTURA - SEMINFRA
A6: Av. Barão do Rio Branco, s/n - Aeroporto Velho - CEP 68.005-310 - CNPJ (MF) 05.182.233/0007-61
A7: SANTARÉM - PARÁ
A8: OBJETO | B8: QUIOSQUE OU LANCHONETE 02
A9: LOCAL | B9: PRAÇA DE EVENTOS
A10: PERIM. | B10: AV; Anísio Chave
A11: MEMÓRIA DE CÁLCULO
A13: ITEM | B13: DESCRIÇÃO DOS SERVIÇOS | C13: LARG | D13: COMP. | E13: ESP. ALT | F13: QUANT | G13: ÁREA | H13: VOLUM | I13: KG - METRO
E14: profund
C15: M | D15: M | E15: M | F15: UNID. | G15: M2 | H15: M3 | I15: M
A16: 1.0 | B16: FUNDAÇÃO E ESCAVAÇÃO
A17: 1.1 | B17: Concreto ciclopico fck=10mpa 30% pedra de mão inclusive lançamento | C17: 0.3 | D17: 25.88 | E17: 0.5 | H17: =E17*D17*C17 -> 3.88
B18: calçamento externo | C18: 0.3 | D18: 26.8 | E18: 0.5 | H18: =E18*D18*C18 -> 4.02
H19: =SUM(H17:H18) -> 7.9
A20: 2.0 | B20: ESTRUTURA
A21: 2.1 | B21: Forma tabuas madeira 3a p/ pecas concreto arm, reapr 2x, incl montagem e desmontagem. Pilares | C21: 0.2 | D21: 3.1 | E21: 4 | F21: 8 | G21: =F21*E21*D21*C21 -> 19.84
B22: Forma tabuas madeira 3a p/ pecas concreto arm, reapr 2x, incl montagem e desmontagem. Vigas | C22: 0.2 | D22: 25.88 | E22: 3 | F22: 2 | G22: =F22*E22*D22*C22 -> 31.06
G23: =SUM(G21:G22) -> 50.9
A24: 2.2 | B24: Concreto fck=20 Mpa, aparente, virado na bitoneira sem lançamento | H24: =SUM(H25:H27) -> 2.91
B25: sapata | C25: 0.4 | D25: 0.4 | E25: 0.5 | F25: 8 | H25: =C25*D25*E25*F25 -> 0.64
B26: vigas | C26: 0.2 | D26: 25.88 | E26: 0.15 | F26: 2 | H26: =C26*E26*D26*F26 -> 1.55
B27: pilares | C27: 0.15 | D27: 3 | E27: 0.2 | F27: 8 | H27: =C27*E27*D27*F27 -> 0.72
A29: 3.0 | B29: COBERTURA | C29: LARG | D29: COMP. | E29: ESP. ALT | F29: QUANT | G29: ÁREA | H29: VOLUM | I29: KG - METRO
A30: 3.1 | B30: Estrutura de madeira de lei, primeira qualidade, serrada, não aparelhada, para telhas cerâmicas, vãos de ate 7m | G30: 47.18
A31: 3.2 | B31: Cobertura em telha cerâmica tipo plan, excluindo madeiramento | G31: 47.18
A32: 3.3 | B32: Cumeeira com telha cerâmica embocada com argamassa traço 1:2:8 (cimento, cal e areia) | I32: 12
A34: 4.0 | B34: PAREDES E DIVISÓRIAS
A35: 4.1 | B35: Alvenaria em tijolo cerâmico furado 9x19x19cm, 1 vez (espessura 19 cm) , assentado em argamassa traço 1:4 (cimento e areia media não peneirada), preparo manual, junta 1 cm | G35: 62.81
A37: 5.0 | B37: REVESTIMENTO | C37: LARG | D37: COMP. | E37: ESP. ALT | F37: QUANT | G37: ÁREA | H37: VOLUM | I37: KG - METRO
A38: 5.1 | B38: Chapisco traço 1:3 (cimento e areia media), espessura 0,5cm, preparo manual da argamassa | F38: 2 | G38: =F38*G35 -> 125.62
A39: 5.2 | B39: Reboco argamassa traço 1:4,5 (cal e areia fina), espessura 0,5cm, preparo mecânico da argamassa | F39: 2 | G39: =F38*G35 -> 125.62
A40: 5.3 | B40: Revestimento com cerâmica esmaltada 20x20cm, 1a linha, padrão alto, assentada com argamassa de cimento colante e rejuntamento com cimento branco | G40: 37.04
A42: 6.0 | B42: PAVIMENTAÇÃO | C42: LARG | D42: COMP. | E42: ESP. ALT | F42: QUANT | G42: ÁREA | H42: VOLUM | I42: KG - METRO
A43: 6.1 | B43: Aterro apiloado (manual) em camadas de 20 cm com material de empréstimo | E43: 0.2 | G43: 42 | H43: =G43*E43 -> 8.4
A44: 6.2 | B44: Impermeabilização de superfície com argamassa de cimento e areia (media), traço 1:3, com aditivo impermeabilizante, e=2cm. | G44: 42
A45: 6.3 | B45: Regularização de piso/base em argamassa traço 1:3 (cimento e areia), espessura 3,0cm, preparo manual | G45: 42
A46: 6.4 | B46: Piso cerâmico pei 4 assentado sobre argamassa 1:4 (cimento e areia) rejuntado com cimento comum | G46: 10.71
A47: 6.5 | B47: Piso (calcada) em concreto (cimento/areia/seixo rolado) preparo mecânico, e espessura de 7cm, com junta de dilatação em madeira | G47: 31.29
A49: 7.0 | B49: INSTALAÇÕES ELÉTRICAS | C49: LARG | D49: COMP. | E49: ESP. ALT | F49: QUANT | G49: ÁREA | H49: VOLUM | I49: KG - METRO
A50: 7.1 | B50: Cabo de cobre isolado PVC 450/750v 10mm2 resistente a chama - fornecimento e instalação | I50: 94.13
A51: 7.2 | B51: Cabo de cobre isolado PVC 450/750v 2,5mm2 resistente a chama - fornecimento e instalação | I51: 8.67
A52: 7.3 | B52: Disjuntor termomagnético bipolar padrão nema (americano) 10 a 50a 240v, fornecimento e instalação | F52: 2
A53: 7.4 | B53: Disjuntor termomagnético monopolar padrão nema (americano) 10 a 30a 240v, fornecimento e instalação | F53: 3
A54: 7.5 | B54: Curva 90° p/ elet. F°G° 1/2" (IE) | F54: 24
A55: 7.6 | B55: Eletroduto PVC de 1/2" | I55: 33
A56: 7.7 | B56: Interruptor simples com 1 tomada universal conjugados | F56: 2
A57: 7.8 | B57: Interruptor simples de embutir 10a/250v sem placa, 1 tecla - fornecimento e instalação | F57: 2
A58: 7.9 | B58: Caixa de passagem ch. aço 200x200x100mm | F58: 5
A59: 7.10 | B59: Caixa de passagem PVC 4x2" - fornecimento e instalação | F59: 7
A60: 7.11 | B60: Tomada 2P+T 10A (s/fiaçao) | F60: 3
A61: 7.12 | B61: Luminária c/ 1 lâmpada. fluorescente 16W (sem fiação) | F61: 4
A63: 8.0 | B63: INSTALAÇÃO HIDRÁULICA | C63: LARG | D63: COMP. | E63: esp-alt. Pro | F63: QUANT | G63: ÁREA | H63: VOLUM | I63: KG - METRO
A64: 8.1 | B64: Ponto de água (incl. tubos e conexões) | F64: 4
A65: 8.2 | B65: Ponto de esgoto (incl. tubos, conexões,cx. e ralos) | F65: 4
A66: 8.3 | B66: Registro gaveta 1/2" bruto latão - fornecimento e instalação | F66: 1
A67: 8.4 | B67: Tubo PVC para esgoto predial dn 100mm - fornecimento e instalação | I67: 4
A68: 8.5 | B68: Caixa de gordura simples em concreto pré-moldado dn 40mm com tampa - fornecimento e instalação | F68: 1
A69: 8.6 | B69: Torneira cromada longa 1/2" ou 3/4" de parede para pia, padrão popular - fornecimento e instalação | F69: 1
A70: 8.7 | B70: Sifão plástico para lavatório ou pia tipo copo 1.1/4" - fornecimento e instalação | F70: 1
A71: 8.8 | B71: Cuba de aço inoxidável 40,0x34,0x11,5cm - fornecimento e instalação | F71: 1
A72: 8.9 | B72: Bancada (tampo) mármore branco nacional e = 3cm, largura 50cm, polido com furo para cuba - fornecimento e instalação | I72: 1
A73: 8.10 | B73: Sumidouro em alvenaria de tijolo cerâmico maciço diâmetro 1,20m e altura 5,00m, com tampa em concreto armado diâmetro 1,40m e espessura 10cm | F73: 1
A74: 8.11 | B74: Fossa séptica em alvenaria de tijolo cerâmico maciço dimensões externas 1,90x1,10x1,40m, 1.500 litros, revestida internamente com barra lisa, com tampa em concreto armado com espessura 8cm | F74: 1
A75: 8.12 | B75: Vaso sanitário, assento plástico, caixa de descarga PVC de sobrepor, engate plástico, tubo de descida e bolsa de borracha | F75: 2
A76: 8.13 | B76: Lavatório louca br médio luxo c/ladrão med. 55x45 rabicho cromado de 1/2", c/coluna incl acessórios de fixação.ferragens em metal cromadosifao 1680 de 1"x1.1/4" aparelho misturador 1875/c45 c/arejador válvula de escoamento 1603 rabicho em PVC. Forn | F76: 2
A78: 9.0 | B78: ESQUADRIA E DIVERSOS | C78: LARG | D78: COMP. | E78: ESP. ALT | F78: QUANT | G78: ÁREA | H78: VOLUM | I78: KG - METRO
A79: 9.1 | B79: Bancada (tampo) mármore branco nacional e = 3cm, largura 50cm, polido com furo para cuba - fornecimento e instalação | C79: 0.3 | D79: 3 | F79: 3 | I79: =D79*F79 -> 9
A80: 9.2 | B80: Porta de aço de enrolar ondulada chapa 24 raiada larga | C80: 2 | E80: 1.2 | F80: 3 | G80: =C80*E80*F80 -> 7.2
A81: 9.3 | B81: Porta de madeira almofadada semi-oca 1a, 80x210x3cm, incluso aduela 2a , alizar 2a e dobradiças | F81: 1
A82: 9.4 | B82: Esquadria mad. e=3cm c/ caixilho | C82: 1.8 | E82: 0.6 | F82: =C82*E82 -> 1.08 | G82: =F82 -> 1.08
A83: 9.5 | B83: Porta de madeira compensada lisa para pintura, 60 x 210 x 3,5cm, incluso aduela 2a, alizar 2a e dobradiça | F83: 2
A85: 10.0 | B85: FORRO PVC
A86: 10.1 | B86: Barroteamento em madeira de lei p/ forro PVC | G86: 10.47
A87: 10.2 | B87: Forro em lambri de PVC | G87: 10.47
A88: 11.0 | B88: PINTURA | C88: LARG | D88: COMP. | E88: ESP. ALT | F88: QUANT | G88: ÁREA | H88: VOLUM | I88: KG - METRO
A89: 11.1 | B89: Emassamento com massa acrílica, uma demão | G89: =G39+D89 -> 125.62
A90: 11.2 | B90: Fundo selador acrílico, uma demão | G90: =G89 -> 125.62
A91: 11.3 | B91: Pintura esmalte acetinado, duas demãos, sobre superfície metálica | E91: =G80 -> 7.2 | F91: 2 | G91: =F91*E91 -> 14.4
A92: 11.4 | B92: Pintura pva, duas demãos | G92: 125.62

Sheet Quiosq 002
A4: PREFEITURA MUNICIPAL DE SANTARÉM
A5: SECRETARIA MUNICIPAL DE INFRA-ESTRUTURA - SEMINFRA
A6: Av. Barão do Rio Branco, s/n - Aeroporto Velho - CEP 68.005-310 - CNPJ (MF) 05.182.233/0007-61
A7: SANTARÉM - PARÁ
A8: OBJETO | B8: QUIOSQUE OU LANCHONETE 02
A9: LOCAL | B9: PRAÇA DE EVENTOS
A10: PERIM. | B10: AV; Anísio Chave
A11: PLANILHA DE ORÇAMENTO
A13: ITEM | B13: DESCRIÇÃO DOS SERVIÇOS | C13: UN | D13: QUANT | E13: PREÇO. UNIT. | F13: PREÇO | G13: VALOR PARCIAL | H13: CÓDIGO SINAPI
F14: BDI | G14: (R$) | H14: 41395
F15: 0.3
A16: ITEM | B16: ESPECIFICAÇÃO | C16: UND | E16: PREÇO
A17: 1.0 | B17: FUNDAÇÃO E ESCAVAÇÃO | G17: =SUM(G18:G18) -> 3135.83
A18: 1.1 | B18: Concreto ciclopico fck=10mpa 30% pedra de mão inclusive lançamento | C18: m³ | D18: ='Memoria quiosq 002'!H19 -> 7.9 | E18: 305.34 | F18: 396.94 | G18: =D18*F18 -> 3135.83 | H18: 73361
A19: 2.0 | B19: ESTRUTURA | G19: =SUM(G20:G21) -> 3692.75
A20: 2.1 | B20: Forma tabuas madeira 3a p/ pecas concreto arm, reapr 2x, incl montagem e desmontagem. Pilares e vigas | C20: m² | D20: ='Memoria quiosq 002'!G23 -> 50.9 | E20: 33.1 | F20: 43.03 | G20: =F20*D20 -> 2190.23 | H20: 74007/002
A21: 2.2 | B21: Concreto c/ seixo Fck= 18.0 MPA (incl. preparo e lançamento) | C21: m³ | D21: ='Memoria quiosq 002'!H24 -> 2.91 | E21: 516.33 | F21: 516.33 | G21: =F21*D21 -> 1502.52 | H21: seop abril/2013 - 050260
A22: 3.0 | B22: COBERTURA | G22: =SUM(G23:G25) -> 6285.01
A23: 3.1 | B23: Estrutura de madeira de lei, primeira qualidade, serrada, não aparelhada, para telhas cerâmicas, vãos de ate 7m | C23: m² | D23: ='Memoria quiosq 002'!G30 -> 47.18 | E23: 67.35 | F23: 87.56 | G23: =D23*F23 -> 4131.08 | H23: 72077
A24: 3.2 | B24: Cobertura em telha cerâmica tipo plan, excluindo madeiramento | C24: m² | D24: ='Memoria quiosq 002'!G31 -> 47.18 | E24: 32.04 | F24: 41.65 | G24: =D24*F24 -> 1965.05 | H24: 73938/002
A25: 3.3 | B25: Cumeeira com telha cerâmica embocada com argamassa traço 1:2:8 (cimento, cal e areia) | C25: m | D25: ='Memoria quiosq 002'!I32 -> 12 | E25: 12.11 | F25: 15.74 | G25: =D25*F25 -> 188.88 | H25: 6058
A26: 4.0 | B26: PAREDES E DIVISÓRIAS | G26: =SUM(G27:G27) -> 3749.76
A27: 4.1 | B27: Alvenaria em tijolo cerâmico furado 9x19x19cm, 1 vez (espessura 19 cm) , assentado em argamassa traço 1:4 (cimento e areia media não peneirada), preparo manual, junta 1 cm | C27: m² | D27: ='Memoria quiosq 002'!G35 -> 62.81 | E27: 45.92 | F27: 59.7 | G27: =F27*D27 -> 3749.76 | H27: 73935/002
A28: 5.0 | B28: REVESTIMENTO | G28: =SUM(G29:G31) -> 3346.2
A29: 5.1 | B29: Chapisco traço 1:3 (cimento e areia media), espessura 0,5cm, preparo manual da argamassa | C29: m² | D29: ='Memoria quiosq 002'!G38 -> 125.62 | E29: 3.78 | F29: 4.91 | G29: =F29*D29 -> 616.79 | H29: 73928/002
A30: 5.2 | B30: Reboco argamassa traço 1:4,5 (cal e areia fina), espessura 0,5cm, preparo mecânico da argamassa | C30: m² | D30: ='Memoria quiosq 002'!G39 -> 125.62 | E30: 10.08 | F30: 13.1 | G30: =F30*D30 -> 1645.62 | H30: 5995
A31: 5.3 | B31: Revestimento com cerâmica esmaltada 20x20cm, 1a linha, padrão alto, assentada com argamassa de cimento colante e rejuntamento com cimento branco | C31: m² | D31: ='Memoria quiosq 002'!G40 -> 37.04 | E31: 22.51 | F31: 29.26 | G31: =F31*D31 -> 1083.79 | H31: 73912/002
A32: 6.0 | B32: PAVIMENTAÇÃO | G32: =SUM(G33:G37) -> 4440.77
A33: 6.1 | B33: Aterro apiloado (manual) em camadas de 20 cm com material de empréstimo | C33: m³ | D33: ='Memoria quiosq 002'!H43 -> 8.4 | E33: 51.81 | F33: 67.35 | G33: =D33*F33 -> 565.74 | H33: 73904/001
A34: 6.2 | B34: Impermeabilização de superfície com argamassa de cimento e areia (media), traço 1:3, com aditivo impermeabilizante, e=2cm. | C34: m² | D34: ='Memoria quiosq 002'!G44 -> 42 | E34: 24.16 | F34: 31.41 | G34: =F34*D34 -> 1319.22 | H34: 5968
A35: 6.3 | B35: Regularização de piso/base em argamassa traço 1:3 (cimento e areia), espessura 3,0cm, preparo manual | C35: m² | D35: ='Memoria quiosq 002'!G45 -> 42 | E35: 16.78 | F35: 21.81 | G35: =F35*D35 -> 916.02 | H35: 73920/002
A36: 6.4 | B36: Piso cerâmico pei 4 assentado sobre argamassa 1:4 (cimento e areia) rejuntado com cimento comum | C36: m² | D36: ='Memoria quiosq 002'!G46 -> 10.71 | E36: 33.77 | F36: 43.9 | G36: =F36*D36 -> 470.17 | H36: 74108/001
A37: 6.5 | B37: Piso (calcada) em concreto (cimento/areia/seixo rolado) preparo mecânico, e espessura de 7cm, com junta de dilatação em madeira | C37: m² | D37: ='Memoria quiosq 002'!G47 -> 31.29 | E37: 28.75 | F37: 37.38 | G37: =F37*D37 -> 1169.62 | H37: 73892/001
A38: 7.0 | B38: INSTALAÇÕES ELÉTRICAS | G38: =SUM(G39:G50) -> 4073.84
A39: 7.1 | B39: Cabo de cobre isolado PVC 450/750v 10mm2 resistente a chama - fornecimento e instalação | C39: m | D39: ='Memoria quiosq 002'!I50 -> 94.13 | E39: 7.09 | F39: 9.22 | G39: =F39*D39 -> 867.88 | H39: 73860/011
A40: 7.2 | B40: Cabo de cobre isolado PVC 450/750v 2,5mm2 resistente a chama - fornecimento e instalação | C40: m | D40: ='Memoria quiosq 002'!I51 -> 8.67 | E40: 2.12 | F40: 2.76 | G40: =F40*D40 -> 23.93 | H40: 73860/008
A41: 7.3 | B41: Disjuntor termomagnético bipolar padrão nema (americano) 10 a 50a 240v, fornecimento e instalação | C41: unid. | D41: ='Memoria quiosq 002'!F52 -> 2 | E41: 48.8 | F41: 63.44 | G41: =F41*D41 -> 126.88 | H41: 74130/003
A42: 7.4 | B42: Disjuntor termomagnético monopolar padrão nema (americano) 10 a 30a 240v, fornecimento e instalação | C42: unid. | D42: ='Memoria quiosq 002'!F53 -> 3 | E42: 8.5 | F42: 11.05 | G42: =F42*D42 -> 33.15 | H42: 74130/001
A43: 7.5 | B43: Curva 90° p/ elet. F°G° 1/2" (IE) | C43: unid. | D43: ='Memoria quiosq 002'!F54 -> 24 | E43: 10.14 | F43: 10.14 | G43: =F43*D43 -> 243.36 | H43: seop abril/2013 - 171261
A44: 7.6 | B44: Eletroduto de PVC rígido rosável dn 40mm (1 1/2") incl conexões, fornecimento e instalação | C44: m | D44: ='Memoria quiosq 002'!I55 -> 33 | E44: 13.93 | F44: 18.11 | G44: =F44*D44 -> 597.63 | H44: 55865
A45: 7.7 | B45: Interruptor simples com 1 tomada universal conjugados | C45: unid. | D45: ='Memoria quiosq 002'!F56 -> 2 | E45: 13.71 | F45: 17.82 | G45: =F45*D45 -> 35.64 | H45: 83466
A46: 7.8 | B46: Interruptor simples de embutir 10a/250v sem placa, 1 tecla - fornecimento e instalação | C46: unid. | D46: ='Memoria quiosq 002'!F57 -> 2 | E46: 6.2 | F46: 8.06 | G46: =F46*D46 -> 16.12 | H46: 72331
A47: 7.9 | B47: Caixa de passagem 60x60x70 fundo brita com tampa | C47: unid. | D47: ='Memoria quiosq 002'!F58 -> 5 | E47: 301.95 | F47: 392.54 | G47: =F47*D47 -> 1962.7 | H47: 83449
A48: 7.10 | B48: Caixa de passagem PVC 4x2" - fornecimento e instalação | C48: unid. | D48: ='Memoria quiosq 002'!F59 -> 7 | E48: 4.26 | F48: 5.54 | G48: =F48*D48 -> 38.78 | H48: 83387
A49: 7.11 | B49: Tomada de embutir 2p+t 10a/250v c/ placa - fornecimento e instalação | C49: unid. | D49: ='Memoria quiosq 002'!F60 -> 3 | E49: 7.53 | F49: 9.79 | G49: =F49*D49 -> 29.37 | H49: 83540
A50: 7.12 | B50: Luminária tipo spot para 1 lâmpada incandescente/fluorescente compacta | C50: unid. | D50: ='Memoria quiosq 002'!F61 -> 4 | E50: 18.92 | F50: 24.6 | G50: =F50*D50 -> 98.4 | H50: 74094/001
A52: 8.0 | B52: INSTALAÇÃO HIDRÁULICA | G52: =SUM(G53:G64) -> 6514.15
A53: 8.1 | B53: Ponto de água (incl. tubos e conexões) | C53: pt | D53: ='Memoria quiosq 002'!F64 -> 4 | E53: 229.65 | F53: 229.65 | G53: =F53*D53 -> 918.6 | H53: seop abril/2013 - 180299
A54: 8.2 | B54: Ponto de esgoto (incl. tubos, conexões,cx. e ralos) | C54: pt | D54: ='Memoria quiosq 002'!F65 -> 4 | E54: 231.65 | F54: 231.65 | G54: =F54*D54 -> 926.6 | H54: seop abril/2013 - 180300
A55: 8.3 | B55: Registro gaveta 1/2" bruto latão - fornecimento e instalação | C55: pç | D55: ='Memoria quiosq 002'!F66 -> 1 | E55: 24.7 | F55: 32.11 | G55: =F55*D55 -> 32.11 | H55: 72711
A56: 8.4 | B56: Tubo PVC para esgoto predial dn 100mm - fornecimento e instalação | C56: m | D56: ='Memoria quiosq 002'!I67 -> 4 | E56: 16.08 | F56: 20.9 | G56: =F56*D56 -> 83.6 | H56: 74026/001
A57: 8.5 | B57: Caixa de gordura simples em concreto pré-moldado dn 40mm com tampa - fornecimento e instalação | C57: unid | D57: ='Memoria quiosq 002'!F68 -> 1 | E57: 58.34 | F57: 75.84 | G57: =F57*D57 -> 75.84 | H57: 74051/002
A58: 8.6 | B58: Torneira cromada longa 1/2" ou 3/4" de parede para pia, padrão popular - fornecimento e instalação | C58: unid | D58: ='Memoria quiosq 002'!F69 -> 1 | E58: 30.88 | F58: 40.14 | G58: =F58*D58 -> 40.14 | H58: 73949/002
A59: 8.7 | B59: Sifão plástico para lavatório ou pia tipo copo 1.1/4" - fornecimento e instalação | C59: pç | D59: ='Memoria quiosq 002'!F70 -> 1 | E59: 15.82 | F59: 20.57 | G59: =F59*D59 -> 20.57 | H59: 73951/001
A60: 8.8 | B60: Cuba de aço inoxidável 40,0x34,0x11,5cm - fornecimento e instalação | C60: =C58 -> unid | D60: ='Memoria quiosq 002'!F71 -> 1 | E60: 64.61 | F60: 83.99 | G60: =F60*D60 -> 83.99 | H60: 74129/003
A61: 8.9 | B61: Sumidouro em alvenaria de tijolo cerâmico maciço diâmetro 1,20m e altura 5,00m, com tampa em concreto armado diâmetro 1,40m e espessura 10cm | C61: unid | D61: ='Memoria quiosq 002'!F73 -> 1 | E61: 1310.33 | F61: 1703.43 | G61: =F61*D61 -> 1703.43 | H61: 74198/001
A62: 8.10 | B62: Fossa séptica em alvenaria de tijolo cerâmico maciço dimensões externas 1,90x1,10x1,40m, 1.500 litros, revestida internamente com barra lisa, com tampa em concreto armado com espessura 8cm | C62: unid | D62: ='Memoria quiosq 002'!F74 -> 1 | E62: 991.04 | F62: 1288.35 | G62: =F62*D62 -> 1288.35 | H62: 74197/001
A63: 8.11 | B63: Vaso sanitário, assento plástico, caixa de descarga PVC de sobrepor, engate plástico, tubo de descida e bolsa de borracha | C63: unid | D63: ='Memoria quiosq 002'!F75 -> 2 | E63: 184.18 | F63: 239.43 | G63: =F63*D63 -> 478.86 | H63: 74101/001
A64: 8.12 | B64: Lavatório louca br médio luxo c/ladrão med. 55x45 rabicho cromado de 1/2", c/coluna incl acessórios de fixação.ferragens em metal cromadosifao 1680 de 1"x1.1/4" aparelho misturador 1875/c45 c/arejador válvula de escoamento 1603 rabicho em PVC. Forn | C64: unid | D64: ='Memoria quiosq 002'!F76 -> 2 | E64: 331.56 | F64: 431.03 | G64: =F64*D64 -> 862.06 | H64: 73947/001
A67: 9.0 | B67: ESQUADRIA E DIVERSOS | G67: =SUM(G68:G72) -> 5976.04
A68: 9.1 | B68: Bancada (tampo) mármore branco nacional e = 3cm, largura 50cm, polido com furo para cuba - fornecimento e instalação | C68: m | D68: ='Memoria quiosq 002'!I79 -> 9 | E68: 234.74 | F68: 305.16 | G68: =F68*D68 -> 2746.44 | H68: 74135/001
A69: 9.2 | B69: Porta de aço de enrolar ondulada chapa 24 raiada larga | C69: m² | D69: ='Memoria quiosq 002'!G80 -> 7.2 | E69: 178.96 | F69: 232.65 | G69: =F69*D69 -> 1675.08 | H69: 74136/003
A70: 9.3 | B70: Porta de madeira almofadada semi-oca 1a, 80x210x3cm, incluso aduela 2a , alizar 2a e dobradiças | C70: unid. | D70: ='Memoria quiosq 002'!F81 -> 1 | E70: 408.34 | F70: 530.84 | G70: =F70*D70 -> 530.84 | H70: 73880/002
A71: 9.4 | B71: Esquadria mad. e=3cm c/ caixilho | C71: m² | D71: 1.08 | E71: 394.13 | F71: 394.13 | G71: =F71*D71 -> 425.66 | H71: seop abril/2013 - 090064
A72: 9.5 | B72: Porta de madeira compensada lisa para pintura, 60 x 210 x 3,5cm, incluso aduela 2a, alizar 2a e dobradiça | C72: unid. | D72: ='Memoria quiosq 002'!F83 -> 2 | E72: 230.01 | F72: 299.01 | G72: =F72*D72 -> 598.02 | H72: 73910/001
A74: 10.0 | B74: FORRO PVC | G74: =SUM(G75:G76) -> 593.33
A75: 10.1 | B75: Barroteamento em madeira de lei p/ forro PVC | C75: m² | D75: ='Memoria quiosq 002'!G86 -> 10.47 | E75: 31.67 | F75: 31.67 | G75: =F75*D75 -> 331.58 | H75: seop abril/2013 - 140348
A76: 10.2 | B76: Forro em lambri de PVC | C76: m² | D76: ='Memoria quiosq 002'!G87 -> 10.47 | E76: 25 | F76: 25 | G76: =F76*D76 -> 261.75 | H76: seop abril/2013 - 141336
A78: 11.0 | B78: PINTURA | G78: =SUM(G79:G82) -> 2251.45
A79: 11.1 | B79: Emassamento com massa acrílica, uma demão | C79: m² | D79: ='Memoria quiosq 002'!G89 -> 125.62 | E79: 4.48 | F79: 5.82 | G79: =F79*D79 -> 731.11 | H79: 74134/001
A80: 11.2 | B80: Fundo selador acrílico, uma demão | C80: m² | D80: ='Memoria quiosq 002'!G90 -> 125.62 | E80: 2.19 | F80: 2.85 | G80: =F80*D80 -> 358.02 | H80: 74233/001
A81: 11.3 | B81: Pintura esmalte acetinado, duas demãos, sobre superfície metálica | C81: m² | D81: ='Memoria quiosq 002'!G91 -> 14.4 | E81: 12.97 | F81: 16.86 | G81: =F81*D81 -> 242.78 | H81: 73924/002
A82: 11.4 | B82: Pintura pva, duas demãos | C82: m² | D82: ='Memoria quiosq 002'!G92 -> 125.62 | E82: 5.63 | F82: 7.32 | G82: =F82*D82 -> 919.54 | H82: 73750/001
B83: TOTAL PARCIAL | G83: =SUM(G78,G74,G67,G52,G38,G32,G28,G26,G22,G19,G17) -> 44059.13

Sheet Memoria banheiro
A7: PREFEITURA MUNICIPAL DE SANTARÉM
A8: SECRETARIA MUNICIPAL DE INFRA-ESTRUTURA - SEMINFRA
A9: Av. Barão do Rio Branco, s/n - Aeroporto Velho - CEP 68.005-310 - CNPJ (MF) 05.182.233/0007-61
A10: SANTARÉM - PARÁ
A11: OBJETO | B11: BANHEIRO PÚBLICO
A12: LOCAL | B12: PRAÇA DE EVENTOS
A13: PERIM. | B13: AV; Anísio Chave
A14: MEMÓRIA DE CÁLCULO
A16: ITEM | B16: DESCRIÇÃO DOS SERVIÇOS | C16: LARG | D16: COMP. | E16: ESP. ALT | F16: QUANT | G16: ÁREA | H16: VOLUM | I16: KG - METRO
E17: profund
C18: M | D18: M | E18: M | F18: UNID. | G18: M2 | H18: M3 | I18: M
A19: 1.0 | B19: FUNDAÇÃO E ESCAVAÇÃO
A20: 1.1 | B20: Alicerce e baldrame c/ concreto ciclópico c/ 30% pedra de mão e arg, incl, escavação | C20: 0.3 | D20: 37.15 | E20: 0.5 | H20: =E20*D20*C20 -> 5.57
B21: alicerce da calçada | C21: 0.3 | D21: 28.57 | E21: 0.5 | H21: =E21*D21*C21 -> 4.29
H22: =SUM(H20:H21) -> 9.86
A23: 2.0 | B23: ESTRUTURA
A24: 2.1 | B24: Forma madeira compens. 12mm p/ concreto aparente e desforma pilar | C24: 0.2 | D24: 3.1 | F24: 8 | G24: =F24*D24*C24 -> 4.96
B25: Forma madeira compens. 12mm p/ concreto aparente e desforma viga | C25: 0.2 | D25: 23.76 | F25: 8 | G25: =F25*D25*C25 -> 38.02
G26: =SUM(G24:G25) -> 42.98
B27: pilares | C27: 0.12 | D27: 3 | E27: 0.15 | F27: 4 | H27: =F27*E27*D27*C27 -> 0.22
B28: face da viga | C28: 0.15 | D28: 23.76 | E28: 0.2 | F28: 2 | H28: =F28*E28*D28*C28 -> 1.43
H29: =SUM(H27:H28) -> 1.65
A31: 3.0 | B31: COBERTURA | C31: LARG | D31: COMP. | E31: ESP. ALT | F31: QUANT | G31: ÁREA | H31: VOLUM | I31: KG - METRO
A32: 3.1 | B32: Estrutura de madeira de lei 1ª, c/ tacaniça, terças, flechal,cáibros, ripas e mão francesa | G32: 74.46
A33: 3.2 | B33: Cobertura em telha de barro | G33: 74.46
A34: 3.3 | B34: Cumeeira de barro inclusive encaliçamento | I34: 15.33
A35: 4.0 | B35: PAREDES E DIVISÓRIAS
A36: 4.1 | B36: Alvenaria de tijolo singelc/ 6 furos, assent. c/ arg 1:4 | D36: 37.15 | E36: 3
G37: =E36*D36 -> 111.45
A38: 5.0 | B38: REVESTIMENTO | C38: LARG | D38: COMP. | E38: ESP. ALT | F38: QUANT | G38: ÁREA | H38: VOLUM | I38: KG - METRO
A39: 5.1 | B39: Chapisco traço arg; 1:3 esp-5mm | F39: 2 | G39: =G37*F39 -> 222.9
A40: 5.2 | B40: Reboco traço arg; 1;5 liso | F40: 2 | G40: =G37*F40 -> 222.9
A41: 5.3 | B41: Cerâmica esmaltada 20x20cm, incl, rejunte | G41: 74
A42: 6.0 | B42: PAVIMENTAÇÃO | C42: LARG | D42: COMP. | E42: ESP. ALT | F42: QUANT | G42: ÁREA | H42: VOLUM | I42: KG - METRO
A43: 6.1 | B43: Aterro compactado manual | E43: 0.2 | G43: 32.57 | H43: =G43*E43 -> 6.51
A44: 6.2 | B44: Camada impermeab. c/ lastro de concreto e pedra esp 10cm | G44: 32.57
A45: 6.3 | B45: Camada regularizadora c/ traço de arg esp- 3cm | G45: 32.57
A46: 6.4 | B46: Piso ceramico GRES 1A PEI-4 30X30 cm, incl rejunte, e rodpé ( interno) | G46: 32
A47: 6.5 | B47: Piso (calcada) em concreto (cimento/areia/seixo rolado) preparo mecânico, e espessura de 7cm, com junta de dilatação em madeira | G47: 31.43
A48: 7.0 | B48: INSTALAÇÕES ELÉTRICAS | C48: LARG | D48: COMP. | E48: ESP. ALT | F48: QUANT | G48: ÁREA | H48: VOLUM | I48: KG - METRO
A49: 7.1 | B49: Interruptor simples com 1 tomada universal conjugados | F49: 2
A50: 7.2 | B50: Disjuntor termomagnético monopolar padrão nema (americano) 10 a 30a 240v, fornecimento e instalação | F50: 3
A51: 7.3 | B51: Curva 90° p/ elet. F°G° 1/2" (IE) | F51: 16
A52: 7.4 | B52: Eletroduto PVC de 1/2" | I52: 48
A53: 7.5 | B53: Cabo de cobre isolado PVC 450/750v 2,5mm2 resistente a chama - fornecimento e instalação | I53: 117.84
A54: 7.6 | B54: Cabo de cobre isolado PVC 450/750v 6mm2 resistente a chama - fornecimento e instalação | I54: 6.75
A55: 7.7 | B55: Quadro de distribuição de energia de embutir, em chapa metálica, para 3 disjuntores termomagnéticos monopolares sem barramento fornecimento e instalação | F55: 1
A56: 7.8 | B56: Caixa de passagem PVC 4x2" - fornecimento e instalação | F56: 9
A57: 7.9 | B57: Interruptor simples de embutir 10a/250v sem placa, 1 tecla - fornecimento e instalação | F57: 7
A58: 7.10 | B58: Caixa de passagem ch. aço 200x200x100mm | F58: 13
A59: 7.11 | B59: Luminária c/ 1 lâmpada. fluorescente 16W (sem fiação) | F59: 12
A61: 8.0 | B61: INSTALAÇÃO HIDRÁULICA | C61: LARG | D61: COMP. | E61: esp-alt. Pro | F61: QUANT | G61: ÁREA | H61: VOLUM | I61: KG - METRO
A62: 8.1 | B62: Ponto de água fria 1/2, c/ tubo pvc soldável até 5,00m conexões | F62: 10
A63: 8.2 | B63: Ponto de esgoto c/ tubo pvc 100 e 50mm, incl. Conexões | F63: 10
A64: 8.3 | B64: Registro de gaveta de pvc 1/2 | F64: 4
A65: 8.4 | B65: Tubo PVC esgoto de100mm | I65: 12
A66: 8.5 | B66: Vaso sanitario louça c/ assento e caixa descarga plastica completa | F66: 6
A67: 8.6 | B67: Lavatorio c/ coluna de louça engate valvula sifão e torneira | F67: 6
A68: 8.7 | B68: Porta papel , sanoneteira, cabide , toalha e guardanapo dde aço inox | F68: 6
A69: 8.8 | B69: Caixa sifonada pvc 100x100x50mm | F69: 10
A70: 8.9 | B70: Caixa inspeção med; 60x60, tampa de concreto | F70: 4
A71: 8.10 | B71: Caixa de fibra de 1000 litro. Frange e tubo de 32mm regist e curva | F71: 1
A72: 8.11 | B72: Barra inox 3/4 x 1m deficiente banh | F72: 2
A73: 8.12 | B73: Registro de 3/4 pvc | F73: 3
A74: 8.13 | B74: Chuveiro plastico longo | F74: 2
A75: 8.14 | B75: tubo PVC soldável de 3/4 e conexões | I75: 20
A76: 9.0 | B76: ESQUADRIA E DIVERSOS | C76: LARG | D76: COMP. | E76: ESP. ALT | F76: QUANT | G76: ÁREA | H76: VOLUM | I76: KG - METRO
A77: 9.1 | B77: Porta de madeira compensada lisa para cera/verniz, 0,90x2,10m, incluso aduela 1a, alizar 1a e dobradiça com anel | F77: 4
A78: 9.2 | B78: Porta de madeira almofadada semi-oca 1a, 80x210x3cm, incluso aduela 2a , alizar 2a e dobradiças | F78: 1
A79: 9.3 | B79: Porta veneziana de madeira med; 0,60 x 2,10m, caixilho e fechadura e dobradiças alizar | F79: 6
A80: 9.4 | B80: Balacin basculante de alumino p/ vidro | D80: 1.4 | E80: 0.6 | F80: 4 | G80: =F80*E80*D80 -> 3.36
A81: 9.4 | I81: =G81+G80 -> 3.36
A82: 9.5 | B82: Vidro inolor e-6mm | G82: =I81 -> 3.36
A83: 9.6 | B83: Equadria de madeira pestana da ventilação da cobert | C83: 1.8 | E83: 0.6 | F83: =C83*E83 -> 1.08 | G83: =F83 -> 1.08
A84: 9.7 | B84: Equadria de madeira pestana p/ deposito de entrada
A85: 10.0 | B85: FORRO PVC
A86: 10.1 | B86: Forro pvc larg- 10cm esp-8mm | C86: 5 | D86: 6.5 | G86: =D86*C86 -> 32.5
A87: 10.2 | B87: Entarugamento de madeira | C87: 5 | D87: 6.5 | G87: =D87*C87 -> 32.5
A88: 11.0 | B88: PINTURA | C88: LARG | D88: COMP. | E88: ESP. ALT | F88: QUANT | G88: ÁREA | H88: VOLUM | I88: KG - METRO
A89: 11.1 | B89: Emassamento nas parede acrilica | D89: =G29 -> 0 | G89: =G40+D89 -> 222.9
A90: 11.2 | B90: Selador acrilico interno e externo em alvenaria | G90: =G89 -> 222.9
A91: 11.3 | B91: Pintura esmalte acetinado em madeira, duas demãos | G91: =G90 -> 222.9
A92: 11.4 | B92: Pintura verniz polieuret. Brilhante 3 de mãos madeira porta e esquad. | C92: =0.6*2.1*6 -> 7.56 | D92: =0.9*2.1 -> 1.89 | E92: =D92+D93 -> 1.89 | F92: 2 | G92: =C92+E92*F92 -> 11.34

Sheet Banheiro
A4: PREFEITURA MUNICIPAL DE SANTARÉM
A5: SECRETARIA MUNICIPAL DE INFRA-ESTRUTURA - SEMINFRA
A6: Av. Barão do Rio Branco, s/n - Aeroporto Velho - CEP 68.005-310 - CNPJ (MF) 05.182.233/0007-61
A7: SANTARÉM - PARÁ
A8: OBJETO | B8: BANHEIRO PÚBLICO
A9: LOCAL | B9: PRAÇA DE EVENTOS
A10: PERIM. | B10: AV; Anísio Chave
A11: PLANILHA DE ORÇAMENTO
A13: ITEM | B13: DESCRIÇÃO DOS SERVIÇOS | C13: UN | D13: QUANT | E13: PREÇO. UNIT. | F13: PREÇO | G13: VALOR PARCIAL | H13: CÓDIGO SINAPI
F14: BDI | G14: (R$) | H14: 41395
F15: 0.3
A16: ITEM | B16: ESPECIFICAÇÃO | C16: UND | E16: PREÇO
A17: 1.0 | B17: FUNDAÇÃO E ESCAVAÇÃO | G17: =SUM(G18:G18) -> 3913.83
A18: 1.1 | B18: Concreto ciclopico fck=10mpa 30% pedra de mão inclusive lançamento | C18: m³ | D18: ='Memoria banheiro'!H22 -> 9.86 | E18: 305.34 | F18: 396.94 | G18: =D18*F18 -> 3913.83 | H18: 73361
A19: 2.0 | B19: ESTRUTURA | G19: =SUM(G20:G21) -> 2701.37
A20: 2.1 | B20: Forma tabuas madeira 3a p/ pecas concreto arm, reapr 2x, incl montagem e desmontagem. | C20: m² | D20: ='Memoria banheiro'!G26 -> 42.98 | E20: 33.1 | F20: 43.03 | G20: =F20*D20 -> 1849.43 | H20: 74007/002
A21: 2.2 | B21: Concreto c/ seixo Fck= 18.0 MPA (incl. preparo e lançamento) pilar e viga | C21: m³ | D21: ='Memoria banheiro'!H29 -> 1.65 | E21: 516.33 | F21: 516.33 | G21: =F21*D21 -> 851.94 | H21: seop abril/2013 - 50260
A22: 3.0 | B22: COBERTURA | G22: =SUM(G23:G25) -> 9862.27
A23: 3.1 | B23: Estrutura de madeira de lei, primeira qualidade, serrada, não aparelhada, para telhas cerâmicas, vãos de ate 7m | C23: m² | D23: ='Memoria banheiro'!G32 -> 74.46 | E23: 67.35 | F23: 87.56 | G23: =D23*F23 -> 6519.72 | H23: 72077
A24: 3.2 | B24: Cobertura em telha cerâmica tipo plan, excluindo madeiramento | C24: m² | D24: ='Memoria banheiro'!G33 -> 74.46 | E24: 32.04 | F24: 41.65 | G24: =D24*F24 -> 3101.26 | H24: 73938/002
A25: 3.3 | B25: Cumeeira com telha cerâmica embocada com argamassa traço 1:2:8 (cimento, cal e areia | C25: m | D25: ='Memoria banheiro'!I34 -> 15.33 | E25: 12.11 | F25: 15.74 | G25: =D25*F25 -> 241.29 | H25: 6058
A26: 4.0 | B26: PAREDES E DIVISÓRIAS | G26: =SUM(G27:G27) -> 6653.57
A27: 4.1 | B27: Alvenaria em tijolo cerâmico furado 9x19x19cm, 1 vez (espessura 19 cm) , assentado em argamassa traço 1:4 (cimento e areia media não peneirada), preparo manual, junta 1 cm | C27: m² | D27: ='Memoria banheiro'!G37 -> 111.45 | E27: 45.92 | F27: 59.7 | G27: =F27*D27 -> 6653.57 | H27: 73935/002
A28: 5.0 | B28: REVESTIMENTO | G28: =SUM(G29:G31) -> 6179.67
A29: 5.1 | B29: Chapisco traço 1:3 (cimento e areia media), espessura 0,5cm, preparo manual da argamassa | C29: m² | D29: ='Memoria banheiro'!G39 -> 222.9 | E29: 3.78 | F29: 4.91 | G29: =F29*D29 -> 1094.44 | H29: 73928/002
A30: 5.2 | B30: Reboco argamassa traço 1:4,5 (cal e areia fina), espessura 0,5cm, preparo mecânico da argamassa | C30: m² | D30: ='Memoria banheiro'!G40 -> 222.9 | E30: 10.08 | F30: 13.1 | G30: =F30*D30 -> 2919.99 | H30: 5995
A31: 5.4 | B31: Revestimento com cerâmica esmaltada 20x20cm, 1a linha, padrão alto, assentada com argamassa de cimento colante e rejuntamento com cimento branco | C31: m² | D31: ='Memoria banheiro'!G41 -> 74 | E31: 22.51 | F31: 29.26 | G31: =F31*D31 -> 2165.24 | H31: 73912/002
A32: 6.0 | B32: PAVIMENTAÇÃO | G32: =SUM(G33:G37) -> 4751.47
A33: 6.1 | B33: Aterro apiloado (manual) em camadas de 20 cm com material de empréstimo | C33: m³ | D33: ='Memoria banheiro'!H43 -> 6.51 | E33: 51.81 | F33: 67.35 | G33: =F33*D33 -> 438.45 | H33: 73904/001
A34: 6.2 | B34: Impermeabilização de superfície com argamassa de cimento e areia (media), traço 1:3, com aditivo impermeabilizante, e=2cm. | C34: m² | D34: ='Memoria banheiro'!G44 -> 32.57 | E34: 24.16 | F34: 31.41 | G34: =F34*D34 -> 1023.02 | H34: 5968
A35: 6.3 | B35: Regularização de piso/base em argamassa traço 1:3 (cimento e areia), espessura 3,0cm, preparo manual | C35: m² | D35: ='Memoria banheiro'!G45 -> 32.57 | E35: 16.78 | F35: 21.81 | G35: =F35*D35 -> 710.35 | H35: 73920/002
A36: 6.4 | B36: Piso cerâmico pei 4 assentado sobre argamassa 1:4 (cimento e areia) rejuntado com cimento comum | C36: m² | D36: ='Memoria banheiro'!G46 -> 32 | E36: 33.77 | F36: 43.9 | G36: =F36*D36 -> 1404.8 | H36: 74108/001
A37: 6.5 | B37: Piso (calcada) em concreto (cimento/areia/seixo rolado) preparo mecânico, e espessura de 7cm, com junta de dilatação em madeira | C37: m² | D37: ='Memoria banheiro'!G47 -> 31.43 | E37: 28.75 | F37: 37.38 | G37: =F37*D37 -> 1174.85 | H37: 73892/001
A39: 7.0 | B39: INSTALAÇÕES ELÉTRICAS | G39: =SUM(G40:G50) -> 2311.56
A40: 7.1 | B40: Interruptor simples com 1 tomada universal conjugados | C40: unid. | D40: ='Memoria banheiro'!F49 -> 2 | E40: 13.71 | F40: 17.82 | G40: =F40*D40 -> 35.64 | H40: 83466
A41: 7.2 | B41: Disjuntor termomagnético monopolar padrão nema (americano) 10 a 30a 240v, fornecimento e instalação | C41: unid. | D41: ='Memoria banheiro'!F50 -> 3 | E41: 8.5 | F41: 11.05 | G41: =F41*D41 -> 33.15 | H41: 74130/001
A42: 7.3 | B42: Curva 90° p/ elet. F°G° 1/2" (IE) | C42: unid. | D42: ='Memoria banheiro'!F51 -> 16 | E42: 10.14 | F42: 10.14 | G42: =F42*D42 -> 162.24 | H42: seop abril/2013 171261
A43: 7.4 | B43: Eletroduto PVC de 1/2" | C43: m | D43: ='Memoria banheiro'!I52 -> 48 | E43: 5.2 | F43: 5.2 | G43: =F43*D43 -> 249.6 | H43: seop abril/2013 170075
A44: 7.5 | B44: Cabo de cobre isolado PVC 450/750v 2,5mm2 resistente a chama - fornecimento e instalação | C44: m | D44: ='Memoria banheiro'!I53 -> 117.84 | E44: 2.12 | F44: 2.76 | G44: =F44*D44 -> 325.24 | H44: 73860/008
A45: 7.6 | B45: Cabo de cobre isolado PVC 450/750v 6mm2 resistente a chama - fornecimento e instalação | C45: m | D45: ='Memoria banheiro'!I54 -> 6.75 | E45: 4.46 | F45: 5.8 | G45: =F45*D45 -> 39.15 | H45: 73860/010
A46: 7.7 | B46: Quadro de distribuição de energia de embutir, em chapa metálica, para 3 disjuntores termomagnéticos monopolares sem barramento fornecimento e instalação | C46: unid. | D46: ='Memoria banheiro'!F55 -> 1 | E46: 30.58 | F46: 39.75 | G46: =F46*D46 -> 39.75 | H46: 74131/001
A47: 7.8 | B47: Caixa de passagem PVC 4x2" - fornecimento e instalação | C47: unid. | D47: ='Memoria banheiro'!F56 -> 9 | E47: 4.26 | F47: 5.54 | G47: =F47*D47 -> 49.86 | H47: 83387
A48: 7.9 | B48: Interruptor simples de embutir 10a/250v sem placa, 1 tecla - fornecimento e instalação | C48: unid. | D48: ='Memoria banheiro'!F57 -> 7 | E48: 6.2 | F48: 8.06 | G48: =F48*D48 -> 56.42 | H48: 72331
A49: 7.10 | B49: Caixa de passagem ch. aço 200x200x100mm | C49: unid. | D49: ='Memoria banheiro'!F58 -> 13 | E49: 54.87 | F49: 54.87 | G49: =F49*D49 -> 713.31 | H49: seop abril/2013 170325
A50: 7.11 | B50: Luminária c/ 1 lâmpada. fluorescente 16W (sem fiação) | C50: unid. | D50: ='Memoria banheiro'!F59 -> 12 | E50: 50.6 | F50: 50.6 | G50: =F50*D50 -> 607.2 | H50: seop abril/2013 170326
A52: 8.0 | B52: INSTALAÇÃO HIDRÁULICA | G52: =SUM(G53:G66) -> 11900.07
A53: 8.1 | B53: Ponto de água (incl. tubos e conexões) | C53: pt | D53: ='Memoria banheiro'!F62 -> 10 | E53: 229.65 | F53: 229.65 | G53: =F53*D53 -> 2296.5 | H53: seop abril/2013 180299
A54: 8.2 | B54: Ponto de esgoto (incl. tubos, conexões,cx. e ralos) | C54: pt | D54: ='Memoria banheiro'!F63 -> 10 | E54: 231.65 | F54: 231.65 | G54: =F54*D54 -> 2316.5 | H54: seop abril/2013 180214
A55: 8.3 | B55: Registro gaveta 1/2" bruto latão - fornecimento e instalação | C55: pç | D55: ='Memoria banheiro'!F64 -> 4 | E55: 24.7 | F55: 32.11 | G55: =F55*D55 -> 128.44 | H55: 72711
A56: 8.4 | B56: Tubo PVC para esgoto predial dn 100mm - fornecimento e instalação | C56: m | D56: 12 | E56: 16.08 | F56: 20.9 | G56: =F56*D56 -> 250.8 | H56: 74026/001
A57: 8.5 | B57: Vaso sanitário, assento plástico, caixa de descarga PVC de sobrepor, engate plástico, tubo de descida e bolsa de borracha | C57: unid. | D57: 6 | E57: 184.18 | F57: 239.43 | G57: =F57*D57 -> 1436.58 | H57: 74101/001
A58: 8.6 | B58: Lavatório louca br médio luxo c/ladrão med. 55x45 rabicho cromado de 1/2", c/coluna incl acessórios de fixação.ferragens em metal cromadosifao 1680 de 1"x1.1/4" aparelho misturador 1875/c45 c/arejador válvula de escoamento 1603 rabicho em PVC. Forn | C58: unid. | D58: 6 | E58: 331.56 | F58: 431.03 | G58: =F58*D58 -> 2586.18 | H58: 73947/001
A59: 8.7 | B59: Porta papel de louça | C59: unid. | D59: 6 | E59: 36.15 | F59: 36.15 | G59: =F59*D59 -> 216.9 | H59: seop abril/2013 190088
A60: 8.8 | B60: Caixa sifonada em PVC 100x100x50mm simples - fornecimento e instalação | C60: unid. | D60: 10 | E60: 27.64 | F60: 35.93 | G60: =F60*D60 -> 359.3 | H60: 72292
A61: 8.9 | B61: Caixa de inspeção em alvenaria de tijolo maciço 60x60x60cm, revestida internamento com barra lisa (cimento e areia, traço 1:4) e=2,0cm, com tampa pré-moldada de concreto e fundo de concreto 15mpa tipo c - escavação e confecção | C61: unid. | D61: 4 | E61: 128.79 | F61: 167.43 | G61: =F61*D61 -> 669.72 | H61: 74104/001
A62: 8.10 | B62: Reserv. de fibroc. Cap=1000l c/acessórios | C62: unid. | D62: 1 | E62: 507.33 | F62: 659.53 | G62: =F62*D62 -> 659.53 | H62: 73735/001
A63: 8.11 | B63: Barra em aço inox (PNE) | C63: unid. | D63: 2 | E63: 241.41 | F63: 241.41 | G63: =F63*D63 -> 482.82 | H63: seop abril/2013 190716
A64: 8.12 | B64: Registro pressão 3/4" com canopla acabamento cromado simples - fornecimento e instalação | C64: unid. | D64: 3 | E64: 48.83 | F64: 63.48 | G64: =F64*D64 -> 190.44 | H64: 73975/001
A65: 8.13 | B65: Chuveiro plástico branco simples - fornecimento e instalação | C65: unid. | D65: 2 | E65: 10.6 | F65: 13.78 | G65: =F65*D65 -> 27.56 | H65: 68061
A66: 8.14 | B66: Tubo PVC soldável água fria dn 25mm, inclusive conexões - fornecimento e instalação | C66: m | D66: 20 | E66: 10.72 | F66: 13.94 | G66: =F66*D66 -> 278.8 | H66: 75030/001
A67: 9.0 | B67: ESQUADRIA E DIVERSOS | G67: =SUM(G68:G72) -> 6328.09
A68: 9.1 | B68: Porta de madeira compensada lisa para cera/verniz, 0,90x2,10m, incluso aduela 1a, alizar 1a e dobradiça com anel | C68: unid. | D68: ='Memoria banheiro'!F77 -> 4 | E68: 380.61 | F68: 494.79 | G68: =F68*D68 -> 1979.16 | H68: 73910/007
A69: 9.1 | B69: Porta de madeira almofadada semi-oca 1a, 80x210x3cm, incluso aduela 2a , alizar 2a e dobradiças | C69: unid. | D69: ='Memoria banheiro'!F78 -> 1 | E69: 408.34 | F69: 530.84 | G69: =F69*D69 -> 530.84 | H69: 73880/002
A70: 9.2 | B70: Porta de madeira compensada lisa para pintura, 60 x 210 x 3,5cm, incluso aduela 2a, alizar 2a e dobradiça | C70: unid. | D70: ='Memoria banheiro'!F79 -> 6 | E70: 230.01 | F70: 299.01 | G70: =F70*D70 -> 1794.06 | H70: 73910/001
A71: 9.3 | B71: Janela alumínio, basculante, serie 25 | C71: m² | D71: 3.36 | E71: 301.74 | F71: 392.26 | G71: =F71*D71 -> 1317.99 | H71: 68052
A72: 9.4 | B72: Vidro temperado incolor, espessura 6mm, fornecimento e instalação, inclusive massa para vedação | C72: m² | D72: 3.36 | E72: 161.64 | F72: 210.13 | G72: =F72*D72 -> 706.04 | H72: 72118
A73: 10.0 | B73: FORRO PVC | G73: =SUM(G74:G75) -> 1813.44
A74: 10.1 | B74: Barroteamento em madeira de lei p/ forro PVC | C74: m² | D74: 32 | E74: 31.67 | F74: 31.67 | G74: =F74*D74 -> 1013.44 | H74: seop abril/2013 140348
A75: 10.2 | B75: Forro em lambri de PVC | C75: m² | D75: 32 | E75: 25 | F75: 25 | G75: =F75*D75 -> 800 | H75: seop abril/2013 141336
A77: 11.0 | B77: PINTURA | G77: =SUM(G78:G81) -> 4707.5
A78: 11.2 | B78: Emassamento com massa acrílica, uma demão | C78: m² | D78: ='Memoria banheiro'!G89 -> 222.9 | E78: 4.48 | F78: 5.82 | G78: =F78*D78 -> 1297.28 | H78: 74134/001
A79: 11.3 | B79: Fundo selador acrílico, uma demão | C79: m² | D79: ='Memoria banheiro'!G90 -> 222.9 | E79: 2.19 | F79: 2.85 | G79: =F79*D79 -> 635.27 | H79: 74233/001
A80: 11.4 | B80: Pintura esmalte acetinado em madeira, duas demãos | C80: m² | D80: ='Memoria banheiro'!G91 -> 222.9 | E80: 8.88 | F80: 11.54 | G80: =F80*D80 -> 2572.27 | H80: 73739/001
A81: 11.5 | B81: Pintura verniz polieuret. Brilhante 3 de mãos madeira porta e esquad. | C81: m² | D81: 19.34 | E81: 8.06 | F81: 10.48 | G81: =F81*D81 -> 202.68 | H81: 6082
B82: TOTAL PARCIAL | G82: =SUM(G77,G73,G67,G52,G39,G32,G28,G26,G22,G19,G17) -> 61122.84
